Workbook
Name _AFC1: #REF!
Name _AFC1: #REF!
Name _AFC1: [1]INV!$A$25:$D$28
Name _AFC1: #REF!
Name _AFC1: #REF!
Name _AFC3: #REF!
Name _AFC3: #REF!
Name _AFC3: [1]INV!$F$25:$I$28
Name _AFC3: #REF!
Name _AFC3: #REF!
Name _AFC5: #REF!
Name _AFC5: #REF!
Name _AFC5: [1]INV!$K$25:$N$28
Name _AFC5: #REF!
Name _AFC5: #REF!
Name _BGC1: #REF!
Name _BGC1: #REF!
Name _BGC1: [1]INV!$A$5:$D$8
Name _BGC1: #REF!
Name _BGC1: #REF!
Name _BGC3: #REF!
Name _BGC3: #REF!
Name _BGC3: [1]INV!$F$5:$I$8
Name _BGC3: #REF!
Name _BGC3: #REF!
Name _BGC5: #REF!
Name _BGC5: #REF!
Name _BGC5: [1]INV!$K$5:$N$8
Name _BGC5: #REF!
Name _BGC5: #REF!
Name _CAC1: #REF!
Name _CAC1: #REF!
Name _CAC1: [1]INV!$A$19:$D$22
Name _CAC1: #REF!
Name _CAC1: #REF!
Name _CAC3: #REF!
Name _CAC3: #REF!
Name _CAC3: [1]INV!$F$19:$I$22
Name _CAC3: #REF!
Name _CAC3: #REF!
Name _CAC5: #REF!
Name _CAC5: #REF!
Name _CAC5: [1]INV!$K$19:$N$22
Name _CAC5: #REF!
Name _CAC5: #REF!
Name _Cod1: #REF!
Name _Cod1: #REF!
Name _Cod1: #REF!
Name _Cod1: #REF!
Name _Cod1: #REF!
Name _Cod1: #REF!
Name _Cod1: #REF!
Name _Cod1: #REF!
Name _Cod1: #REF!
Name _Cod1: #REF!
Name _Cod1: #REF!
Name _Cod1: #REF!
Name _Cod1: #REF!
Name _Cod1: #REF!
Name _Cod1: #REF!

Sheet Instructivo
C1: SISTEMA DE GESTIÓN INTEGRAL - SGI
C2: INSTRUCTIVO - COMPONENTE FINANCIERO EP
C3: CÓDIGO: F-PGC-21 | G3: VERSIÓN: 04
A5: Color | B5: Hoja | D5: Color | E5: Celda
A6: Gris | B6: Informativa | D6: Azul | E6: Protegida
A7: Vinotinto | B7: Formatos
A8: Morado | B8: Variables
A10: Para un mejor diligenciamiento de los formatos y uso de las variables y hojas informativas que se encuentran en este libro, se recomienda, antes de empezar a diligenciar, leer el instructivo, que se encuentra consignado en la presente hoja, igualmente, cada hoja contiene un número significativo de comentarios, los cuales, pretenden ayudar al diligenciamiento, se recomienda leerlos y aplicarlos de manera atenta. En caso de requerir apoyo, favor comunicarse con el asesor(a) financiero(a) asignado para el proceso.
A12: HOJAS INFORMATIVAS
A13: Nombre | D13: Descripción
A14: Cuantías de contratación (por pluralidad de oferentes) | D14: En la hoja se encuentran los valores establecidos anualmente, para identificar dentro de la contratación por pluralidad de oferentes, de acuerdo al valor del presupuesto, si se clasifica dentro de una mínima cuantía, menor cuantía o licitación pública, en los casos que aplique.
A15: Documentos de apoyo | D15: En la hoja se encuentran listas enunciativas de documentos de apoyo, que pueden presentar interés, al igual, que guíar el accionar en el ámbito general de la contratación pública y específico de la asesoría financiera a la misma. Se deberá considerar que las listas no son exhaustivas, es decir, no contemplan todos los documentos de cada categoría, al igual, que depende de la actualización constante de la Subdirección Administrativa y Financiera.
A16: Impuestos y garantías | D16: En la hoja se encuentra una lista enunciativa de los impuestos y las garantías en los que puede incurrir el ejecutor, las cuales dependen de la especificidad del proceso. La lista es de carácter informativa en caso que se emitan consultas al respecto.
A17: Información anticipos y pagos anticipados | D17: En la hoja se encuentra una corta explicación sobre la consideración normativa de los anticipos y pagos anticipados, que tiene como objeto orientar respecto a este tema de frecuente consulta e inquietud; tema sobre el cual, se requiere tener claridad para la estipulación de la ejecución física y financiera de los procesos.
A18: Información procesos de obra pública y capacidad residual (K) | D18: En la hoja se encuentra una corta explicación sobre los procesos de obra, y el cálculo de la capacidad residual (K) en los casos que se requiera, que tiene como objeto suministrar información de interés general respecto a este tema de frecuente consulta e inquietud; tener en cuenta que este tema es de competencia tanto jurídica como técnica y financiera.
A19: Información IVA | D19: En la hoja se encuentra una corta explicación sobre las consideraciones respecto al IVA, que tiene como objeto orientar respecto a este tema de frecuente consulta e inquietud.
A20: Notas propuesta económica | D20: En la hoja se encuentra una lista enunciativa de notas, las cuales deberán ser elegidas de acuerdo a la especificidad del proceso contractual, con el fin de incluirlas en el formato de propuesta económica. Las notas tienen como objeto orientar a los oferentes en el diligenciamiento de dicho formato.
A21: Requisitos habilitantes capacidad financiera y organizacional | D21: En la hoja se encuentran los requisitos de capacidad financiera y organizacional vigentes
A23: FORMATOS (PARA DILIGENCIAR) | I23: DILIGENCIAR EN CASO DE:
A24: Nombre | D24: Descripción | I24: Contratos por contratación directa | J24: Contratos por pluralidad de oferentes | K24: Convenios
A25: DILIGENCIAR PARA EVALUACIÓN POR PARTE DEL COMITÉ DE CONTRATACIÓN (Asesor técnico)
A26: Se recomienda que el asesor técnico para la planeación financiera del proceso contractual, empiece con el diligenciamiento paralelo de la memoria de cálculo con su debido estudio de mercado, para seguir con la estipulación de los gastos de administración, si aplican. En un segundo momento, se recomienda diligenciar, el presupuesto de acuerdo a la modalidad del proceso, y el plan de ejecución física y de inversiones. El técnico podrá anexar al presente libro las hojas que considere necesarias con el fin de suportar la estimación de los valores. NOTA: Se recomienda iniciar escribiendo en el formato del Plan de ejecución los datos básicos de modalidad de contratación y objeto a contratar, ya que está información alimenta a las demás hojas.
A27: Plan de ejecución física y de inversiones | D27: Diligenciar la programación física y financiera del proceso, tanto en la étapa inicial, como en el caso de solicitud de Otrosí de adición de recursos o prórroga, o cuando el Otrosí de modificación implique cambios en el presupuesto. | I27: X | J27: X | K27: X
A28: Plan de ejecución física y de inversiones - Prestación de Servicios Personales | D28: Diligenciar exclusivamente para los contratos de Prestación de Servicios Personales que suscribe la Corporación con una persona natural. Este formato simplificado permite la programación física y financiera del proceso, tanto en la étapa inicial, como en el caso de solicitud de Otrosí de adición de recursos o prórroga, o cuando el Otrosí de modificación implique cambios en el presupuesto. | I28: X
A29: Presupuesto - Modalidad contrato | D29: Diligenciar en caso que el proceso se tipifique dentro de las modalidades de contratos. El presupuesto es un documento donde se plasman los recursos económicos requeridos para llevar a cabo de manera exitosa el proceso contractual. | I29: X | J29: X
A30: Presupuesto - Modalidad contrato - Prestación de Servicios Personales | D30: Diligenciar exclusivamente para los contratos de Prestación de Servicios Personales que suscribe la Corporación con una persona natural. En este formato simplificado se plasma el presupuesto, donde se relacionan los recursos económicos requeridos para llevar a cabo de manera exitosa el proceso contractual. | I30: X
A31: Presupuesto - Modalidad convenio | D31: Diligenciar en caso que el proceso se tipifique dentro de las modalidades de convenios. El presupuesto es un documento donde se plasman los recursos económicos requeridos para llevar a cabo de manera exitosa el proceso contractual. | K31: X
A32: Memoria de cálculo - Opción 1 | D32: Diligenciar de acuerdo a las características del proceso, alcance y/o actividad. La memoria de cálculo es un documento descriptivo donde se refleja de manera exhaustiva y detallada, todos y cada uno de los elementos que intervienen en el proceso, alcance y/o actividad que se está valorando. Esta memoria de cálculo es útil para la compra de productos terminados, bienes con características homogéneas, o bienes y servicios que se valoren a todo costo, entre otras opciones, por ejemplo: compra de equipos o insumos. Nota: Tener en cuenta que para valorar una variable o ítem se utiliza una sola memoria de cálculo y no las tres opciones, por ejemplo, si se quiere valorar la adquisición de 1 equipo de cómputo, dicha adquisición se deja consignada en solo una de las memorias de cálculo, no se tiene que utilizar las tres opciones para este mismo ítem. | I32: Se seleccionará el formato de memoria de cálculo que mejor se adapte a las características del proceso, alcance y/o actividad a valorar.
A33: Memoria de cálculo - Opción 2 | D33: Diligenciar de acuerdo a las características del proceso, alcance y/o actividad. La memoria de cálculo es un documento descriptivo donde se refleja de manera exhaustiva y detallada, todos y cada uno de los elementos que intervienen en el proceso, alcance y/o actividad que se está valorando. Esta memoria de cálculo es útil para los procesos de obra. Nota: Tener en cuenta que para valorar una variable o ítem se utiliza una sola memoria de cálculo y no las tres opciones, por ejemplo, si se quiere valorar la adquisición de 1 equipo de cómputo, dicha adquisición se deja consignada en solo una de las memorias de cálculo, no se tiene que utilizar las tres opciones para este mismo ítem.
A34: Memoria de cálculo - Opción 3 | D34: Diligenciar de acuerdo a las características del proceso, alcance y/o actividad. La memoria de cálculo es un documento descriptivo donde se refleja de manera exhaustiva y detallada, todos y cada uno de los elementos que intervienen en el proceso, alcance y/o actividad que se está valorando. Esta memoria de cálculo es útil para procesos que requieran detallar todos los elementos del costo, por ejemplo, realización de talleres, donde se debe considerar los materiales, los refrigerios, alquiler de equipos, entre otros. Nota: Tener en cuenta que para valorar una variable o ítem se utiliza una sola memoria de cálculo y no las tres opciones, por ejemplo, si se quiere valorar la adquisición de 1 equipo de cómputo, dicha adquisición se deja consignada en solo una de las memorias de cálculo, no se tiene que utilizar las tres opciones para este mismo ítem.
A35: Estudio de mercado | D35: Un estudio de mercado es el proceso mediante el cual, se recoge y análiza información que sirve para identificar las características, valores y condiciones del bien o servicio a adquirir, con el fin de obtenerlos acuerdo a las estipulaciones del mercado, bajo el principio de plena competencia. En la corporación el estudio de mercado se realiza mediante la identificación de valores por medio de cotizaciones debidamente radicadas, valores históricos de los bienes y servicios de interés, recolección de información de sitios de internet soportados con los debidos pantallazos, y demás información de diferentes fuentes con sus correspondientes medios de verificación. El estudio de mercado no se puede confundir con el estudio de sector, este último, requerido solo para algunos procesos contractuales. En el estudio de mercado, pueden hacer parte, debidamente soportados o en todo caso que permita realizar la trazabilidad, los valores establecidos en otros procesos contractuales para los mismos bienes y servicios, de la misma vigencia o de anteriores vigencias, en caso de utilizar valores de vigencias anteriores se deberá realizar la respectiva actualización con la inflación anual de la o las vigencias pasadas. | I35: X | J35: X | K35: X
A36: Determinación de gastos de administración | D36: Diligenciar para determinar el porcentaje de los gastos de administración o administración del proceso, de acuerdo a las características del mismo, considerando no tener duplicidad en ítems ya contemplados en el presupuesto general del proceso. | I36: X | J36: X | K36: X
A37: Identificación de bienes nacionales relevantes | D37: Diligenciar para identificar los bienes nacionales relevantes en los procesos que apliquen. | J37: X
A38: DILIGENCIAR COMO PARTE DE LOS DOCUMENTOS A SUBIR A LA PLATAFORMA SECOP (Asesor financiero)
A39: Propuesta económica - Opción 1 | D39: Diligenciar con el objeto de suministrarle a los oferentes la estructura y condiciones de la presentación de las respectivas propuestas económicas, se recomienda su uso para procesos que se hayan planeado en el formato memoria de cálculo - opción 1. | J39: X
A40: Propuesta económica - Opción 2 | D40: Diligenciar con el objeto de suministrarle a los oferentes la estructura y condiciones de la presentación de las respectivas propuestas económicas, se recomienda su uso para procesos que se hayan planeado en el formato memoria de cálculo - opción 2. | J40: X
A41: Propuesta económica - Opción 3 | D41: Diligenciar con el objeto de suministrarle a los oferentes la estructura y condiciones de la presentación de las respectivas propuestas económicas, se recomienda su uso para procesos que se hayan planeado en el formato memoria de cálculo - opción 3. | J41: X
A42: Estimación PAB comparación absoluta | D42: Diligenciar con el objeto realizar el acta del Precio Artificialmente Bajo (PAB). La cual, se elabora paralelamente con el formato de propuesta económica para el proceso. | J42: X
A43: DILIGENCIAR PARA EVALUACIÓN FINANCIERA DE OFERENTES (Asesor financiero)
A44: Verificación de requisitos habilitantes de los proponentes sobre capacidad financiera y organizacional | D44: Diligenciar con el fin de consignar la verificación de los requisitos habilitantes de los proponentes, sobre capacidad financiera y organizacional, en los casos que apliquen. | J44: X
A45: Estimación PAB comparación relativa | D45: Diligenciar solamente en el caso que sea necesario aplicar la metodología de comparación relativa, es decir, cuando se hayan presentado más de 5 ofertas, con el fin de evaluar los PAB de los oferentes. | J45: X
A46: DILIGENCIAR EN CASO DE PROCESOS DE SELECCIÓN ABREVIADA POR SUBASTA INVERSA (Asesor financiero)
A47: Subasta inversa - Análisis de habilitados | D47: Diligenciar (de manera física o virtual) en caso de realizarse una subasta inversa | J47: X
A48: Subasta inversa presencial - Análisis de lances | D48: Diligenciar (de manera física o virtual) en caso de realizarse una subasta inversa presencial | J48: X
A49: Subasta inversa presencial - Lances de precios | D49: Imprimir para diligenciar de manera física por parte de los oferentes, en caso de realizarse una subasta inversa presencial | J49: X
A50: Subasta inversa presencial - Declinación de lances | D50: Imprimir para diligenciar de manera física por parte de los oferentes, en caso de realizarse una subasta inversa presencial | J50: X
A52: VARIABLES (ESTIPULACIÓN DE VALORES DE CARÁCTER CORPORATIVO)
A53: Nombre | D53: Descripción
A54: Valores de gastos de desplazamiento y manutención | D54: Determinación de los valores de los gastos de desplazamiento (transporte) y manutención (alimentación y/o alojamiento) a reconocer en las comisiones que se requieran realizar en la ejecución del proceso contractual.
A55: Valores de honorarios (prestadores de servicios) | D55: Determinación de los valores para el reconocimiento de los honorarios a pagar en el caso de vinculación por contrato de prestación de servicios personales (contrato civil).
A56: Valores de jornales | D56: Determinación de los valores para el reconocimiento del pago, cuando el mismo se realiza de manera diaria al trabajador.
A57: Valores de salarios | D57: Determinación de los valores de los salarios percibidos por el personal con vinculación laboral a la corporación, estos valores se utilizan únicamente para cuantificar el aporte en especie corporativo de su personal, en los casos que aplique.
A58: Valores de alimentación | D58: Determinación de los valores a reconocer por el suministro de alimentación, tales como refrigerios y almuerzos, entre otros.
A59: Valores de distintivos corporativos | D59: Determinación de los valores a reconocer por el suministro de distintivos corporativos, tales como gorras, pavas, camisetas, chalecos, entre otros.
A61: Nota 1: El presente libro en excel contiene los formatos y variables de frecuente y general uso para la planeación financiera de los procesos contractuales de la entidad, los mismos se diligenciarán y utilizarán de acuerdo a la especificidad del proceso, el diligenciamiento es de responsabilidad del técnico del proceso (a excepción de los formatos donde expresamente se señale que el diligenciamiento es por el asesor financiero), el cual, tendrá acompañamiento por parte del respectivo asesor financiero del proceso. En caso de no requerir una o varias hojas del presente libro, favor ocultarlas (no eliminarlas).
A62: Nota 2: En los contratos por pluralidad de oferentes al momento de subir el presente libro a la plataforma SECOP, el asesor jurídico y el asesor técnico deberán coordinar con el asesor financiero las hojas del presente libro a publicar y su debida protección, considerando que se recomienda dejar visibles las hojas que hayan sido diligenciadas o se hayan utilizado para el diligenciamiento del presupuesto y el soporte de las estimaciones del mismo, en los casos que se puedan, lo que implica que las demás hojas se deben ocultar, y el libro proteger, con el fin de evitar confusiones innecesarias a los posibles oferentes. Así mismo, con el fin de proporcionarles claridades a las oferentes, se publicará la hoja de propuesta económica que estos deben diligenciar aparte del libro con las hojas de la planeación del proceso, y se debe ocultar la hoja de la estimación del PAB por comparación absoluta. En todo caso, para la publicación de la información, se debe considerar lo dispuesto en el Decreto 1510 de 2013 artículos 19 y 20.
A63: Nota 3: La actualización del presente libro es responsabilidad de la Subdirección Administrativa y Financiera, quien actualizará los formatos en caso de alguna novedad, y actualizará las variables a inicio de cada año con la expedición del respectivo memorando, en caso de las variables que se actualicen por parte de otras dependencias, por ejemplo, costos de alimentación por parte de la Subdirección de Cultura y Participación, o Distintivos por parte de la Subdirección de Comunicaciones, la Subdirección Administrativa y Financiera actualizará la variable posterior a que la subdirección encargada emita el memorando, para estos casos, si hay cambio de vigencia (de un año a otro), se utilizará el valor que actualmente esté establecido por memorando, actualizado con la inflación anual de la o las vigencias pasadas, cifra a expresar redondeada a la centena más cercana.

Sheet Plan de Ejecución PSA 
C1: SISTEMA DE GESTIÓN INTEGRAL - SGI | L1: Instructivo
C2: COMPONENTE FINANCIERO EP - PLAN DE EJECUCIÓN FÍSICA Y DE INVERSIONES
C3: CÓDIGO: F-PGC-21 | H3: =+[9]Instructivo!G3 -> VERSIÓN: 04
A5: MODALIDAD DE CONTRATACIÓN: | C5: Convenio Interadministrativo | L5: =C5 -> Convenio Interadministrativo
A6: OBJETO A CONTRATAR: | C6: Aunar esfuerzos con el municipio de Heliconia para ejecución de las metas planteadas en el Plan de Acción 2024-2027 "Conectados por la vida" | L6: =C6 -> Aunar esfuerzos con el municipio de Heliconia para ejecución de las metas planteadas en el Plan de Acción 2024-2027 "Conectados por la vida"
A8: CONTRATISTA/CONVENIANTE: | C8: Heliconia
A9: NOMBRE DEL TÉCNICO (A):
A10: DURACIÓN Y/O PLAZO DEL CONTRATO (MESES): | C10: 3
A11: PERIODO DE PROGRAMACIÓN Y SEGUIMIENTO: | C11: 3
A13: PROGRAMACIÓN FÍSICA
B14: Descripción | C14: % de importancia | D14: % de importancia subactividades | E14: Unidad de medida | F14: Cantidad Programada | G14: Distribución física
G15: Período 1 | H15: Período 2 | I15: Período 3 | J15: Período 4 | K15: Período 5
A16: META/ PRODUCTO A OBTENER: | L16: =F16-SUM(G16:K16) -> 0
A17: Alcance 1 | B17: pago po PSA | C17: 1 | G17: =G18+G21+G25+G28+G31 -> 5 | H17: =SUM(H33,H39) -> 2 | I17: =SUM(I63,I69,I75) -> 5 | J17: =J18+J21+J25+J28+J31 -> 2 | L17: =F17-SUM(G17:K17) -> -14
A18: Actividad 1.1 | B18: Validar técnica y jurídicamente los aliados al esquema de pago por servicios ambientales, los cuales serán aprobados mediante los comités técnicos que se desarrollen para este fin. | C18: 0.16 | G18: =SUM(G19:G20) -> 2 | H18: =SUM(H19:H20) -> 0 | I18: =SUM(I19:I20) -> 0 | J18: =SUM(J19:J20) -> 0 | K18: =SUM(K19:K20) -> 0 | L18: =F18-SUM(G18:K18) -> -2
A19: Subactividad 1.1.1 | B19: Se presentará un (1) informe donde: Se compilen los resultados del proceso de la revisión jurídica (cuando se presenten alteraciones en el área de conservación, caso de muerte o venta del predio) y técnica, con las respectivas observaciones de cada caso; y las proyecciones de pagos respectivos durante el tiempo del convenio, sujetos al cumplimiento de los acuerdos de conservación. | C19: 0.08 | D19: 0.08 | E19: Informe | F19: 1 | G19: 1 | L19: =F19-SUM(G19:K19) -> 0
A20: Subactividad 1.1.2 | B20: Se presentará un acta de comité técnico, celebrado entre los conveniantes, en el cual se realizará una revisión, verificación y aprobación de las familias que continuarán en el proceso de acuerdo a los criterios de priorización; además se tomarán las decisiones pertinentes para finalizar el proceso de los aliados que hayan incumplido los acuerdos de conservación o cualquier parámetro establecido en el decreto 953. | C20: 0.08 | D20: 0.08 | E20: Informe | F20: 1 | G20: 1 | L20: =F20-SUM(G20:K20) -> 0
A21: Actividad 1.2 | B21: Actualización de acuerdos de voluntades. | C21: 0.17 | G21: =SUM(G22:G24) -> 3 | H21: =SUM(H22:H24) -> 0 | I21: =SUM(I22:I24) -> 0 | J21: =SUM(J22:J24) -> 0 | K21: =SUM(K22:K24) -> 0 | L21: =F21-SUM(G21:K21) -> -3
A22: Subactividad 1.2.1 | B22: Formalización de ciento cincuenta (150) actas de compromiso en las áreas estratégicas de estudio. | C22: 0.06 | D22: 0.06 | E22: Informe | F22: 1 | G22: 1 | L22: =F22-SUM(G22:K22) -> 0
A23: Subactividad 1.2.2 | B23: Un (1) informe con el análisis jurídico de la documentación de cada uno de los predios a los cuales se le formaliza el acta de compromiso, incluyendo certificados que acrediten la titularidad, posesión o tenencia. | C23: 0.06 | D23: 0.06 | E23: Informe | F23: 1 | G23: 1 | L23: =F23-SUM(G23:K23) -> 0
A24: Subactividad 1.2.3 | B24: Archivo digital y físico que contenga para cada beneficiario: o Certificado que acredite la titularidad, posesión o tenencia. o Certificado de cuenta bancaria no mayor a 60 días. o Acta de compromiso firmada por cada beneficiario. o Metodología a implementar para el pago en especie por beneficiario. | C24: 0.05 | D24: 0.05 | E24: Informe | F24: 1 | G24: 1 | L24: =F24-SUM(G24:K24) -> 0
A25: Actividad 1.3 | G25: =SUM(G26:G27) -> 0 | H25: =SUM(H26:H27) -> 0 | I25: =SUM(I26:I27) -> 2 | J25: =SUM(J26:J27) -> 0 | K25: =SUM(K26:K27) -> 0 | L25: =F25-SUM(G25:K25) -> -2
A26: Subactividad 1.3.1 | E26: Informe | F26: 1 | I26: 1 | L26: =F26-SUM(G26:K26) -> 0
A27: Subactividad 1.3.2 | E27: Informe | F27: 1 | I27: 1 | L27: =F27-SUM(G27:K27) -> 0
A28: Actividad 1.4 | G28: =SUM(G29:G30) -> 0 | H28: =SUM(H29:H30) -> 0 | I28: =SUM(I29:I30) -> 0 | J28: =SUM(J29:J30) -> 2 | K28: =SUM(K29:K30) -> 0 | L28: =F28-SUM(G28:K28) -> -2
A29: Subactividad 1.4.1 | E29: Informe | F29: 1 | J29: 1 | L29: =F29-SUM(G29:K29) -> 0
A30: Subactividad 1.4.2 | E30: Informe | F30: 1 | J30: 1 | L30: =F30-SUM(G30:K30) -> 0
A31: Actividad 1.5 | G31: =SUM(G32:G32) -> 0 | H31: =SUM(H32:H32) -> 0 | I31: =SUM(I32:I32) -> 0 | J31: =SUM(J32:J32) -> 0 | K31: =SUM(K32:K32) -> 1 | L31: =F31-SUM(G31:K31) -> -1
A32: Subactividad 1.5.1 | E32: Informe | F32: 1 | K32: 1 | L32: =F32-SUM(G32:K32) -> 0
A33: Actividad 1.3 | B33: Formalizar acuerdos de preservación individuales | C33: 0.16 | G33: =SUM(G34:G38) -> 0 | H33: =SUM(H34:H38) -> 1 | I33: =SUM(I34:I38) -> 0 | J33: =SUM(J34:J38) -> 0 | K33: =SUM(K34:K38) -> 0 | L33: =F33-SUM(G33:K33) -> -1
A34: Subactividad 1.3.1 | B34: Se entregarán los acuerdos debidamente firmados y legalizados. Se presenta un informe general, detallando el número de familias, el número de hectáreas conservadas y los presupuestos finales de pagos. | C34: 0.16 | D34: 0.16 | E34: Informe | F34: 1 | H34: 1 | L34: =F34-SUM(G34:K34) -> 0
A35: Subactividad 2.1.2 | D35: =C35*$C$33*#REF! -> #REF! | L35: =F35-SUM(G35:K35) -> 0
A36: Subactividad 2.1.3 | D36: =C36*$C$33*#REF! -> #REF! | L36: =F36-SUM(G36:K36) -> 0
A37: Subactividad 2.1.4 | D37: =C37*$C$33*#REF! -> #REF! | L37: =F37-SUM(G37:K37) -> 0
A38: Subactividad 2.1.5 | D38: =C38*$C$33*#REF! -> #REF! | L38: =F38-SUM(G38:K38) -> 0
A39: Actividad 1.4 | B39: Revisar cuentas bancarias y realizar pagos. | C39: 0.17 | G39: =SUM(G40:G44) -> 0 | H39: =SUM(H40:H44) -> 1 | I39: =SUM(I40:I44) -> 0 | J39: =SUM(J40:J44) -> 0 | K39: =SUM(K40:K44) -> 0 | L39: =F39-SUM(G39:K39) -> -1
A40: Subactividad 1.4.1 | B40: Se entregará un (1) informe del estado de los pagos y soportes financieros, novedades, retiros de aliados, pagos totales, seguros asignados y porcentaje de ejecución de planes de inversión en general cualquier movimiento en el balance total de pagos y aliados. | C40: 0.17 | D40: 0.17 | E40: Informe | F40: 1 | H40: 1 | L40: =F40-SUM(G40:K40) -> 0
A41: Subactividad 2.2.2 | D41: =C41*$C$39*#REF! -> #REF! | L41: =F41-SUM(G41:K41) -> 0
A42: Subactividad 2.2.3 | D42: =C42*$C$39*#REF! -> #REF! | L42: =F42-SUM(G42:K42) -> 0
A43: Subactividad 2.2.4 | D43: =C43*$C$39*#REF! -> #REF! | L43: =F43-SUM(G43:K43) -> 0
A44: Subactividad 2.2.5 | D44: =C44*$C$39*#REF! -> #REF! | L44: =F44-SUM(G44:K44) -> 0
A45: Actividad 2.3 | G45: =SUM(G46:G50) -> 0 | H45: =SUM(H46:H50) -> 0 | I45: =SUM(I46:I50) -> 0 | J45: =SUM(J46:J50) -> 0 | K45: =SUM(K46:K50) -> 0 | L45: =F45-SUM(G45:K45) -> 0
A46: Subactividad 2.3.1 | D46: =C46*$C$45*#REF! -> #REF! | L46: =F46-SUM(G46:K46) -> 0
A47: Subactividad 2.3.2 | D47: =C47*$C$45*#REF! -> #REF! | L47: =F47-SUM(G47:K47) -> 0
A48: Subactividad 2.3.3 | D48: =C48*$C$45*#REF! -> #REF! | L48: =F48-SUM(G48:K48) -> 0
A49: Subactividad 2.3.4 | D49: =C49*$C$45*#REF! -> #REF! | L49: =F49-SUM(G49:K49) -> 0
A50: Subactividad 2.3.5 | D50: =C50*$C$45*#REF! -> #REF! | L50: =F50-SUM(G50:K50) -> 0
A51: Actividad 2.4 | G51: =SUM(G52:G56) -> 0 | H51: =SUM(H52:H56) -> 0 | I51: =SUM(I52:I56) -> 0 | J51: =SUM(J52:J56) -> 0 | K51: =SUM(K52:K56) -> 0 | L51: =F51-SUM(G51:K51) -> 0
A52: Subactividad 2.4.1 | D52: =C52*$C$51*#REF! -> #REF! | L52: =F52-SUM(G52:K52) -> 0
A53: Subactividad 2.4.2 | D53: =C53*$C$51*#REF! -> #REF! | L53: =F53-SUM(G53:K53) -> 0
A54: Subactividad 2.4.3 | D54: =C54*$C$51*#REF! -> #REF! | L54: =F54-SUM(G54:K54) -> 0
A55: Subactividad 2.4.4 | D55: =C55*$C$51*#REF! -> #REF! | L55: =F55-SUM(G55:K55) -> 0
A56: Subactividad 2.4.5 | D56: =C56*$C$51*#REF! -> #REF! | L56: =F56-SUM(G56:K56) -> 0
A57: Actividad 2.5 | G57: =SUM(G58:G62) -> 0 | H57: =SUM(H58:H62) -> 0 | I57: =SUM(I58:I62) -> 0 | J57: =SUM(J58:J62) -> 0 | K57: =SUM(K58:K62) -> 0 | L57: =F57-SUM(G57:K57) -> 0
A58: Subactividad 2.5.1 | D58: =C58*$C$57*#REF! -> #REF! | L58: =F58-SUM(G58:K58) -> 0
A59: Subactividad 2.5.2 | D59: =C59*$C$57*#REF! -> #REF! | L59: =F59-SUM(G59:K59) -> 0
A60: Subactividad 2.5.3 | D60: =C60*$C$57*#REF! -> #REF! | L60: =F60-SUM(G60:K60) -> 0
A61: Subactividad 2.5.4 | D61: =C61*$C$57*#REF! -> #REF! | L61: =F61-SUM(G61:K61) -> 0
A62: Subactividad 2.5.5 | D62: =C62*$C$57*#REF! -> #REF! | L62: =F62-SUM(G62:K62) -> 0
A63: Actividad 1.5 | B63: Acciones de control y seguimiento ambiental al territorio a los predios caracterizados. | C63: 0.11 | G63: =SUM(G64:G68) -> 0 | H63: =SUM(H64:H68) -> 0 | I63: =SUM(I64:I68) -> 3 | J63: =SUM(J64:J68) -> 0 | K63: =SUM(K64:K68) -> 0 | L63: =F63-SUM(G63:K63) -> -3
A64: Subactividad 1.5.1 | B64: Una (1) base de datos consolidada con la información correspondiente a la visita de seguimiento de los beneficiarios vinculados al esquema PSA. | C64: 0.04 | D64: 0.04 | E64: Informe | F64: 1 | I64: 1 | L64: =F64-SUM(G64:K64) -> 0
A65: Subactividad 1.5.2 | B65: Un (1) informe técnico por cada predio objeto de control y seguimiento y que cuente con trámite ambiental vigente, establecido en los formatos del Sistema de Gestión Integral – SGI de Corantioquia. | C65: 0.04 | D65: 0.04 | E65: Informe | F65: 1 | I65: 1 | L65: =F65-SUM(G65:K65) -> 0
A66: Subactividad 1.5.3 | B66: Un (1) informe, donde se recopile la información de los predios donde se esté realizando aprovechamiento de los recursos naturales, sin el respectivo permiso por la Corporación. | C66: 0.03 | D66: 0.04 | E66: Informe | F66: 1 | I66: 1 | L66: =F66-SUM(G66:K66) -> 0
A67: Subactividad 3.1.4 | D67: =C67*$C$63*#REF! -> #REF! | L67: =F67-SUM(G67:K67) -> 0
A68: Subactividad 3.1.5 | D68: =C68*$C$63*#REF! -> #REF! | L68: =F68-SUM(G68:K68) -> 0
A69: Actividad 1.6 | B69: Georreferenciar. | C69: 0.11 | G69: =SUM(G70:G74) -> 0 | H69: =SUM(H70:H74) -> 0 | I69: =SUM(I70:I74) -> 1 | J69: =SUM(J70:J74) -> 0 | K69: =SUM(K70:K74) -> 0 | L69: =F69-SUM(G69:K69) -> -1
A70: Subactividad 1.6.1 | B70: Se entregará la información pertinente, con los parámetros establecidos por la Corporación para la presentación de Geodatabase con la georeferencia de los PSA en formatos KMZ y/o Shape para la consolidación en el Sistema de Información Geográfica SIG. | C70: 0.11 | D70: 0.11 | E70: Informe | F70: 1 | I70: 1 | L70: =F70-SUM(G70:K70) -> 0
A71: Subactividad 3.2.2 | D71: =C71*$C$69*#REF! -> #REF! | L71: =F71-SUM(G71:K71) -> 0
A72: Subactividad 3.2.3 | D72: =C72*$C$69*#REF! -> #REF! | L72: =F72-SUM(G72:K72) -> 0
A73: Subactividad 3.2.4 | D73: =C73*$C$69*#REF! -> #REF! | L73: =F73-SUM(G73:K73) -> 0
A74: Subactividad 3.2.5 | D74: =C74*$C$69*#REF! -> #REF! | L74: =F74-SUM(G74:K74) -> 0
A75: Actividad 1.7 | B75: Reportar los avances del convenio, remitiendo la información de los esquemas de PSA a la autoridad ambiental. | C75: 0.12 | G75: =SUM(G76:G80) -> 0 | H75: =SUM(H76:H80) -> 0 | I75: =SUM(I76:I80) -> 1 | J75: =SUM(J76:J80) -> 0 | K75: =SUM(K76:K80) -> 0 | L75: =F75-SUM(G75:K75) -> -1
A76: Subactividad 1.7.1 | B76: Se presentará un (1) informe bimestral y el plan operativo de inversiones (POI), donde se reporten los avances financieros y técnicos. | C76: 0.11 | D76: 0.11 | E76: Informe | F76: 1 | I76: 1 | L76: =F76-SUM(G76:K76) -> 0
A77: Subactividad 3.3.2 | D77: =C77*$C$75*#REF! -> #REF! | L77: =F77-SUM(G77:K77) -> 0
A78: Subactividad 3.3.3 | D78: =C78*$C$75*#REF! -> #REF! | L78: =F78-SUM(G78:K78) -> 0
A79: Subactividad 3.3.4 | D79: =C79*$C$75*#REF! -> #REF! | L79: =F79-SUM(G79:K79) -> 0
A80: Subactividad 3.3.5 | D80: =C80*$C$75*#REF! -> #REF! | L80: =F80-SUM(G80:K80) -> 0
A81: Actividad 3.4 | G81: =SUM(G82:G86) -> 0 | H81: =SUM(H82:H86) -> 0 | I81: =SUM(I82:I86) -> 0 | J81: =SUM(J82:J86) -> 0 | K81: =SUM(K82:K86) -> 0 | L81: =F81-SUM(G81:K81) -> 0
A82: Subactividad 3.4.1 | D82: =C82*$C$81*#REF! -> #REF! | L82: =F82-SUM(G82:K82) -> 0
A83: Subactividad 3.4.2 | D83: =C83*$C$81*#REF! -> #REF! | L83: =F83-SUM(G83:K83) -> 0
A84: Subactividad 3.4.3 | D84: =C84*$C$81*#REF! -> #REF! | L84: =F84-SUM(G84:K84) -> 0
A85: Subactividad 3.4.4 | D85: =C85*$C$81*#REF! -> #REF! | L85: =F85-SUM(G85:K85) -> 0
A86: Subactividad 3.4.5 | D86: =C86*$C$81*#REF! -> #REF! | L86: =F86-SUM(G86:K86) -> 0
A87: Actividad 3.5 | G87: =SUM(G88:G92) -> 0 | H87: =SUM(H88:H92) -> 0 | I87: =SUM(I88:I92) -> 0 | J87: =SUM(J88:J92) -> 0 | K87: =SUM(K88:K92) -> 0 | L87: =F87-SUM(G87:K87) -> 0
A88: Subactividad 3.5.1 | D88: =C88*$C$87*#REF! -> #REF! | L88: =F88-SUM(G88:K88) -> 0
A89: Subactividad 3.5.2 | D89: =C89*$C$87*#REF! -> #REF! | L89: =F89-SUM(G89:K89) -> 0
A90: Subactividad 3.5.3 | D90: =C90*$C$87*#REF! -> #REF! | L90: =F90-SUM(G90:K90) -> 0
A91: Subactividad 3.5.4 | D91: =C91*$C$87*#REF! -> #REF! | L91: =F91-SUM(G91:K91) -> 0
A92: Subactividad 3.5.5 | D92: =C92*$C$87*#REF! -> #REF! | L92: =F92-SUM(G92:K92) -> 0
A93: Alcance 4 | G93: =G94+G100+G106+G112+G118 -> 0 | H93: =H94+H100+H106+H112+H118 -> 0 | I93: =I94+I100+I106+I112+I118 -> 0 | J93: =J94+J100+J106+J112+J118 -> 0 | K93: =K94+K100+K106+K112+K118 -> 0 | L93: =F93-SUM(G93:K93) -> 0
A94: Actividad 4.1 | G94: =SUM(G95:G99) -> 0 | H94: =SUM(H95:H99) -> 0 | I94: =SUM(I95:I99) -> 0 | J94: =SUM(J95:J99) -> 0 | K94: =SUM(K95:K99) -> 0 | L94: =F94-SUM(G94:K94) -> 0
A95: Subactividad 4.1.1 | D95: =C95*$C$94*$C$93 -> 0 | L95: =F95-SUM(G95:K95) -> 0
A96: Subactividad 4.1.2 | D96: =C96*$C$94*$C$93 -> 0 | L96: =F96-SUM(G96:K96) -> 0
A97: Subactividad 4.1.3 | D97: =C97*$C$94*$C$93 -> 0 | L97: =F97-SUM(G97:K97) -> 0
A98: Subactividad 4.1.4 | D98: =C98*$C$94*$C$93 -> 0 | L98: =F98-SUM(G98:K98) -> 0
A99: Subactividad 4.1.5 | D99: =C99*$C$94*$C$93 -> 0 | L99: =F99-SUM(G99:K99) -> 0
A100: Actividad 4.2 | G100: =SUM(G101:G105) -> 0 | H100: =SUM(H101:H105) -> 0 | I100: =SUM(I101:I105) -> 0 | J100: =SUM(J101:J105) -> 0 | K100: =SUM(K101:K105) -> 0 | L100: =F100-SUM(G100:K100) -> 0
A101: Subactividad 4.2.1 | D101: =C101*$C$100*$C$93 -> 0 | L101: =F101-SUM(G101:K101) -> 0
A102: Subactividad 4.2.2 | D102: =C102*$C$100*$C$93 -> 0 | L102: =F102-SUM(G102:K102) -> 0
A103: Subactividad 4.2.3 | D103: =C103*$C$100*$C$93 -> 0 | L103: =F103-SUM(G103:K103) -> 0
...

Sheet Plan Ejecución
C1: SISTEMA DE GESTIÓN INTEGRAL - SGI | AE1: Instructivo
C2: COMPONENTE FINANCIERO EP - PLAN DE EJECUCIÓN FÍSICA Y DE INVERSIONES
C3: CÓDIGO: F-PGC-21 | H3: =+Instructivo!G3 -> VERSIÓN: 04
A5: MODALIDAD DE CONTRATACIÓN: | C5: Convenio Interadministrativo | AE5: =C5 -> Convenio Interadministrativo
A6: OBJETO A CONTRATAR: | C6: Aunar esfuerzos con el municipio de Heliconia para ejecución de las metas planteadas en el Plan de Acción 2024-2027 "Conectados por la vida" | AE6: =C6 -> Aunar esfuerzos con el municipio de Heliconia para ejecución de las metas planteadas en el Plan de Acción 2024-2027 "Conectados por la vida"
A8: CONTRATISTA/CONVENIANTE:
A9: NOMBRE DEL TÉCNICO (A):
A10: DURACIÓN Y/O PLAZO DEL CONTRATO (MESES):
A11: PERIODO DE PROGRAMACIÓN Y SEGUIMIENTO:
A13: PROGRAMACIÓN FÍSICA
B14: Descripción | C14: % de importancia | D14: % de importancia subactividades | E14: Unidad de medida | F14: Cantidad Programada | G14: Distribución física
G15: Período 1 | H15: Período 2 | I15: Período 3 | J15: Período 4 | K15: Período 5 | L15: Período 6 | M15: Período 7 | N15: Período 8 | O15: Período 9 | P15: Período 10 | Q15: Período 11 | R15: Período 12 | S15: Período 13 | T15: Período 14 | U15: Período 15 | V15: Período 16 | W15: Período 17 | X15: Período 18 | Y15: Período 19 | Z15: Período 20 | AA15: Período 21 | AB15: Período 22 | AC15: Período 23 | AD15: Período 24
A16: META/ PRODUCTO A OBTENER: | D16: =SUM(D17:D211) -> 1 | AE16: =F16-SUM(G16:AD16) -> 0
A17: Alcance 1 | B17: Alcance 1. Ejecutar acciones enmarcadas en las áreas protegidas y otras estrategias de conservación de la jurisdicción del municipio. | C17: ='Presupuesto Convenio'!F173 -> 0.24350056 | E17: Documento | F17: 5 | G17: =G18+G26+G33+G39+G45+G51 -> 2 | H17: =H18+H26+H33+H39+H45+H51 -> 1 | I17: =I18+I26+I33+I39+I45+I51 -> 1 | J17: =J18+J26+J33+J39+J45+J51 -> 1 | K17: =K18+K26+K33+K39+K45+K51 -> 0 | L17: =L18+L26+L33+L39+L45+L51 -> 0 | M17: =M18+M26+M33+M39+M45+M51 -> 0 | N17: =N18+N26+N33+N39+N45+N51 -> 0 | ... R17: =R18+R26+R33+R39+R45+R51 -> 0 | S17: =S18+S26+S33+S39+S45 -> 0 | T17: =T18+T26+T33+T39+T45 -> 0 | U17: =U18+U26+U33+U39+U45 -> 0 | V17: =V18+V26+V33+V39+V45 -> 0 | W17: =W18+W26+W33+W39+W45 -> 0 | X17: =X18+X26+X33+X39+X45 -> 0 | Y17: =Y18+Y26+Y33+Y39+Y45 -> 0 | Z17: =Z18+Z26+Z33+Z39+Z45 -> 0 | ... AD17: =AD18+AD26+AD33+AD39+AD45 -> 0 | AE17: =F17-SUM(G17:AD17) -> 0
A18: Actividad 1.1 | B18: Actividad 1: Desarrollar las acciones necesarias para la conservación, manejo y administración de los Distritos Regionales de Manejo Integrado Bosque Seco del Occidente Antioqueño y Divisoria Valle de Aburrá - Rio Cauca en la jurisdicción del Municipio de Heliconia. | C18: 1 | E18: Informe | F18: 5 | G18: =SUM(G19:G23) -> 2 | H18: =SUM(H19:H23) -> 1 | I18: =SUM(I19:I23) -> 1 | J18: =SUM(J19:J23) -> 1 | K18: =SUM(K19:K23) -> 0 | L18: =SUM(L19:L23) -> 0 | M18: =SUM(M19:M23) -> 0 | N18: =SUM(N19:N23) -> 0 | ... AD18: =SUM(AD19:AD23) -> 0 | AE18: =F18-SUM(G18:AD18) -> 0
A19: Subactividad 1.1.1 | B19: Subactividad 1: Contratar un (1) guardián para la vida con el fin de habilitar el funcionamiento de un punto de atención ciudadana para la administración del Distrito Regional de Manejo Integrado Bajo Cauca Nech de los Distritos Regionales de Manejo Integrado Bosque Seco del Occidente Antioqueño y Divisoria Valle de Aburrá - Rio Cauca | C19: 0.4 | D19: =C19*$C$18*$C$17 -> 0.097400224 | E19: Informe | F19: 1 | G19: 1 | AE19: =F19-SUM(G19:AD19) -> 0
A20: Subactividad 1.1.2 | B20: Subactividad 2: Desarrollo de acciones para la administración y manejo del área protegida, estrategias de conservación In situ, predios públicos destinados a la conservación o cuencas abastecedora de acueductos. | C20: 0.6 | D20: =C20*$C$18*$C$17 -> 0.14610034 | E20: Informe | F20: 4 | G20: 1 | H20: 1 | I20: 1 | J20: 1 | AE20: =F20-SUM(G20:AD20) -> 0
A21: Subactividad 1.1.3 | D21: =C21*$C$18*$C$17 -> 0 | AE21: =F21-SUM(G21:AD21) -> 0
A22: Subactividad 1.1.4 | D22: =C22*$C$18*$C$17 -> 0 | AE22: =F22-SUM(G22:AD22) -> 0
A23: Subactividad 1.1.5 | D23: =C23*$C$18*$C$17 -> 0 | AE23: =F23-SUM(G23:AD23) -> 0
A24: Subactividad 1.1.6 | D24: =C24*$C$18*$C$17 -> 0
A25: Subactividad 1.1.7 | D25: =C25*$C$18*$C$17 -> 0
A26: Actividad 1.2 | G26: =SUM(G27:G31) -> 0 | H26: =SUM(H27:H31) -> 0 | I26: =SUM(I27:I31) -> 0 | J26: =SUM(J27:J31) -> 0 | K26: =SUM(K27:K31) -> 0 | L26: =SUM(L27:L31) -> 0 | M26: =SUM(M27:M31) -> 0 | N26: =SUM(N27:N31) -> 0 | ... AD26: =SUM(AD27:AD31) -> 0 | AE26: =F26-SUM(G26:AD26) -> 0
A27: Subactividad 1.2.1 | D27: =C27*$C$26*$C$17 -> 0 | AE27: =F27-SUM(G27:AD27) -> 0
A28: Subactividad 1.2.2 | D28: =C28*$C$26*$C$17 -> 0 | AE28: =F28-SUM(G28:AD28) -> 0
A29: Subactividad 1.2.3 | D29: =C29*$C$26*$C$17 -> 0 | AE29: =F29-SUM(G29:AD29) -> 0
A30: Subactividad 1.2.4 | D30: =C30*$C$26*$C$17 -> 0 | AE30: =F30-SUM(G30:AD30) -> 0
A31: Subactividad 1.2.5 | D31: =C31*$C$26*$C$17 -> 0 | AE31: =F31-SUM(G31:AD31) -> 0
A32: Subactividad 1.2.6 | D32: =C32*$C$26*$C$17 -> 0
A33: Actividad 1.3 | G33: =SUM(G34:G38) -> 0 | H33: =SUM(H34:H38) -> 0 | I33: =SUM(I34:I38) -> 0 | J33: =SUM(J34:J38) -> 0 | K33: =SUM(K34:K38) -> 0 | L33: =SUM(L34:L38) -> 0 | M33: =SUM(M34:M38) -> 0 | N33: =SUM(N34:N38) -> 0 | ... AD33: =SUM(AD34:AD38) -> 0 | AE33: =F33-SUM(G33:AD33) -> 0
A34: Subactividad 1.3.1 | D34: =C34*$C$33*$C$17 -> 0 | AE34: =F34-SUM(G34:AD34) -> 0
A35: Subactividad 1.3.2 | D35: =C35*$C$33*$C$17 -> 0 | AE35: =F35-SUM(G35:AD35) -> 0
A36: Subactividad 1.3.3 | D36: =C36*$C$33*$C$17 -> 0 | AE36: =F36-SUM(G36:AD36) -> 0
A37: Subactividad 1.3.4 | D37: =C37*$C$33*$C$17 -> 0 | AE37: =F37-SUM(G37:AD37) -> 0
A38: Subactividad 1.3.5 | D38: =C38*$C$33*$C$17 -> 0 | AE38: =F38-SUM(G38:AD38) -> 0
A39: Actividad 1.4 | G39: =SUM(G40:G44) -> 0 | H39: =SUM(H40:H44) -> 0 | I39: =SUM(I40:I44) -> 0 | J39: =SUM(J40:J44) -> 0 | K39: =SUM(K40:K44) -> 0 | L39: =SUM(L40:L44) -> 0 | M39: =SUM(M40:M44) -> 0 | N39: =SUM(N40:N44) -> 0 | ... AD39: =SUM(AD40:AD44) -> 0 | AE39: =F39-SUM(G39:AD39) -> 0
A40: Subactividad 1.4.1 | D40: =C40*$C$39*$C$17 -> 0 | AE40: =F40-SUM(G40:AD40) -> 0
A41: Subactividad 1.4.2 | D41: =C41*$C$39*$C$17 -> 0 | AE41: =F41-SUM(G41:AD41) -> 0
A42: Subactividad 1.4.3 | D42: =C42*$C$39*$C$17 -> 0 | AE42: =F42-SUM(G42:AD42) -> 0
A43: Subactividad 1.4.4 | D43: =C43*$C$39*$C$17 -> 0 | AE43: =F43-SUM(G43:AD43) -> 0
A44: Subactividad 1.4.5 | D44: =C44*$C$39*$C$17 -> 0 | AE44: =F44-SUM(G44:AD44) -> 0
A45: Actividad 1.5 | G45: =SUM(G46:G50) -> 0 | H45: =SUM(H46:H50) -> 0 | I45: =SUM(I46:I50) -> 0 | J45: =SUM(J46:J50) -> 0 | K45: =SUM(K46:K50) -> 0 | L45: =SUM(L46:L50) -> 0 | M45: =SUM(M46:M50) -> 0 | N45: =SUM(N46:N50) -> 0 | ... AD45: =SUM(AD46:AD50) -> 0 | AE45: =F45-SUM(G45:AD45) -> 0
A46: Subactividad 1.5.1 | D46: =C46*$C$45*$C$17 -> 0 | AE46: =F46-SUM(G46:AD46) -> 0
A47: Subactividad 1.5.2 | D47: =C47*$C$45*$C$17 -> 0 | AE47: =F47-SUM(G47:AD47) -> 0
A48: Subactividad 1.5.3 | D48: =C48*$C$45*$C$17 -> 0 | AE48: =F48-SUM(G48:AD48) -> 0
A49: Subactividad 1.5.4 | D49: =C49*$C$45*$C$17 -> 0 | AE49: =F49-SUM(G49:AD49) -> 0
A50: Subactividad 1.5.5 | D50: =C50*$C$45*$C$17 -> 0 | AE50: =F50-SUM(G50:AD50) -> 0
A51: Actividad 1.6 | G51: =SUM(G52:G56) -> 0 | H51: =SUM(H52:H56) -> 0 | I51: =SUM(I52:I56) -> 0 | J51: =SUM(J52:J56) -> 0 | K51: =SUM(K52:K56) -> 0 | L51: =SUM(L52:L56) -> 0 | M51: =SUM(M52:M56) -> 0 | N51: =SUM(N52:N56) -> 0 | ... AD51: =SUM(AD52:AD56) -> 0 | AE51: =F51-SUM(G51:AD51) -> 0
A52: Subactividad 1.6.1 | D52: =C52*$C$45*$C$17 -> 0 | AE52: =F52-SUM(G52:AD52) -> 0
A53: Subactividad 1.6.2 | D53: =C53*$C$45*$C$17 -> 0 | AE53: =F53-SUM(G53:AD53) -> 0
A54: Subactividad 1.6.3 | D54: =C54*$C$45*$C$17 -> 0 | AE54: =F54-SUM(G54:AD54) -> 0
A55: Subactividad 1.6.4 | D55: =C55*$C$45*$C$17 -> 0 | AE55: =F55-SUM(G55:AD55) -> 0
A56: Subactividad 1.6.5 | D56: =C56*$C$45*$C$17 -> 0 | AE56: =F56-SUM(G56:AD56) -> 0
A57: Alcance 2 | B57: Esquema de pago por servicios ambientales | C57: ='Presupuesto Convenio'!F174 -> 0.39907476 | F57: 7 | G57: =G58+G64+G70+G76+G82 -> 3 | H57: =H58+H64+H70+H76+H82 -> 2 | I57: =I58+I64+I70+I76+I82 -> 2 | J57: =J58+J64+J70+J76+J82 -> 0 | K57: =K58+K64+K70+K76+K82 -> 0 | L57: =L58+L64+L70+L76+L82 -> 0 | M57: =M58+M64+M70+M76+M82 -> 0 | N57: =N58+N64+N70+N76+N82 -> 0 | ... AD57: =AD58+AD64+AD70+AD76+AD82 -> 0 | AE57: =F57-SUM(G57:AD57) -> 0
A58: Actividad 2.1 | B58: Revisión Jurídica y Técnica de Predios | C58: 0.2 | F58: 1 | G58: =SUM(G59:G63) -> 1 | H58: =SUM(H59:H63) -> 0 | I58: =SUM(I59:I63) -> 0 | J58: =SUM(J59:J63) -> 0 | K58: =SUM(K59:K63) -> 0 | L58: =SUM(L59:L63) -> 0 | M58: =SUM(M59:M63) -> 0 | N58: =SUM(N59:N63) -> 0 | ... AD58: =SUM(AD59:AD63) -> 0 | AE58: =F58-SUM(G58:AD58) -> 0
A59: Subactividad 2.1.1 | B59: Informe Integral y Acta del Comité Técnico | C59: 1 | D59: =C59*$C$58*$C$57 -> 0.079814952 | E59: Informe | F59: 1 | G59: 1 | AE59: =F59-SUM(G59:AD59) -> 0
A60: Subactividad 2.1.2 | D60: =C60*$C$58*$C$57 -> 0 | AE60: =F60-SUM(G60:AD60) -> 0
A61: Subactividad 2.1.3 | D61: =C61*$C$58*$C$57 -> 0 | AE61: =F61-SUM(G61:AD61) -> 0
A62: Subactividad 2.1.4 | D62: =C62*$C$58*$C$57 -> 0 | AE62: =F62-SUM(G62:AD62) -> 0
A63: Subactividad 2.1.5 | D63: =C63*$C$58*$C$57 -> 0 | AE63: =F63-SUM(G63:AD63) -> 0
A64: Actividad 2.2 | B64: Georreferenciar | C64: 0.2 | F64: 3 | G64: =SUM(G65:G69) -> 2 | H64: =SUM(H65:H69) -> 1 | I64: =SUM(I65:I69) -> 0 | J64: =SUM(J65:J69) -> 0 | K64: =SUM(K65:K69) -> 0 | L64: =SUM(L65:L69) -> 0 | M64: =SUM(M65:M69) -> 0 | N64: =SUM(N65:N69) -> 0 | ... AD64: =SUM(AD65:AD69) -> 0 | AE64: =F64-SUM(G64:AD64) -> 0
A65: Subactividad 2.2.1 | B65: Geodatabase y Georreferencia | C65: 0.33 | D65: =C65*$C$64*$C$57 -> 0.026338934 | E65: Informe | F65: 1 | G65: 1 | AE65: =F65-SUM(G65:AD65) -> 0
A66: Subactividad 2.2.2 | B66: Una (1) base de datos donde se indica el costo de oportunidad y el valor del incentivo a pagar de cada uno de los propietarios, poseedores o tenedores. | C66: 0.33 | D66: =C66*$C$64*$C$57 -> 0.026338934 | E66: Informe | F66: 1 | G66: 1 | AE66: =F66-SUM(G66:AD66) -> 0
A67: Subactividad 2.2.3 | B67: Una Base de datos con la información financiera analizada para calcular el Costo de oportunidad para cada ecosistema estratégico. | C67: 0.34 | D67: =C67*$C$64*$C$57 -> 0.027137084 | E67: Informe | F67: 1 | H67: 1 | AE67: =F67-SUM(G67:AD67) -> 0
A68: Subactividad 2.2.4 | D68: =C68*$C$64*$C$57 -> 0 | AE68: =F68-SUM(G68:AD68) -> 0
A69: Subactividad 2.2.5 | D69: =C69*$C$64*$C$57 -> 0 | AE69: =F69-SUM(G69:AD69) -> 0
A70: Actividad 2.3 | B70: Actualización de Acuerdos de Voluntades | C70: 0.2 | F70: 1 | G70: =SUM(G71:G75) -> 0 | H70: =SUM(H71:H75) -> 1 | I70: =SUM(I71:I75) -> 0 | J70: =SUM(J71:J75) -> 0 | K70: =SUM(K71:K75) -> 0 | L70: =SUM(L71:L75) -> 0 | M70: =SUM(M71:M75) -> 0 | N70: =SUM(N71:N75) -> 0 | ... AD70: =SUM(AD71:AD75) -> 0 | AE70: =F70-SUM(G70:AD70) -> 0
A71: Subactividad 2.3.1 | B71: Formalización de Acuerdos de Voluntades | C71: 1 | D71: =C71*$C$70*$C$57 -> 0.079814952 | E71: Informe | F71: 1 | H71: 1 | AE71: =F71-SUM(G71:AD71) -> 0
A72: Subactividad 2.3.2 | D72: =C72*$C$70*$C$57 -> 0 | AE72: =F72-SUM(G72:AD72) -> 0
A73: Subactividad 2.3.3 | D73: =C73*$C$70*$C$57 -> 0 | AE73: =F73-SUM(G73:AD73) -> 0
A74: Subactividad 2.3.4 | D74: =C74*$C$70*$C$57 -> 0 | AE74: =F74-SUM(G74:AD74) -> 0
A75: Subactividad 2.3.5 | D75: =C75*$C$70*$C$57 -> 0 | AE75: =F75-SUM(G75:AD75) -> 0
A76: Actividad 2.4 | B76: Realizar Pagos | C76: 0.2 | F76: 1 | G76: =SUM(G77:G81) -> 0 | H76: =SUM(H77:H81) -> 0 | I76: =SUM(I77:I81) -> 1 | J76: =SUM(J77:J81) -> 0 | K76: =SUM(K77:K81) -> 0 | L76: =SUM(L77:L81) -> 0 | M76: =SUM(M77:M81) -> 0 | N76: =SUM(N77:N81) -> 0 | ... AD76: =SUM(AD77:AD81) -> 0 | AE76: =F76-SUM(G76:AD76) -> 0
A77: Subactividad 2.4.1 | B77: Informe de Pagos y Soportes Financieros | C77: 1 | D77: =C77*$C$76*$C$57 -> 0.079814952 | E77: Informe | F77: 1 | I77: 1 | AE77: =F77-SUM(G77:AD77) -> 0
A78: Subactividad 2.4.2 | D78: =C78*$C$76*$C$57 -> 0 | AE78: =F78-SUM(G78:AD78) -> 0
A79: Subactividad 2.4.3 | D79: =C79*$C$76*$C$57 -> 0 | AE79: =F79-SUM(G79:AD79) -> 0
A80: Subactividad 2.4.4 | D80: =C80*$C$76*$C$57 -> 0 | AE80: =F80-SUM(G80:AD80) -> 0
A81: Subactividad 2.4.5 | D81: =C81*$C$76*$C$57 -> 0 | AE81: =F81-SUM(G81:AD81) -> 0
A82: Actividad 2.5 | B82: Viabilidad jurídica de los predios | C82: 0.2 | F82: 1 | G82: =SUM(G83:G87) -> 0 | H82: =SUM(H83:H87) -> 0 | I82: =SUM(I83:I87) -> 1 | J82: =SUM(J83:J87) -> 0 | K82: =SUM(K83:K87) -> 0 | L82: =SUM(L83:L87) -> 0 | M82: =SUM(M83:M87) -> 0 | N82: =SUM(N83:N87) -> 0 | ... AD82: =SUM(AD83:AD87) -> 0 | AE82: =F82-SUM(G82:AD82) -> 0
A83: Subactividad 2.5.1 | B83: Un (1) informe técnico y una base de datos con el análisis jurídico de la documentación de cada uno de los predios caracterizados que incluyan como mínimo los siguientes documentos: certificados que acrediten la titularidad, posesión o tenencia, certificado de pagos de impuestos predial vigentes. | C83: 1 | D83: =C83*$C$82*$C$57 -> 0.079814952 | E83: Informe | F83: 1 | I83: 1 | AE83: =F83-SUM(G83:AD83) -> 0
A84: Subactividad 2.5.2 | D84: =C84*$C$82*$C$57 -> 0 | AE84: =F84-SUM(G84:AD84) -> 0
A85: Subactividad 2.5.3 | D85: =C85*$C$82*$C$57 -> 0 | AE85: =F85-SUM(G85:AD85) -> 0
A86: Subactividad 2.5.4 | D86: =C86*$C$82*$C$57 -> 0 | AE86: =F86-SUM(G86:AD86) -> 0
A87: Subactividad 2.5.5 | D87: =C87*$C$82*$C$57 -> 0 | AE87: =F87-SUM(G87:AD87) -> 0
A88: Alcance 3 | B88: Fortalecer las capacidades de los actores de las Juntas Administradoras de Acueductos y Juntas de Acción Comunales para la participación en la gestión ambiental y la planificación del patrimonio hídrico | C88: ='Presupuesto Convenio'!F175 -> 0.35742468 | F88: 9 | G88: =G89+G95+G101+G107+G113 -> 3 | H88: =H89+H95+H101+H107+H113 -> 2 | I88: =I89+I95+I101+I107+I113 -> 1 | J88: =J89+J95+J101+J107+J113 -> 3 | K88: =K89+K95+K101+K107+K113 -> 0 | L88: =L89+L95+L101+L107+L113 -> 0 | M88: =M89+M95+M101+M107+M113 -> 0 | N88: =N89+N95+N101+N107+N113 -> 0 | ... AD88: =AD89+AD95+AD101+AD107+AD113 -> 0 | AE88: =F88-SUM(G88:AD88) -> 0
A89: Actividad 3.1 | B89: Diagnostico participativo | C89: 0.3 | F89: 2 | G89: =SUM(G90:G94) -> 2 | H89: =SUM(H90:H94) -> 0 | I89: =SUM(I90:I94) -> 0 | J89: =SUM(J90:J94) -> 0 | K89: =SUM(K90:K94) -> 0 | L89: =SUM(L90:L94) -> 0 | M89: =SUM(M90:M94) -> 0 | N89: =SUM(N90:N94) -> 0 | ... AD89: =SUM(AD90:AD94) -> 0 | AE89: =F89-SUM(G89:AD89) -> 0
A90: Subactividad 3.1.1 | B90: Encuentro con la comunidad de la vereda o usuarios del sistema de acueducto | C90: 0.5 | D90: =C90*$C$89*$C$88 -> 0.053613702 | F90: 1 | G90: 1 | AE90: =F90-SUM(G90:AD90) -> 0
A91: Subactividad 3.1.2 | B91: Documento de sistematización del proceso de identificación | C91: 0.5 | D91: =C91*$C$89*$C$88 -> 0.053613702 | F91: 1 | G91: 1 | AE91: =F91-SUM(G91:AD91) -> 0
A92: Subactividad 3.1.3 | D92: =C92*$C$89*$C$88 -> 0 | AE92: =F92-SUM(G92:AD92) -> 0
A93: Subactividad 3.1.4 | D93: =C93*$C$89*$C$88 -> 0 | AE93: =F93-SUM(G93:AD93) -> 0
A94: Subactividad 3.1.5 | D94: =C94*$C$89*$C$88 -> 0 | AE94: =F94-SUM(G94:AD94) -> 0
A95: Actividad 3.2 | B95: Encuentros de capacitacion, apropiación ambental y formacion | C95: 0.4 | F95: 5 | G95: =SUM(G96:G100) -> 1 | H95: =SUM(H96:H100) -> 2 | I95: =SUM(I96:I100) -> 1 | J95: =SUM(J96:J100) -> 1 | K95: =SUM(K96:K100) -> 0 | L95: =SUM(L96:L100) -> 0 | M95: =SUM(M96:M100) -> 0 | N95: =SUM(N96:N100) -> 0 | ... AD95: =SUM(AD96:AD100) -> 0 | AE95: =F95-SUM(G95:AD95) -> 0
A96: Subactividad 3.2.1 | B96: Encuentros de formación, capacitación y apropiación social | C96: 1 | D96: =C96*$C$95*$C$88 -> 0.14296987 | F96: 5 | G96: 1 | H96: 2 | I96: 1 | J96: 1 | AE96: =F96-SUM(G96:AD96) -> 0
A97: Subactividad 3.2.2 | D97: =C97*$C$95*$C$88 -> 0 | AE97: =F97-SUM(G97:AD97) -> 0
A98: Subactividad 3.2.3 | D98: =C98*$C$95*$C$88 -> 0 | AE98: =F98-SUM(G98:AD98) -> 0
A99: Subactividad 3.2.4 | D99: =C99*$C$95*$C$88 -> 0 | AE99: =F99-SUM(G99:AD99) -> 0
A100: Subactividad 3.2.5 | D100: =C100*$C$95*$C$88 -> 0 | AE100: =F100-SUM(G100:AD100) -> 0
A101: Actividad 3.3 | B101: Implementacion de acciones de protección | C101: 0.3 | F101: 2 | G101: =SUM(G102:G106) -> 0 | H101: =SUM(H102:H106) -> 0 | I101: =SUM(I102:I106) -> 0 | J101: =SUM(J102:J106) -> 2 | K101: =SUM(K102:K106) -> 0 | L101: =SUM(L102:L106) -> 0 | M101: =SUM(M102:M106) -> 0 | N101: =SUM(N102:N106) -> 0 | ... AD101: =SUM(AD102:AD106) -> 0 | AE101: =F101-SUM(G101:AD101) -> 0
A102: Subactividad 3.3.1 | B102: Desarrollo de las acciones de protección y de conservación ambiental | C102: 0.27 | D102: =C102*$C$101*$C$88 -> 0.028951399 | F102: 1 | J102: 1 | AE102: =F102-SUM(G102:AD102) -> 0
A103: Subactividad 3.3.2 | B103: documento de sistematización del proceso de conservación ambiental del acueducto | C103: 0.73 | D103: =C103*$C$101*$C$88 -> 0.078276005 | F103: 1 | J103: 1 | AE103: =F103-SUM(G103:AD103) -> 0
...

Sheet Presupuesto Convenio
E1: SISTEMA DE GESTIÓN INTEGRAL - SGI | T1: Instructivo
E2: PRESUPUESTO - MODALIDAD CONVENIO
E3: CÓDIGO: F-PGC-21 | L3: =Instructivo!G3 -> VERSIÓN: 04
A5: MODALIDAD DE CONTRATACIÓN: | C5: ='Plan Ejecución'!AE5 -> Convenio Interadministrativo
A6: OBJETO A CONTRATAR: | C6: ='Plan Ejecución'!AE6 -> Aunar esfuerzos con el municipio de Heliconia para ejecución de las metas planteadas en el Plan de Acción 2024-2027 "Conectados por la vida"
A8: COSTOS DE PERSONAL | I8: FUENTES DE COFINANCIACIÓN | N8: Recursos en dinero de CORANTIOQUIA por alcance, actividad o subactividad
A9: Ítem | B9: Cantidad personal | C9: (%) Dedicación | D9: Unidad de medida | E9: Cantidad | F9: Valor unitario base | G9: Valor total | H9: (%) PP | I9: CORANTIOQUIA | K9: Entidad 1:
I10: DINERO | J10: ESPECIE | K10: DINERO | L10: ESPECIE | N10: Alcance 1 | O10: Alcance 2 | P10: Alcance 3 | Q10: Alcance 4 | R10: Alcance 5 | S10: Alcance 6
A11: Mano de Obra Calificada
A12: Bachiller | B12: =+'Alcance 1_Guardianes '!B17 -> 1 | C12: =+'Alcance 1_Guardianes '!C17 -> 1 | D12: =+'Alcance 1_Guardianes '!D17 -> mes | E12: =+'Alcance 1_Guardianes '!E17 -> 4 | F12: =IFERROR(VLOOKUP(A12,Honorarios!$A$9:$C$15,2,FALSE),"") -> 2400000 | G12: =B12*C12*E12*F12 -> 9600000 | H12: =IFERROR(G12/$G$100,0) -> 0.23899607 | I12: =G12 -> 9600000 | M12: =IFERROR(G12-SUM(I12:L12),"") -> 0 | N12: =I12 -> 9600000 | T12: =I12-SUM(N12:S12) -> 0
A13: Profesional con experiencia | B13: 1 | C13: 0.025 | D13: mes | E13: 3 | F13: =IFERROR(VLOOKUP(A13,Honorarios!$A$9:$C$15,2,FALSE),"") -> 7347000 | G13: =B13*C13*E13*F13 -> 551025 | H13: =IFERROR(G13/$G$100,0) -> 0.013718001 | J13: =G13 -> 551025 | M13: =IFERROR(G13-SUM(I13:L13),"") -> 0 | T13: =I13-SUM(N13:S13) -> 0
A14: Tecnólogo con experiencia | B14: 1 | C14: 1 | D14: mes | E14: 3 | F14: =IFERROR(VLOOKUP(A14,Honorarios!$A$9:$C$15,2,FALSE),"") -> 4687000 | G14: =B14*C14*E14*F14 -> 14061000 | H14: =IFERROR(G14/$G$100,0) -> 0.35005455 | I14: =G14 -> 14061000 | M14: =IFERROR(G14-SUM(I14:L14),"") -> 0 | O14: =I14 -> 14061000 | T14: =I14-SUM(N14:S14) -> 0
A15: Técnico | B15: 1 | C15: 1 | D15: mes | E15: 4 | F15: =IFERROR(VLOOKUP(A15,Honorarios!$A$9:$C$15,2,FALSE),"") -> 3989000 | G15: =B15*C15*E15*F15 -> 15956000 | H15: =IFERROR(G15/$G$100,0) -> 0.39723138 | I15: =G15 -> 15956000 | M15: =IFERROR(G15-SUM(I15:L15),"") -> 0 | P15: =I15 -> 15956000 | T15: =I15-SUM(N15:S15) -> 0
F16: =IFERROR(VLOOKUP(A16,Honorarios!$A$9:$C$15,2,FALSE),"") | G16: =IFERROR(B16*C16*E16*F16*#REF!,0) -> 0 | H16: =IFERROR(G16/$G$100,0) -> 0 | I16: =G16 -> 0 | M16: =IFERROR(G16-SUM(I16:L16),"") -> 0 | T16: =I16-SUM(N16:S16) -> 0
F17: =IFERROR(VLOOKUP(A17,Honorarios!$A$9:$C$15,2,FALSE),"") | G17: =IFERROR(B17*C17*E17*F17*#REF!,0) -> 0 | H17: =IFERROR(G17/$G$100,0) -> 0 | I17: =G17 -> 0 | M17: =IFERROR(G17-SUM(I17:L17),"") -> 0 | T17: =I17-SUM(N17:S17) -> 0
F18: =IFERROR(VLOOKUP(A18,Honorarios!$A$9:$C$15,2,FALSE),"") | G18: =IFERROR(B18*C18*E18*F18*#REF!,0) -> 0 | H18: =IFERROR(G18/$G$100,0) -> 0 | I18: =G18 -> 0 | M18: =IFERROR(G18-SUM(I18:L18),"") -> 0 | T18: =I18-SUM(N18:S18) -> 0
F19: =IFERROR(VLOOKUP(A19,Honorarios!$A$9:$C$15,2,FALSE),"") | G19: =IFERROR(B19*C19*E19*F19*#REF!,0) -> 0 | H19: =IFERROR(G19/$G$100,0) -> 0 | I19: =G19 -> 0 | M19: =IFERROR(G19-SUM(I19:L19),"") -> 0 | T19: =I19-SUM(N19:S19) -> 0
F20: =IFERROR(VLOOKUP(A20,Honorarios!$A$9:$C$15,2,FALSE),"") | G20: =IFERROR(B20*C20*E20*F20*#REF!,0) -> 0 | H20: =IFERROR(G20/$G$100,0) -> 0 | I20: =G20 -> 0 | M20: =IFERROR(G20-SUM(I20:L20),"") -> 0 | T20: =I20-SUM(N20:S20) -> 0
F21: =IFERROR(VLOOKUP(A21,Honorarios!$A$9:$C$15,2,FALSE),"") | G21: =IFERROR(B21*C21*E21*F21*#REF!,0) -> 0 | H21: =IFERROR(G21/$G$100,0) -> 0 | I21: =G21 -> 0 | M21: =IFERROR(G21-SUM(I21:L21),"") -> 0 | T21: =I21-SUM(N21:S21) -> 0
F22: =IFERROR(VLOOKUP(A22,Honorarios!$A$9:$C$15,2,FALSE),"") | G22: =IFERROR(B22*C22*E22*F22*#REF!,0) -> 0 | H22: =IFERROR(G22/$G$100,0) -> 0 | I22: =G22 -> 0 | M22: =IFERROR(G22-SUM(I22:L22),"") -> 0 | T22: =I22-SUM(N22:S22) -> 0
F23: =IFERROR(VLOOKUP(A23,Honorarios!$A$9:$C$15,2,FALSE),"") | G23: =IFERROR(B23*C23*E23*F23*#REF!,0) -> 0 | H23: =IFERROR(G23/$G$100,0) -> 0 | M23: =IFERROR(G23-SUM(I23:L23),"") -> 0 | T23: =I23-SUM(N23:S23) -> 0
F24: =IFERROR(VLOOKUP(A24,Honorarios!$A$9:$C$15,2,FALSE),"") | G24: =IFERROR(B24*C24*E24*F24*#REF!,0) -> 0 | H24: =IFERROR(G24/$G$100,0) -> 0 | M24: =IFERROR(G24-SUM(I24:L24),"") -> 0 | T24: =I24-SUM(N24:S24) -> 0
F25: =IFERROR(VLOOKUP(A25,Honorarios!$A$9:$C$15,2,FALSE),"") | G25: =IFERROR(B25*C25*E25*F25*#REF!,0) -> 0 | H25: =IFERROR(G25/$G$100,0) -> 0 | M25: =IFERROR(G25-SUM(I25:L25),"") -> 0 | T25: =I25-SUM(N25:S25) -> 0
F26: =IFERROR(VLOOKUP(A26,Honorarios!$A$9:$C$15,2,FALSE),"") | G26: =IFERROR(B26*C26*E26*F26*#REF!,0) -> 0 | H26: =IFERROR(G26/$G$100,0) -> 0 | M26: =IFERROR(G26-SUM(I26:L26),"") -> 0 | T26: =I26-SUM(N26:S26) -> 0
F27: =IFERROR(VLOOKUP(A27,Honorarios!$A$9:$C$15,2,FALSE),"") | G27: =IFERROR(B27*C27*E27*F27*#REF!,0) -> 0 | H27: =IFERROR(G27/$G$100,0) -> 0 | M27: =IFERROR(G27-SUM(I27:L27),"") -> 0 | T27: =I27-SUM(N27:S27) -> 0
F28: =IFERROR(VLOOKUP(A28,Honorarios!$A$9:$C$15,2,FALSE),"") | G28: =IFERROR(B28*C28*E28*F28*#REF!,0) -> 0 | H28: =IFERROR(G28/$G$100,0) -> 0 | M28: =IFERROR(G28-SUM(I28:L28),"") -> 0 | T28: =I28-SUM(N28:S28) -> 0
F29: =IFERROR(VLOOKUP(A29,Honorarios!$A$9:$C$15,2,FALSE),"") | G29: =IFERROR(B29*C29*E29*F29*#REF!,0) -> 0 | H29: =IFERROR(G29/$G$100,0) -> 0 | M29: =IFERROR(G29-SUM(I29:L29),"") -> 0 | T29: =I29-SUM(N29:S29) -> 0
F30: =IFERROR(VLOOKUP(A30,Honorarios!$A$9:$C$15,2,FALSE),"") | G30: =IFERROR(B30*C30*E30*F30*#REF!,0) -> 0 | H30: =IFERROR(G30/$G$100,0) -> 0 | M30: =IFERROR(G30-SUM(I30:L30),"") -> 0 | T30: =I30-SUM(N30:S30) -> 0
F31: =IFERROR(VLOOKUP(A31,Honorarios!$A$9:$C$15,2,FALSE),"") | G31: =IFERROR(B31*C31*E31*F31*#REF!,0) -> 0 | H31: =IFERROR(G31/$G$100,0) -> 0 | M31: =IFERROR(G31-SUM(I31:L31),"") -> 0 | T31: =I31-SUM(N31:S31) -> 0
F32: =IFERROR(VLOOKUP(A32,Honorarios!$A$9:$C$15,2,FALSE),"") | G32: =IFERROR(B32*C32*E32*F32*#REF!,0) -> 0 | H32: =IFERROR(G32/$G$100,0) -> 0 | M32: =IFERROR(G32-SUM(I32:L32),"") -> 0 | T32: =I32-SUM(N32:S32) -> 0
F33: =IFERROR(VLOOKUP(A33,Honorarios!$A$9:$C$15,2,FALSE),"") | G33: =IFERROR(B33*C33*E33*F33*#REF!,0) -> 0 | H33: =IFERROR(G33/$G$100,0) -> 0 | M33: =IFERROR(G33-SUM(I33:L33),"") -> 0 | T33: =I33-SUM(N33:S33) -> 0
F34: =IFERROR(VLOOKUP(A34,Honorarios!$A$9:$C$15,2,FALSE),"") | G34: =IFERROR(B34*C34*E34*F34*#REF!,0) -> 0 | H34: =IFERROR(G34/$G$100,0) -> 0 | M34: =IFERROR(G34-SUM(I34:L34),"") -> 0 | T34: =I34-SUM(N34:S34) -> 0
... F60: =IFERROR(VLOOKUP(A60,Honorarios!$A$9:$C$15,2,FALSE),"") | G60: =IFERROR(B60*C60*E60*F60*#REF!,0) -> 0 | H60: =IFERROR(G60/$G$100,0) -> 0 | M60: =IFERROR(G60-SUM(I60:L60),"") -> 0 | T60: =I60-SUM(N60:S60) -> 0
A61: Subtotal Mano de Obra calificada | G61: =SUM(G12:G60) -> 40168025 | H61: =SUM(H12:H60) -> 1 | I61: =SUM(I12:I60) -> 39617000 | J61: =SUM(J12:J60) -> 551025 | K61: =SUM(K12:K60) -> 0 | L61: =SUM(L12:L60) -> 0 | M61: =G61-SUM(I61:L61) -> 0
A62: Mano de Obra No Calificada
G63: =IFERROR(B63*C63*E63*F63*#REF!,0) -> 0 | H63: =IFERROR(G63/$G$100,0) -> 0 | M63: =G63-SUM(I63:L63) -> 0 | T63: =I63-SUM(N63:S63) -> 0
G64: =IFERROR(B64*C64*E64*F64*#REF!,0) -> 0 | H64: =IFERROR(G64/$G$100,0) -> 0 | M64: =G64-SUM(I64:L64) -> 0 | T64: =I64-SUM(N64:S64) -> 0
G65: =IFERROR(B65*C65*E65*F65*#REF!,0) -> 0 | H65: =IFERROR(G65/$G$100,0) -> 0 | M65: =G65-SUM(I65:L65) -> 0 | T65: =I65-SUM(N65:S65) -> 0
G66: =IFERROR(B66*C66*E66*F66*#REF!,0) -> 0 | H66: =IFERROR(G66/$G$100,0) -> 0 | M66: =G66-SUM(I66:L66) -> 0 | T66: =I66-SUM(N66:S66) -> 0
G67: =IFERROR(B67*C67*E67*F67*#REF!,0) -> 0 | H67: =IFERROR(G67/$G$100,0) -> 0 | M67: =G67-SUM(I67:L67) -> 0 | T67: =I67-SUM(N67:S67) -> 0
G68: =IFERROR(B68*C68*E68*F68*#REF!,0) -> 0 | H68: =IFERROR(G68/$G$100,0) -> 0 | M68: =G68-SUM(I68:L68) -> 0 | T68: =I68-SUM(N68:S68) -> 0
G69: =IFERROR(B69*C69*E69*F69*#REF!,0) -> 0 | H69: =IFERROR(G69/$G$100,0) -> 0 | M69: =G69-SUM(I69:L69) -> 0 | T69: =I69-SUM(N69:S69) -> 0
G70: =IFERROR(B70*C70*E70*F70*#REF!,0) -> 0 | H70: =IFERROR(G70/$G$100,0) -> 0 | M70: =G70-SUM(I70:L70) -> 0 | T70: =I70-SUM(N70:S70) -> 0
G71: =IFERROR(B71*C71*E71*F71*#REF!,0) -> 0 | H71: =IFERROR(G71/$G$100,0) -> 0 | M71: =G71-SUM(I71:L71) -> 0 | T71: =I71-SUM(N71:S71) -> 0
G72: =IFERROR(B72*C72*E72*F72*#REF!,0) -> 0 | H72: =IFERROR(G72/$G$100,0) -> 0 | M72: =G72-SUM(I72:L72) -> 0 | T72: =I72-SUM(N72:S72) -> 0
G73: =IFERROR(B73*C73*E73*F73*#REF!,0) -> 0 | H73: =IFERROR(G73/$G$100,0) -> 0 | M73: =G73-SUM(I73:L73) -> 0 | T73: =I73-SUM(N73:S73) -> 0
G74: =IFERROR(B74*C74*E74*F74*#REF!,0) -> 0 | H74: =IFERROR(G74/$G$100,0) -> 0 | M74: =G74-SUM(I74:L74) -> 0 | T74: =I74-SUM(N74:S74) -> 0
... G98: =IFERROR(B98*C98*E98*F98*#REF!,0) -> 0 | H98: =IFERROR(G98/$G$100,0) -> 0 | M98: =G98-SUM(I98:L98) -> 0 | T98: =I98-SUM(N98:S98) -> 0
A99: Subtotal Mano de Obra no Calificada | G99: =SUM(G63:G98) -> 0 | H99: =SUM(H63:H98) -> 0 | I99: =SUM(I63:I98) -> 0 | J99: =SUM(J63:J98) -> 0 | K99: =SUM(K63:K98) -> 0 | L99: =SUM(L63:L98) -> 0 | M99: =G99-SUM(I99:L99) -> 0
A100: SUBTOTAL PERSONAL (Mano de Obra Calificada + Mano de Obra no Calificada) | G100: =G61+G99 -> 40168025 | H100: =H61+H99 -> 1 | I100: =I61+I99 -> 39617000 | J100: =J61+J99 -> 551025 | K100: =K61+K99 -> 0 | L100: =L61+L99 -> 0 | M100: =G100-SUM(I100:L100) -> 0
A102: COSTOS (Diferentes a los costos del personal) | I102: FUENTES DE COFINANCIACIÓN
A103: Ítem | D103: Unidad de medida | E103: Cantidad | F103: Valor unitario | G103: Valor total | H103: (%) PP | I103: CORANTIOQUIA | K103: Entidad 1:
I104: DINERO | J104: ESPECIE | K104: DINERO | L104: ESPECIE
A105: Gastos de desplazamiento y manutención de guardian para la vida, 14 recorridos por mes | D105: =+'Alcance 1_Guardianes '!D31 -> Mes | E105: =+'Alcance 1_Guardianes '!E31 -> 4 | F105: =+'Alcance 1_Guardianes '!F31 -> 588000 | G105: =+F105*E105 -> 2352000 | H105: =IFERROR(G105/$G$149,0) -> 0.13472615 | I105: =G105 -> 2352000 | M105: =G105-SUM(I105:L105) -> 0 | N105: =I105 -> 2352000 | T105: =I105-SUM(N105:S105) -> 0
A106: Kit Primeros Auxilios para Guardian para la vida | D106: =+'Alcance 1_Guardianes '!D32 -> Kit | E106: =+'Alcance 1_Guardianes '!E32 -> 1 | F106: =+'Alcance 1_Guardianes '!F32 -> 150000 | G106: =+F106*E106 -> 150000 | H106: =IFERROR(G106/$G$149,0) -> 0.0085922287 | J106: =G106 -> 150000 | M106: =G106-SUM(I106:L106) -> 0 | T106: =I106-SUM(N106:S106) -> 0
A107: Distintivos de imagen institucional corporativa básica - Camibuso 3 por Guardian para la vida | D107: =+'Alcance 1_Guardianes '!D33 -> Unidad | E107: =+'Alcance 1_Guardianes '!E33 -> 3 | F107: =+'Alcance 1_Guardianes '!F33 -> 49600 | G107: =+F107*E107 -> 148800 | H107: =IFERROR(G107/$G$149,0) -> 0.0085234909 | J107: =G107 -> 148800 | M107: =G107-SUM(I107:L107) -> 0 | T107: =I107-SUM(N107:S107) -> 0
A108: Distintivos de imagen institucional corporativa básica - Pava 2 porGuardian para la vida | D108: =+'Alcance 1_Guardianes '!D34 -> Unidad | E108: =+'Alcance 1_Guardianes '!E34 -> 2 | F108: =+'Alcance 1_Guardianes '!F34 -> 55880 | G108: =+F108*E108 -> 111760 | H108: =IFERROR(G108/$G$149,0) -> 0.0064017832 | J108: =G108 -> 111760 | M108: =G108-SUM(I108:L108) -> 0 | T108: =I108-SUM(N108:S108) -> 0
A109: Botas Macha Alta Negra | D109: =+'Alcance 1_Guardianes '!D35 -> Unidad | E109: =+'Alcance 1_Guardianes '!E35 -> 1 | F109: =+'Alcance 1_Guardianes '!F35 -> 40000 | G109: =+F109*E109 -> 40000 | H109: =IFERROR(G109/$G$149,0) -> 0.002291261 | J109: =G109 -> 40000 | M109: =G109-SUM(I109:L109) -> 0 | T109: =I109-SUM(N109:S109) -> 0
A110: Apoyo locativo, conocimiento tecnico, transporte o alimentacion | D110: =+'Alcance 1_Guardianes '!D36 -> Global | E110: =+'Alcance 1_Guardianes '!E36 -> 1 | F110: =+'Alcance 1_Guardianes '!F36 -> 7540000 | G110: =+F110*E110 -> 7540000 | H110: =IFERROR(G110/$G$149,0) -> 0.4319027 | L110: =G110 -> 7540000 | M110: =G110-SUM(I110:L110) -> 0 | T110: =I110-SUM(N110:S110) -> 0
A111: Desplazamiento y manutencion tecnologo | D111: Visitas | E111: 4 | F111: 87000 | G111: =+F111*E111 -> 348000 | H111: =IFERROR(G111/$G$149,0) -> 0.019933971 | I111: =G111 -> 348000 | M111: =G111-SUM(I111:L111) -> 0 | O111: =I111 -> 348000 | T111: =I111-SUM(N111:S111) -> 0
A112: Pago de PSA para los predios del municipio | D112: Predios | E112: 3 | F112: ='Alcance 2. PSA'!F34 -> 1726405.3 | G112: =+F112*E112 -> 5179215.8 | H112: =IFERROR(G112/$G$149,0) -> 0.29667338 | I112: =G112 -> 5179215.8 | M112: =G112-SUM(I112:L112) -> 0 | O112: =I112 -> 5179215.8 | T112: =I112-SUM(N112:S112) -> 0
A113: Desplazamiento, manutensiòn y pernota de profesionales en campo | D113: viajes | E113: 2 | F113: =255000 -> 255000 | G113: =+F113*E113 -> 510000 | H113: =IFERROR(G113/$G$149,0) -> 0.029213578 | I113: =G113 -> 510000 | M113: =G113-SUM(I113:L113) -> 0 | P113: =I113 -> 510000 | T113: =I113-SUM(N113:S113) -> 0
A114: Acciones para implementación de acciones de restauración y preservación | D114: accion por vereda | E114: 1 | F114: 1077860 | G114: =+F114*E114 -> 1077860 | H114: =IFERROR(G114/$G$149,0) -> 0.061741464 | I114: =G114 -> 1077860 | M114: =G114-SUM(I114:L114) -> 0 | P114: =I114 -> 1077860 | T114: =I114-SUM(N114:S114) -> 0
H115: =IFERROR(G115/$G$149,0) -> 0 | I115: =G115 -> 0 | M115: =G115-SUM(I115:L115) -> 0 | T115: =I115-SUM(N115:S115) -> 0
H116: =IFERROR(G116/$G$149,0) -> 0 | I116: =G116 -> 0 | M116: =G116-SUM(I116:L116) -> 0 | T116: =I116-SUM(N116:S116) -> 0
G117: =+F117*E117 -> 0 | H117: =IFERROR(G117/$G$149,0) -> 0 | M117: =G117-SUM(I117:L117) -> 0 | T117: =I117-SUM(N117:S117) -> 0
G118: =+F118*E118 -> 0 | H118: =IFERROR(G118/$G$149,0) -> 0 | M118: =G118-SUM(I118:L118) -> 0 | T118: =I118-SUM(N118:S118) -> 0
G119: =+F119*E119 -> 0 | H119: =IFERROR(G119/$G$149,0) -> 0 | M119: =G119-SUM(I119:L119) -> 0 | T119: =I119-SUM(N119:S119) -> 0
G120: =+F120*E120 -> 0 | H120: =IFERROR(G120/$G$149,0) -> 0 | M120: =G120-SUM(I120:L120) -> 0 | T120: =I120-SUM(N120:S120) -> 0
G121: =+F121*E121 -> 0 | H121: =IFERROR(G121/$G$149,0) -> 0 | M121: =G121-SUM(I121:L121) -> 0 | T121: =I121-SUM(N121:S121) -> 0
G122: =+F122*E122 -> 0 | H122: =IFERROR(G122/$G$149,0) -> 0 | M122: =G122-SUM(I122:L122) -> 0 | T122: =I122-SUM(N122:S122) -> 0
G123: =+F123*E123 -> 0 | H123: =IFERROR(G123/$G$149,0) -> 0 | M123: =G123-SUM(I123:L123) -> 0 | T123: =I123-SUM(N123:S123) -> 0
G124: =+F124*E124 -> 0 | H124: =IFERROR(G124/$G$149,0) -> 0 | M124: =G124-SUM(I124:L124) -> 0 | T124: =I124-SUM(N124:S124) -> 0
G125: =+F125*E125 -> 0 | H125: =IFERROR(G125/$G$149,0) -> 0 | M125: =G125-SUM(I125:L125) -> 0 | T125: =I125-SUM(N125:S125) -> 0
G126: =+F126*E126 -> 0 | H126: =IFERROR(G126/$G$149,0) -> 0 | M126: =G126-SUM(I126:L126) -> 0 | T126: =I126-SUM(N126:S126) -> 0
G127: =+F127*E127 -> 0 | H127: =IFERROR(G127/$G$149,0) -> 0 | M127: =G127-SUM(I127:L127) -> 0 | T127: =I127-SUM(N127:S127) -> 0
G128: =+F128*E128 -> 0 | H128: =IFERROR(G128/$G$149,0) -> 0 | M128: =G128-SUM(I128:L128) -> 0 | T128: =I128-SUM(N128:S128) -> 0
... G148: =+F148*E148 -> 0 | H148: =IFERROR(G148/$G$149,0) -> 0 | M148: =G148-SUM(I148:L148) -> 0 | T148: =I148-SUM(N148:S148) -> 0
A149: SUBTOTAL COSTOS (Diferentes a los costos del personal) | G149: =SUM(G105:G148) -> 17457636 | H149: =SUM(H105:H148) -> 1 | I149: =SUM(I105:I148) -> 9467075.8 | J149: =SUM(J105:J148) -> 450560 | K149: =SUM(K105:K148) -> 0 | L149: =SUM(L105:L148) -> 7540000 | M149: =G149-SUM(I149:L149) -> 0
N150: =SUM(N11:N149) -> 11952000 | O150: =SUM(O11:O149) -> 19588216 | P150: =SUM(P11:P149) -> 17543860 | Q150: =SUM(Q11:Q149) -> 0 | R150: =SUM(R11:R149) -> 0 | S150: =SUM(S11:S149) -> 0
I152: FUENTES DE COFINANCIACIÓN
I153: CORANTIOQUIA | K153: Entidad 1:
I154: DINERO | J154: ESPECIE | K154: DINERO | L154: ESPECIE
A155: SUBTOTAL (antes de administración) | G155: =G100+G149 -> 57625661 | I155: =I100+I149 -> 49084076 | J155: =J100+J149 -> 1001585 | K155: =K100+K149 -> 0 | L155: =L100+L149 -> 7540000 | M155: =G155-SUM(I155:L155) -> 0
A156: TOTAL APORTES EN DINERO (antes de administración) | G156: =I156 -> 49084076 | I156: =I155 -> 49084076 | K156: =IF(G154="Si",K155,0) -> 0 | M156: =G156-SUM(I156:L156) -> 0
A157: Gastos de administración u operativos | F157: 0.14 | G157: =F157*G156 -> 6871770.6 | I157: =I156*F157 -> 6871770.6 | K157: =IF($G$154="Si",K156*#REF!,0) -> 0 | M157: =G157-SUM(I157:L157) -> 0
A158: TOTAL (incluido administración) | G158: =G155+G157 -> 64497431 | I158: =SUM(I156:I157) -> 55955846 | J158: =J155 -> 1001585 | K158: =IF(G154="Si",SUM(K156:K157),K155) -> 0 | L158: =L155 -> 7540000 | M158: =G158-SUM(I158:L158) -> 0
I159: =I158+J158 -> 56957431 | K159: =K158+L158 -> 7540000 | M159: Total | N159: =G158-I159-K159 -> 0
I160: =IFERROR(I159/G158,0) -> 0.88309612 | K160: =IFERROR(K159/G158,0) -> 0.11690388 | M160: %
A161: RESUMEN POR CONCEPTO
A162: Ítem | D162: Valor total | E162: (%) PP (SUBTOTAL) | F162: (%) PP (TOTAL)
A163: =A100 -> SUBTOTAL PERSONAL (Mano de Obra Calificada + Mano de Obra no Calificada) | D163: =G100 -> 40168025 | E163: =IFERROR(D163/$G$155,0) -> 0.69705101 | F163: =IFERROR(D163/$G$158,0) -> 0.62278488
A164: =A102 -> COSTOS (Diferentes a los costos del personal) | D164: =G149 -> 17457636 | E164: =IFERROR(D164/$G$155,0) -> 0.30294899 | F164: =IFERROR(D164/$G$158,0) -> 0.2706718
A165: =A157 -> Gastos de administración u operativos | D165: =G157 -> 6871770.6 | E165: NA | F165: =IFERROR(D165/$G$158,0) -> 0.10654332
E166: =SUM(E163:E164) -> 1 | F166: =SUM(F163:F165) -> 1
A168: Realizar el análisis respectivo en caso que el conveniante - ejecutor vaya a realizar un contrato derivado, con la claridad que en este momento se está planeando la relación del convenio CAR - 3ro conveniante, y en caso de una subcontratación por parte del 3ro conveniante ejecutor, este debe considerar las implicaciones financieras de dicho contrato derivado, y realizar la respectiva planeación del mismo. Como se está planeando el convenio, el mismo solo lleva gastos de administración u operativos, ahora bien, para efectos de planeación, se puede hacer el análisis del contrato derivado que en vez de gastos de administración puede acarrear AU e IVA, los cuales en caso de que procedan se deberán considerar dentro de los gastos administrativos u operativos del convenio en la proporción que corresponda a los aportes en dinero de la entidad. Teniendo en cuenta que nuestra competencia se circunscribe al convenio a celebrar, y la forma de ejecución del mismo por parte del conveniante ejecutor, sea directamente o por intermedio de un tercero, es discrecional a él.
A169: Ir a estimar gastos de administración | C169: Info IVA
A171: RESUMEN POR ALCANCES, ACTIVIDADES O SUBACTIVIDADES - RECURSOS EN DINERO CORANTIOQUIA
A172: Alcance, actividad o subactividad | B172: Subtotal en dinero (Costos de personal y diferentes de personal) | C172: Costos de administración u operativos, si aplica | D172: TOTAL | E172: ¿Es alcance de obra? (Si, No) | F172: (%) PP (TOTAL)
A173: Alcance 1 | B173: =N150 -> 11952000 | C173: =+B173*0.14 -> 1673280 | D173: =SUM(B173:C173) -> 13625280 | E173: No | F173: =IFERROR(D173/$I$158,0) -> 0.24350056
...

Sheet Alcance 1_Guardianes 
D1: SISTEMA DE GESTIÓN INTEGRAL - SGI | L1: Instructivo
D2: MEMORIA DE CÁLCULO - OPCIÓN 3
D3: CÓDIGO: F-PGC-21 | G3: =Instructivo!G3 -> VERSIÓN: 04
A5: MODALIDAD DE CONTRATACIÓN: | F5: ='Plan Ejecución'!AE5 -> Convenio Interadministrativo
A6: OBJETO A CONTRATAR: | F6: ='Plan Ejecución'!AE6 -> Aunar esfuerzos con el municipio de Heliconia para ejecución de las metas planteadas en el Plan de Acción 2024-2027 "Conectados por la vida"
A8: PROCESO/ ALCANCE / ACTIVIDAD: | F8: =+'Plan Ejecución'!B17 -> Alcance 1. Ejecutar acciones enmarcadas en las áreas protegidas y otras estrategias de conservación de la jurisdicción del municipio.
A9: UNIDAD DE MEDIDA PARA EL PRECIO UNITARIO:
A10: ESPECIFICACIÓN TÉCNICA PARA EL PRECIO UNITARIO:
A12: DISCRIMINACIÓN DE COSTOS | H12: FUENTES DE COFINANCIACIÓN
H13: CORANTIOQUIA | J13: Entidad 1: Municipio
A14: ACTIVIDAD 1
A15: Ítem | B15: Cantidad personal | C15: (%) Dedicación | D15: Unidad de medida | E15: Cantidad | F15: Valor unitario base | G15: Valor total | H15: DINERO | I15: ESPECIE | J15: DINERO | K15: ESPECIE
A16: COSTOS DE PERSONAL
A17: Bachiller | B17: 1 | C17: 1 | D17: mes | E17: 4 | F17: =+Honorarios!B9 -> 2400000 | G17: =B17*C17*E17*F17 -> 9600000 | H17: =+G17 -> 9600000
A28: SUBTOTAL COSTOS DE PERSONAL | G28: =SUM(G17:G27) -> 9600000 | H28: =SUM(H17:H27) -> 9600000 | I28: =SUM(I17:I27) -> 0 | J28: =SUM(J17:J27) -> 0 | K28: =SUM(K17:K27) -> 0
A29: Ítem | D29: Unidad de medida | E29: Cantidad | F29: Valor unitario | G29: Valor total | H29: DINERO | I29: ESPECIE | J29: DINERO | K29: ESPECIE
A30: OTROS COSTOS (Diferentes a los costos de personal)
A31: Gastos de desplazamiento y manutención de guardian para la vida, 14 recorridos por mes | D31: Mes | E31: =+E17 -> 4 | F31: =42000*14*B17 -> 588000 | G31: =E31*F31 -> 2352000 | H31: =+G31 -> 2352000
A32: Kit Primeros Auxilios para Guardian para la vida | D32: Kit | E32: 1 | F32: 150000 | G32: =+F32*E32 -> 150000 | I32: =+G32 -> 150000
A33: Distintivos de imagen institucional corporativa básica - Camibuso 3 por Guardian para la vida | D33: Unidad | E33: 3 | F33: 49600 | G33: =+F33*E33 -> 148800 | I33: =+G33 -> 148800
A34: Distintivos de imagen institucional corporativa básica - Pava 2 porGuardian para la vida | D34: Unidad | E34: 2 | F34: 55880 | G34: =+F34*E34 -> 111760 | I34: =+G34 -> 111760
A35: Botas Macha Alta Negra | D35: Unidad | E35: 1 | F35: 40000 | G35: =+F35*E35 -> 40000 | I35: =+G35 -> 40000
A36: Apoyo locativo, conocimiento tecnico, transporte o alimentacion | D36: Global | E36: 1 | F36: 7540000 | G36: =+F36*E36 -> 7540000 | K36: =+G36 -> 7540000
G43: =E43*F43 -> 0
G44: =E44*F44 -> 0
A45: SUBTOTAL OTROS COSTOS | G45: =SUM(G31:G44) -> 10342560 | H45: =SUM(H31:H44) -> 2352000 | I45: =SUM(I31:I44) -> 450560 | J45: =SUM(J31:J44) -> 0 | K45: =SUM(K31:K44) -> 7540000
A46: SUBTOTAL ACTIVIDAD | G46: =G28+G45 -> 19942560 | H46: =H28+H45 -> 11952000 | I46: =I28+I45 -> 450560 | J46: =J28+J45 -> 0 | K46: =K28+K45 -> 7540000
A47: ¿ES UN CONTRATO O REQUIERE CONTRATO DERIVADO? | G47: Si
A48: =IF(G47="Si","Administración","Gastos de administración") -> Administración | F48: 0.14 | G48: =F48*H46 -> 1673280 | H48: =G48 -> 1673280 | L48: Gastos de administración
A49: =IF(G47="Si","Utilidad","") -> Utilidad | G49: 0
A50: =IF(G47="Si","IVA","") -> IVA | G50: =G46*F50 -> 0 | L50: Info IVA
A51: =IF(G47="Si","TOTAL (después de AU e IVA)", "TOTAL (después de administración)") -> TOTAL (después de AU e IVA) | G51: =SUM(G48:G50)+G46 -> 21615840 | H51: =SUM(H48:H50)+H46 -> 13625280 | I51: =SUM(I48:I50)+I46 -> 450560 | J51: =SUM(J48:J50)+J46 -> 0 | K51: =SUM(K48:K50)+K46 -> 7540000
A52: Unidades | C52: Unidad de medida | E52: Costo unitario (antes de administración, utilidad e IVA si aplican) | F52: =IFERROR(G46/B52,0) -> 0 | G52: Descripción:
A54: Unidades | B54: 10 | C54: Unidad de medida | D54: hectareas | E54: Costo unitario sin MO (antes de administración, utilidad e IVA si aplican) | F54: =IFERROR((G46-G28)/B54,0) -> 1034256 | G54: Descripción:
A56: ACTIVIDAD 2
A57: Ítem | B57: Cantidad personal | C57: (%) Dedicación | D57: Unidad de medida | E57: Cantidad | F57: Valor unitario base | G57: Valor total | H57: DINERO | I57: ESPECIE | J57: DINERO | K57: ESPECIE
A58: COSTOS DE PERSONAL
G59: =B59*C59*E59*F59 -> 0
G60: =B60*C60*E60*F60 -> 0
G61: =B61*C61*E61*F61 -> 0
G62: =B62*C62*E62*F62 -> 0
G63: =B63*C63*E63*F63 -> 0
G64: =B64*C64*E64*F64 -> 0
G65: =B65*C65*E65*F65 -> 0
G66: =B66*C66*E66*F66 -> 0
G67: =B67*C67*E67*F67 -> 0
G68: =B68*C68*E68*F68 -> 0
G69: =B69*C69*E69*F69 -> 0
A70: SUBTOTAL COSTOS DE PERSONAL | G70: =SUM(G59:G69) -> 0 | H70: =SUM(H59:H69) -> 0 | I70: =SUM(I59:I69) -> 0 | J70: =SUM(J59:J69) -> 0 | K70: =SUM(K59:K69) -> 0
A71: Ítem | D71: Unidad de medida | E71: Cantidad | F71: Valor unitario | G71: Valor total | H71: DINERO | I71: ESPECIE | J71: DINERO | K71: ESPECIE
A72: OTROS COSTOS (Diferentes a los costos de personal)
G73: =E73*F73 -> 0
G74: =E74*F74 -> 0
G75: =E75*F75 -> 0
G76: =E76*F76 -> 0
G77: =E77*F77 -> 0
G78: =E78*F78 -> 0
G79: =E79*F79 -> 0
G80: =E80*F80 -> 0
G81: =E81*F81 -> 0
G82: =E82*F82 -> 0
G83: =E83*F83 -> 0
G84: =E84*F84 -> 0
... G86: =E86*F86 -> 0
A87: SUBTOTAL OTROS COSTOS | G87: =SUM(G73:G86) -> 0 | H87: =SUM(H73:H86) -> 0 | I87: =SUM(I73:I86) -> 0 | J87: =SUM(J73:J86) -> 0 | K87: =SUM(K73:K86) -> 0
A88: SUBTOTAL ACTIVIDAD | G88: =G70+G87 -> 0 | H88: =H70+H87 -> 0 | I88: =I70+I87 -> 0 | J88: =J70+J87 -> 0 | K88: =K70+K87 -> 0
A89: ¿ES UN CONTRATO O REQUIERE CONTRATO DERIVADO? | G89: Si
A90: =IF(G89="Si","Administración","Gastos de administración") -> Administración | G90: 0 | H90: =G90 -> 0 | L90: Gastos de administración
A91: =IF(G89="Si","Utilidad","") -> Utilidad | G91: 0
A92: =IF(G89="Si","IVA","") -> IVA | G92: =G88*F92 -> 0 | L92: Info IVA
A93: =IF(G89="Si","TOTAL (después de AU e IVA)", "TOTAL (después de administración)") -> TOTAL (después de AU e IVA) | G93: =SUM(G90:G92)+G88 -> 0 | H93: =SUM(H90:H92)+H88 -> 0 | I93: =SUM(I90:I92)+I88 -> 0 | J93: =SUM(J90:J92)+J88 -> 0 | K93: =SUM(K90:K92)+K88 -> 0
A94: Unidades | C94: Unidad de medida | E94: Costo unitario (antes de administración, utilidad e IVA si aplican) | F94: =IFERROR(G88/B94,0) -> 0 | G94: Descripción:
A96: Unidades | B96: =L59 -> 0 | C96: Unidad de medida | D96: hectareas | E96: Costo unitario sin MO (antes de administración, utilidad e IVA si aplican) | F96: =IFERROR((G88-G70)/B96,0) -> 0 | G96: Descripción:
A98: ACTIVIDAD 3
A99: Ítem | B99: Cantidad personal | C99: (%) Dedicación | D99: Unidad de medida | E99: Cantidad | F99: Valor unitario base | G99: Valor total | H99: DINERO | I99: ESPECIE | J99: DINERO | K99: ESPECIE
A100: COSTOS DE PERSONAL
G105: =B105*C105*E105*F105 -> 0
G106: =B106*C106*E106*F106 -> 0
G107: =B107*C107*E107*F107 -> 0
G108: =B108*C108*E108*F108 -> 0
G109: =B109*C109*E109*F109 -> 0
G110: =B110*C110*E110*F110 -> 0
G111: =B111*C111*E111*F111 -> 0
A112: SUBTOTAL COSTOS DE PERSONAL | G112: =SUM(G101:G111) -> 0 | H112: =SUM(H101:H111) -> 0 | I112: =SUM(I101:I111) -> 0 | J112: =SUM(J101:J111) -> 0 | K112: =SUM(K101:K111) -> 0
A113: Ítem | D113: Unidad de medida | E113: Cantidad | F113: Valor unitario | G113: Valor total | H113: DINERO | I113: ESPECIE | J113: DINERO | K113: ESPECIE
A114: OTROS COSTOS (Diferentes a los costos de personal)
G115: =E115*F115 -> 0
G116: =E116*F116 -> 0
G117: =E117*F117 -> 0
G118: =E118*F118 -> 0
G119: =E119*F119 -> 0
G120: =E120*F120 -> 0
G121: =E121*F121 -> 0
G122: =E122*F122 -> 0
G123: =E123*F123 -> 0
G124: =E124*F124 -> 0
G125: =E125*F125 -> 0
G126: =E126*F126 -> 0
... G128: =E128*F128 -> 0
A129: SUBTOTAL OTROS COSTOS | G129: =SUM(G115:G128) -> 0 | H129: =SUM(H115:H128) -> 0 | I129: =SUM(I115:I128) -> 0 | J129: =SUM(J115:J128) -> 0 | K129: =SUM(K115:K128) -> 0
...

Sheet Alcance_2_PSA
D1: SISTEMA DE GESTIÓN INTEGRAL - SGI | L1: Instructivo
D2: MEMORIA DE CÁLCULO - OPCIÓN 3
D3: CÓDIGO: F-PGC-21 | G3: =[7]Instructivo!G3 -> VERSIÓN: 04
A5: MODALIDAD DE CONTRATACIÓN: | F5: ='[7]Plan Ejecución'!AE5 -> Convenio Interadministrativo
A6: OBJETO A CONTRATAR: | F6: ='[7]Plan Ejecución'!AE6 -> “Aunar esfuerzos técnicos, administrativos y financieros para caracterizar el esquema de pago por servicios ambientales, para la conservación de ecosistemas estratégicos asociados al recurso hídrico bajo los parámetros establecidos en la ordenanza Departamental N° 049 de 2016, en familias campesinas en el territorio del Municipio XXXXX en la jurisdicción de CORANTIOQUIA.”
A8: PROCESO/ ALCANCE / ACTIVIDAD:
A9: UNIDAD DE MEDIDA PARA EL PRECIO UNITARIO:
A10: ESPECIFICACIÓN TÉCNICA PARA EL PRECIO UNITARIO:
A12: DISCRIMINACIÓN DE COSTOS | H12: FUENTES DE COFINANCIACIÓN
H13: CORANTIOQUIA | J13: Entidad 1:
A14: ACTIVIDAD 1
A15: Ítem | B15: Cantidad personal | C15: (%) Dedicación | D15: Unidad de medida | E15: Cantidad | F15: Valor unitario base | G15: Valor total | H15: DINERO | I15: ESPECIE | J15: DINERO | K15: ESPECIE
A16: COSTOS DE PERSONAL
A17: Profesional con experiencia | B17: 1 | C17: 0.3 | D17: Mes | E17: 3 | F17: 7347000 | G17: =F17*E17*C17 -> 6612300 | H17: 6612300
A18: Tecnólogo sin experiencia | B18: 1 | C18: 0.5 | D18: Mes | E18: 3 | F18: 4041000 | G18: =F18*E18*C18 -> 6061500 | H18: 6061500
G20: =B20*C20*E20*F20 -> 0
G21: =B21*C21*E21*F21 -> 0
G22: =B22*C22*E22*F22 -> 0
G23: =B23*C23*E23*F23 -> 0
G24: =B24*C24*E24*F24 -> 0
G25: =B25*C25*E25*F25 -> 0
G26: =B26*C26*E26*F26 -> 0
G27: =B27*C27*E27*F27 -> 0
A28: SUBTOTAL COSTOS DE PERSONAL | G28: =SUM(G17:G27) -> 12673800 | H28: =SUM(H17:H27) -> 12673800 | I28: =SUM(I17:I27) -> 0 | J28: =SUM(J17:J27) -> 0 | K28: =SUM(K17:K27) -> 0
A29: Ítem | D29: Unidad de medida | E29: Cantidad | F29: Valor unitario | G29: Valor total | H29: DINERO | I29: ESPECIE | J29: DINERO | K29: ESPECIE
A30: OTROS COSTOS (Diferentes a los costos de personal)
A31: Desplazamiento y manutencion tecnologo | D31: Visitas | E31: 10 | F31: 87000 | G31: =E31*F31 -> 870000 | H31: =G31 -> 870000
A32: Pago de PSA para los predios del municipio | D32: Predios | E32: 10 | F32: 700000 | G32: =E32*F32 -> 7000000 | H32: =G32 -> 7000000
G33: =E33*F33 -> 0
G34: =E34*F34 -> 0
G35: =E35*F35 -> 0
G36: =E36*F36 -> 0
G37: =E37*F37 -> 0
G38: =E38*F38 -> 0
G39: =E39*F39 -> 0
G40: =E40*F40 -> 0
G41: =E41*F41 -> 0
G42: =E42*F42 -> 0
G43: =E43*F43 -> 0
G44: =E44*F44 -> 0
A45: SUBTOTAL OTROS COSTOS | G45: =SUM(G31:G44) -> 7870000 | H45: =SUM(H31:H44) -> 7870000 | I45: =SUM(I31:I44) -> 0 | J45: =SUM(J31:J44) -> 0 | K45: =SUM(K31:K44) -> 0
A46: SUBTOTAL ACTIVIDAD | G46: =G28+G45 -> 20543800 | H46: =H28+H45 -> 20543800 | I46: =I28+I45 -> 0 | J46: =J28+J45 -> 0 | K46: =K28+K45 -> 0
A47: ¿ES UN CONTRATO O REQUIERE CONTRATO DERIVADO? | G47: Si
A48: =IF(G47="Si","Administración","Gastos de administración") -> Administración | F48: 0.14 | G48: =H46*F48 -> 2876132 | H48: =H46*0.14 -> 2876132 | L48: Gastos de administración
A49: =IF(G47="Si","Utilidad","") -> Utilidad | G49: 0
A50: =IF(G47="Si","IVA","") -> IVA | G50: 0 | L50: Info IVA
A51: =IF(G47="Si","TOTAL (después de AU e IVA)", "TOTAL (después de administración)") -> TOTAL (después de AU e IVA) | G51: =SUM(G48:G50)+G46 -> 23419932 | H51: =SUM(H48:H50)+H46 -> 23419932 | I51: =SUM(I48:I50)+I46 -> 0 | J51: =SUM(J48:J50)+J46 -> 0 | K51: =SUM(K48:K50)+K46 -> 0
A52: Unidades | C52: Unidad de medida | E52: Costo unitario (antes de administración, utilidad e IVA si aplican) | F52: =IFERROR(G46/B52,0) -> 0 | G52: Descripción:
A54: Unidades | C54: Unidad de medida | E54: Costo unitario sin MO (antes de administración, utilidad e IVA si aplican) | F54: =IFERROR((G46-G28)/B54,0) -> 0 | G54: Descripción:
A56: ACTIVIDAD 2
A57: Ítem | B57: Cantidad personal | C57: (%) Dedicación | D57: Unidad de medida | E57: Cantidad | F57: Valor unitario base | G57: Valor total | H57: DINERO | I57: ESPECIE | J57: DINERO | K57: ESPECIE
A58: COSTOS DE PERSONAL
G59: =B59*C59*E59*F59 -> 0
G60: =B60*C60*E60*F60 -> 0
G61: =B61*C61*E61*F61 -> 0
G62: =B62*C62*E62*F62 -> 0
G63: =B63*C63*E63*F63 -> 0
G64: =B64*C64*E64*F64 -> 0
G65: =B65*C65*E65*F65 -> 0
G66: =B66*C66*E66*F66 -> 0
G67: =B67*C67*E67*F67 -> 0
G68: =B68*C68*E68*F68 -> 0
G69: =B69*C69*E69*F69 -> 0
A70: SUBTOTAL COSTOS DE PERSONAL | G70: =SUM(G59:G69) -> 0 | H70: =SUM(H59:H69) -> 0 | I70: =SUM(I59:I69) -> 0 | J70: =SUM(J59:J69) -> 0 | K70: =SUM(K59:K69) -> 0
A71: Ítem | D71: Unidad de medida | E71: Cantidad | F71: Valor unitario | G71: Valor total | H71: DINERO | I71: ESPECIE | J71: DINERO | K71: ESPECIE
A72: OTROS COSTOS (Diferentes a los costos de personal)
G73: =E73*F73 -> 0
G74: =E74*F74 -> 0
G75: =E75*F75 -> 0
G76: =E76*F76 -> 0
G77: =E77*F77 -> 0
G78: =E78*F78 -> 0
G79: =E79*F79 -> 0
G80: =E80*F80 -> 0
G81: =E81*F81 -> 0
G82: =E82*F82 -> 0
G83: =E83*F83 -> 0
G84: =E84*F84 -> 0
... G86: =E86*F86 -> 0
A87: SUBTOTAL OTROS COSTOS | G87: =SUM(G73:G86) -> 0 | H87: =SUM(H73:H86) -> 0 | I87: =SUM(I73:I86) -> 0 | J87: =SUM(J73:J86) -> 0 | K87: =SUM(K73:K86) -> 0
A88: SUBTOTAL ACTIVIDAD | G88: =G70+G87 -> 0 | H88: =H70+H87 -> 0 | I88: =I70+I87 -> 0 | J88: =J70+J87 -> 0 | K88: =K70+K87 -> 0
A89: ¿ES UN CONTRATO O REQUIERE CONTRATO DERIVADO? | G89: No
A90: =IF(G89="Si","Administración","Gastos de administración") -> Gastos de administración | G90: 0 | H90: =G90 -> 0 | L90: Gastos de administración
A91: =IF(G89="Si","Utilidad","") | G91: 0
A92: =IF(G89="Si","IVA","") | G92: 0 | L92: Info IVA
A93: =IF(G89="Si","TOTAL (después de AU e IVA)", "TOTAL (después de administración)") -> TOTAL (después de administración) | G93: =SUM(G90:G92)+G88 -> 0 | H93: =SUM(H90:H92)+H88 -> 0 | I93: =SUM(I90:I92)+I88 -> 0 | J93: =SUM(J90:J92)+J88 -> 0 | K93: =SUM(K90:K92)+K88 -> 0
A94: Unidades | C94: Unidad de medida | E94: Costo unitario (antes de administración, utilidad e IVA si aplican) | F94: =IFERROR(G88/B94,0) -> 0 | G94: Descripción:
A96: Unidades | C96: Unidad de medida | E96: Costo unitario sin MO (antes de administración, utilidad e IVA si aplican) | F96: =IFERROR((G88-G70)/B96,0) -> 0 | G96: Descripción:
A98: ACTIVIDAD 3
A99: Ítem | B99: Cantidad personal | C99: (%) Dedicación | D99: Unidad de medida | E99: Cantidad | F99: Valor unitario base | G99: Valor total | H99: DINERO | I99: ESPECIE | J99: DINERO | K99: ESPECIE
A100: COSTOS DE PERSONAL
G101: =B101*C101*E101*F101 -> 0
G102: =B102*C102*E102*F102 -> 0
G103: =B103*C103*E103*F103 -> 0
G104: =B104*C104*E104*F104 -> 0
G105: =B105*C105*E105*F105 -> 0
G106: =B106*C106*E106*F106 -> 0
G107: =B107*C107*E107*F107 -> 0
G108: =B108*C108*E108*F108 -> 0
G109: =B109*C109*E109*F109 -> 0
...

Sheet Alcance 2. PSA
D1: SISTEMA DE GESTIÓN INTEGRAL - SGI | L1: Instructivo
D2: MEMORIA DE CÁLCULO - OPCIÓN 3
D3: CÓDIGO: F-PGC-21 | G3: =[7]Instructivo!G3 -> VERSIÓN: 04
A5: MODALIDAD DE CONTRATACIÓN: | F5: ='[7]Plan Ejecución'!AE5 -> Convenio Interadministrativo
F6: Aunar esfuerzos con el municipio de Jérico para ejecución de las metas planteadas en el Plan de Acción 2024-2027 "Conectados por la vida"
A8: OBJETO A CONTRATAR: | F8: Aunar esfuerzos con el municipio de Heliconia para ejecución de las metas planeadas en el Plan de Acción 2024 – 2027 “Conectados por la vida”
A10: PROCESO/ ALCANCE / ACTIVIDAD:
A11: UNIDAD DE MEDIDA PARA EL PRECIO UNITARIO:
A12: ESPECIFICACIÓN TÉCNICA PARA EL PRECIO UNITARIO:
A14: DISCRIMINACIÓN DE COSTOS | H14: FUENTES DE COFINANCIACIÓN
H15: CORANTIOQUIA | J15: Entidad 1:
A16: ACTIVIDAD 1
A17: Ítem | B17: Cantidad personal | C17: (%) Dedicación | D17: Unidad de medida | E17: Cantidad | F17: Valor unitario base | G17: Valor total | H17: DINERO | I17: ESPECIE | J17: DINERO | K17: ESPECIE
A18: COSTOS DE PERSONAL
A19: Profesional con experiencia | B19: 1 | C19: 0.025 | D19: Mes | E19: 3 | F19: 7347000 | G19: =F19*E19*C19*B19 -> 551025 | I19: =G19 -> 551025
C20: 0.0416 | D20: Mes | E20: 3 | F20: 4687000 | G20: =F20*E20*C20*B20 -> 0 | I20: =G20 -> 0
A21: Tecnólogo con experiencia | B21: 1 | C21: 1 | D21: Mes | E21: 3 | F21: 4687000 | G21: =F21*E21*C21*B21 -> 14061000 | H21: =G21 -> 14061000
G22: =B22*C22*E22*F22 -> 0
G23: =B23*C23*E23*F23 -> 0
G24: =B24*C24*E24*F24 -> 0
G25: =B25*C25*E25*F25 -> 0
G26: =B26*C26*E26*F26 -> 0
G27: =B27*C27*E27*F27 -> 0
G28: =B28*C28*E28*F28 -> 0
G29: =B29*C29*E29*F29 -> 0
A30: SUBTOTAL COSTOS DE PERSONAL | G30: =SUM(G19:G29) -> 14612025 | H30: =SUM(H19:H29) -> 14061000 | I30: =SUM(I19:I29) -> 551025 | J30: =SUM(J19:J29) -> 0 | K30: =SUM(K19:K29) -> 0
A31: Ítem | D31: Unidad de medida | E31: Cantidad | F31: Valor unitario | G31: Valor total | H31: DINERO | I31: ESPECIE | J31: DINERO | K31: ESPECIE
A32: OTROS COSTOS (Diferentes a los costos de personal)
A33: Desplazamiento y manutencion tecnologo | D33: Visitas | E33: 4 | F33: 87000 | G33: =E33*F33 -> 348000 | H33: =+G33 -> 348000
A34: Pago de PSA para los predios del municipio | D34: meses | E34: 3 | F34: 1726405.3 | G34: =E34*F34 -> 5179215.8 | H34: =+G34 -> 5179215.8
G35: =E35*F35 -> 0 | M35: 2101172
G36: =E36*F36 -> 0
G37: =E37*F37 -> 0
G38: =E38*F38 -> 0
G39: =E39*F39 -> 0
G40: =E40*F40 -> 0
G41: =E41*F41 -> 0
G42: =E42*F42 -> 0
G43: =E43*F43 -> 0
G44: =E44*F44 -> 0
G45: =E45*F45 -> 0
G46: =E46*F46 -> 0
A47: SUBTOTAL OTROS COSTOS | G47: =SUM(G33:G46) -> 5527215.8 | H47: =SUM(H33:H46) -> 5527215.8 | I47: =SUM(I33:I46) -> 0 | J47: =SUM(J33:J46) -> 0 | K47: =SUM(K33:K46) -> 0
A48: SUBTOTAL ACTIVIDAD | G48: =G30+G47 -> 20139241 | H48: =H30+H47 -> 19588216 | I48: =I30+I47 -> 551025 | J48: =J30+J47 -> 0 | K48: =K30+K47 -> 0
A49: ¿ES UN CONTRATO O REQUIERE CONTRATO DERIVADO? | G49: Si
A50: =IF(G49="Si","Administración","Gastos de administración") -> Administración | F50: 0.14 | G50: =H48*F50 -> 2742350.2 | H50: =H48*0.14 -> 2742350.2 | L50: Gastos de administración
A51: =IF(G49="Si","Utilidad","") -> Utilidad | G51: 0
A52: =IF(G49="Si","IVA","") -> IVA | G52: 0 | L52: Info IVA
A53: =IF(G49="Si","TOTAL (después de AU e IVA)", "TOTAL (después de administración)") -> TOTAL (después de AU e IVA) | H53: =SUM(H50:H52)+H48 -> 22330566 | I53: =SUM(I50:I52)+I48 -> 551025 | J53: =SUM(J50:J52)+J48 -> 0 | K53: =SUM(K50:K52)+K48 -> 0
A54: Unidades | C54: Unidad de medida | E54: Costo unitario (antes de administración, utilidad e IVA si aplican) | F54: =IFERROR(G48/B54,0) -> 0 | G54: Descripción:
A56: Unidades | C56: Unidad de medida | E56: Costo unitario sin MO (antes de administración, utilidad e IVA si aplican) | F56: =IFERROR((G48-G30)/B56,0) -> 0 | G56: Descripción:
A58: ACTIVIDAD 2
A59: Ítem | B59: Cantidad personal | C59: (%) Dedicación | D59: Unidad de medida | E59: Cantidad | F59: Valor unitario base | G59: Valor total | H59: DINERO | I59: ESPECIE | J59: DINERO | K59: ESPECIE
A60: COSTOS DE PERSONAL
G61: =B61*C61*E61*F61 -> 0
G62: =B62*C62*E62*F62 -> 0
G63: =B63*C63*E63*F63 -> 0
G64: =B64*C64*E64*F64 -> 0
G65: =B65*C65*E65*F65 -> 0
G66: =B66*C66*E66*F66 -> 0
G67: =B67*C67*E67*F67 -> 0
G68: =B68*C68*E68*F68 -> 0
G69: =B69*C69*E69*F69 -> 0
G70: =B70*C70*E70*F70 -> 0
G71: =B71*C71*E71*F71 -> 0
A72: SUBTOTAL COSTOS DE PERSONAL | G72: =SUM(G61:G71) -> 0 | H72: =SUM(H61:H71) -> 0 | I72: =SUM(I61:I71) -> 0 | J72: =SUM(J61:J71) -> 0 | K72: =SUM(K61:K71) -> 0
A73: Ítem | D73: Unidad de medida | E73: Cantidad | F73: Valor unitario | G73: Valor total | H73: DINERO | I73: ESPECIE | J73: DINERO | K73: ESPECIE
A74: OTROS COSTOS (Diferentes a los costos de personal)
G75: =E75*F75 -> 0
G76: =E76*F76 -> 0
G77: =E77*F77 -> 0
G78: =E78*F78 -> 0
G79: =E79*F79 -> 0
G80: =E80*F80 -> 0
G81: =E81*F81 -> 0
G82: =E82*F82 -> 0
G83: =E83*F83 -> 0
G84: =E84*F84 -> 0
G85: =E85*F85 -> 0
G86: =E86*F86 -> 0
... G88: =E88*F88 -> 0
A89: SUBTOTAL OTROS COSTOS | G89: =SUM(G75:G88) -> 0 | H89: =SUM(H75:H88) -> 0 | I89: =SUM(I75:I88) -> 0 | J89: =SUM(J75:J88) -> 0 | K89: =SUM(K75:K88) -> 0
A90: SUBTOTAL ACTIVIDAD | G90: =G72+G89 -> 0 | H90: =H72+H89 -> 0 | I90: =I72+I89 -> 0 | J90: =J72+J89 -> 0 | K90: =K72+K89 -> 0
A91: ¿ES UN CONTRATO O REQUIERE CONTRATO DERIVADO? | G91: No
A92: =IF(G91="Si","Administración","Gastos de administración") -> Gastos de administración | G92: 0 | H92: =G92 -> 0 | L92: Gastos de administración
A93: =IF(G91="Si","Utilidad","") | G93: 0
A94: =IF(G91="Si","IVA","") | G94: 0 | L94: Info IVA
A95: =IF(G91="Si","TOTAL (después de AU e IVA)", "TOTAL (después de administración)") -> TOTAL (después de administración) | G95: =SUM(G92:G94)+G90 -> 0 | H95: =SUM(H92:H94)+H90 -> 0 | I95: =SUM(I92:I94)+I90 -> 0 | J95: =SUM(J92:J94)+J90 -> 0 | K95: =SUM(K92:K94)+K90 -> 0
A96: Unidades | C96: Unidad de medida | E96: Costo unitario (antes de administración, utilidad e IVA si aplican) | F96: =IFERROR(G90/B96,0) -> 0 | G96: Descripción:
A98: Unidades | C98: Unidad de medida | E98: Costo unitario sin MO (antes de administración, utilidad e IVA si aplican) | F98: =IFERROR((G90-G72)/B98,0) -> 0 | G98: Descripción:
A100: ACTIVIDAD 3
A101: Ítem | B101: Cantidad personal | C101: (%) Dedicación | D101: Unidad de medida | E101: Cantidad | F101: Valor unitario base | G101: Valor total | H101: DINERO | I101: ESPECIE | J101: DINERO | K101: ESPECIE
A102: COSTOS DE PERSONAL
G103: =B103*C103*E103*F103 -> 0
G104: =B104*C104*E104*F104 -> 0
G105: =B105*C105*E105*F105 -> 0
G106: =B106*C106*E106*F106 -> 0
G107: =B107*C107*E107*F107 -> 0
G108: =B108*C108*E108*F108 -> 0
G109: =B109*C109*E109*F109 -> 0
...

Sheet Alcance3_ACUEDUCTOS
D1: SISTEMA DE GESTIÓN INTEGRAL - SGI | L1: Instructivo
D2: MEMORIA DE CÁLCULO - OPCIÓN 3
D3: CÓDIGO: F-PGC-21 | G3: =[13]Instructivo!G3 -> VERSIÓN: 04
A5: MODALIDAD DE CONTRATACIÓN: | F5: Convenio Interadminsitrativo
A6: OBJETO A CONTRATAR: | F6: Aunar esfuerzos con el municipio de Zaragoza para ejecución de las metas planteadas en el Plan de Acción 2024-2027 "Conectados por la vida"
A8: PROCESO/ ALCANCE / ACTIVIDAD: | F8: Implementar acciones para el fortalecimiento de la gobernanza del agua con el fin de promover la gestión corresponsable en la conectividades y corredores biológicos.
A9: UNIDAD DE MEDIDA PARA EL PRECIO UNITARIO: | F9: Encuentros y restauraciòn ecológica
A10: ESPECIFICACIÓN TÉCNICA PARA EL PRECIO UNITARIO: | F10: Fortalecer las capacidades de los actores de las Juntas Administradoras de Acueductos y Juntas de Acción Comunales para la participación en la gestión ambiental y la planificación adecuada del patrimonio hídrico”
A12: DISCRIMINACIÓN DE COSTOS | H12: FUENTES DE COFINANCIACIÓN
H13: CORANTIOQUIA | J13: Entidad 1:
A14: ACTIVIDAD 1
A15: Ítem | B15: Cantidad personal | C15: (%) Dedicación | D15: Unidad de medida | E15: Cantidad | F15: Valor unitario base | G15: Valor total | H15: DINERO | I15: ESPECIE | J15: DINERO | K15: ESPECIE
A16: COSTOS DE PERSONAL
A17: Tecnico | B17: 1 | C17: 1 | D17: mes | E17: 4 | F17: =+[14]Honorarios!B10 -> 3989000 | G17: =B17*C17*E17*F17 -> 15956000 | H17: =G17 -> 15956000
G20: =B20*C20*E20*F20 -> 0 | H20: =G20 -> 0
G21: =B21*C21*E21*F21 -> 0 | H21: =G21 -> 0
G22: =B22*C22*E22*F22 -> 0
G23: =B23*C23*E23*F23 -> 0
G24: =B24*C24*E24*F24 -> 0
G25: =B25*C25*E25*F25 -> 0
G26: =B26*C26*E26*F26 -> 0
G27: =B27*C27*E27*F27 -> 0
A28: 5 | G28: =SUM(G17:G27) -> 15956000 | H28: =SUM(H17:H27) -> 15956000 | I28: =SUM(I17:I27) -> 0 | J28: =SUM(J17:J27) -> 0 | K28: =SUM(K17:K27) -> 0
A29: Ítem | D29: Unidad de medida | E29: Cantidad | F29: Valor unitario | G29: Valor total | H29: DINERO | I29: ESPECIE | J29: DINERO | K29: ESPECIE
A30: OTROS COSTOS (Diferentes a los costos de personal)
A31: Desplazamiento, manutensiòn y pernota de profesionales en campo | D31: viajes | E31: 2 | F31: =255000 -> 255000 | G31: =E31*F31 -> 510000 | H31: =G31 -> 510000
A32: Acciones para implementación de acciones de restauración y preservación | D32: accion por vereda | E32: 1 | F32: 1077860 | G32: =E32*F32 -> 1077860 | H32: =G32 -> 1077860
G33: =E33*F33 -> 0
G34: =E34*F34 -> 0
G35: =E35*F35 -> 0
G36: =E36*F36 -> 0
G37: =E37*F37 -> 0
G38: =E38*F38 -> 0
G39: =E39*F39 -> 0
G40: =E40*F40 -> 0
G41: =E41*F41 -> 0
G42: =E42*F42 -> 0
A43: SUBTOTAL OTROS COSTOS | G43: =SUM(G31:G42) -> 1587860 | H43: =SUM(H31:H42) -> 1587860 | I43: =SUM(I31:I42) -> 0 | J43: =SUM(J31:J42) -> 0 | K43: =SUM(K31:K42) -> 0
A44: SUBTOTAL ACTIVIDAD | G44: =G28+G43 -> 17543860 | H44: =H28+H43 -> 17543860 | I44: =I28+I43 -> 0 | J44: =J28+J43 -> 0 | K44: =K28+K43 -> 0 | L44: =#REF!-#REF! -> #REF!
A45: ¿ES UN CONTRATO O REQUIERE CONTRATO DERIVADO? | G45: Si
A46: =IF(G45="Si","Administración","Gastos de administración") -> Administración | F46: 0.14 | G46: =G44*F46 -> 2456140.4 | H46: =G46 -> 2456140.4 | L46: Gastos de administración
A47: =IF(G45="Si","Utilidad","") -> Utilidad | G47: 0
A48: =IF(G45="Si","IVA","") -> IVA | G48: 0 | L48: Info IVA
A49: =IF(G45="Si","TOTAL (después de AU e IVA)", "TOTAL (después de administración)") -> TOTAL (después de AU e IVA) | G49: =SUM(G46:G48)+G44 -> 20000000 | H49: =SUM(H46:H48)+H44 -> 20000000 | I49: =SUM(I46:I48)+I44 -> 0 | J49: =SUM(J46:J48)+J44 -> 0 | K49: =SUM(K46:K48)+K44 -> 0
A50: Unidades | B50: 8 | C50: Unidad de medida | D50: Encuentros | E50: Costo unitario (antes de administración, utilidad e IVA si aplican) | F50: =IFERROR(G44/B50,0) -> 2192982.5 | G50: Descripción:
A52: Unidades | B52: 8 | C52: Unidad de medida | D52: Encuentros | E52: Costo unitario sin MO (antes de administración, utilidad e IVA si aplican) | F52: =IFERROR((G44-G28)/B52,0) -> 198482.5 | G52: Descripción:

Sheet Estudio de mercado 2024
B1: SISTEMA DE GESTIÓN INTEGRAL - SGI | L1: Instructivo
B2: ESTUDIO DE MERCADO
B3: CÓDIGO: F-PGC-21 | I3: VERSIÓN: 02
A5: MODALIDAD DE CONTRATACIÓN: convenios interadministrativos Gestion Ambiental 2024 | D5: ='[8]Plan Ejecución'!S5 -> 0
A6: OBJETO A CONTRATAR: ESTUDUIO DE MERCADO 2024 | D6: ='[8]Plan Ejecución'!S6 -> 0
D8: 1 | E8: 2 | F8: 3 | G8: 4 | H8: 5 | I8: 6 | J8: 7
A9: NÚMERO DE RADICADO: | D9: 110-COE2402-6981 | E9: https://articulo.mercadolibre.com.co/MCO-881708760-azadon-forjado-con-mango-1850-gramos-12-metros-_JM#position=2&search_layout=stack&type=item&tracking_id=d8c49a98-123e-44bb-af87-3f7b1715e513 | F9: https://www.homecenter.com.co/homecenter-co/product/25672/azadon-forjado-con-mango-1850-gramos-12-metros/25672/
A10: PROVEEDOR: | D10: Agrofácil S.A.S | E10: Mercado libre | F10: Homecenter
A11: Ítem | B11: Unidad de medida | C11: Cantidad | D11: Valor unitario antes de IVA | E11: Valor unitario antes de IVA | F11: Valor unitario antes de IVA | G11: Valor unitario antes de IVA | H11: Valor unitario antes de IVA | I11: Valor unitario antes de IVA | J11: Valor unitario antes de IVA | K11: PROMEDIO Valor unitario antes de IVA | M11: MEDIANA Valor unitario antes de IVA
A12: =A12:K362 -> 0 | K12: =IFERROR(AVERAGEIF(D12:J12,">0",D12:J12),"") | M12: =IFERROR(MEDIAN(D12:J12),"")
K13: =IFERROR(AVERAGEIF(D13:J13,">0",D13:J13),"") | M13: =IFERROR(MEDIAN(D13:J13),"")
K14: =IFERROR(AVERAGEIF(D14:J14,">0",D14:J14),"") | M14: =IFERROR(MEDIAN(D14:J14),"")
K15: =IFERROR(AVERAGEIF(D15:J15,">0",D15:J15),"") | M15: =IFERROR(MEDIAN(D15:J15),"")
K23: =IFERROR(AVERAGEIF(D23:J23,">0",D23:J23),"") | M23: =IFERROR(MEDIAN(D23:J23),"")
K24: =IFERROR(AVERAGEIF(D24:J24,">0",D24:J24),"") | M24: =IFERROR(MEDIAN(D24:J24),"")
K25: =IFERROR(AVERAGEIF(D25:J25,">0",D25:J25),"") | M25: =IFERROR(MEDIAN(D25:J25),"")
K26: =IFERROR(AVERAGEIF(D26:J26,">0",D26:J26),"") | M26: =IFERROR(MEDIAN(D26:J26),"")
K27: =IFERROR(AVERAGEIF(D27:J27,">0",D27:J27),"") | M27: =IFERROR(MEDIAN(D27:J27),"")
K28: =IFERROR(AVERAGEIF(D28:J28,">0",D28:J28),"") | M28: =IFERROR(MEDIAN(D28:J28),"")
K29: =IFERROR(AVERAGEIF(D29:J29,">0",D29:J29),"") | M29: =IFERROR(MEDIAN(D29:J29),"")
K30: =IFERROR(AVERAGEIF(D30:J30,">0",D30:J30),"") | M30: =IFERROR(MEDIAN(D30:J30),"")
K31: =IFERROR(AVERAGEIF(D31:J31,">0",D31:J31),"") | M31: =IFERROR(MEDIAN(D31:J31),"")
... K358: =IFERROR(AVERAGEIF(D358:J358,">0",D358:J358),"") | M358: =IFERROR(MEDIAN(D358:J358),"")
A359: Azadon (Forzado con mango) | B359: unidad | C359: 1 | D359: 90142.5 | E359: =139900 -> 139900 | F359: 83900 | K359: =IFERROR(AVERAGEIF(D359:J359,">0",D359:J359),"") -> 104647.5 | M359: =IFERROR(MEDIAN(D359:J359),"") -> 90142.5
K360: =IFERROR(AVERAGEIF(D360:J360,">0",D360:J360),"") | M360: =IFERROR(MEDIAN(D360:J360),"")
K361: =IFERROR(AVERAGEIF(D361:J361,">0",D361:J361),"") | M361: =IFERROR(MEDIAN(D361:J361),"")
D366: 1 | E366: 2 | F366: 3 | G366: 4 | H366: 5 | I366: 6 | J366: 7
A367: NÚMERO DE RADICADO: | D367: 110-COE2402-6940 | E367: 110-COE2402-6911
A368: PROVEEDOR: | D368: Tierra Negra S.A.S. | E368: El Míster
A369: Ítem | B369: Unidad de medida | C369: Cantidad | D369: Valor unitario antes de IVA | E369: Valor unitario antes de IVA | F369: Valor unitario antes de IVA | G369: Valor unitario antes de IVA | H369: Valor unitario antes de IVA | I369: Valor unitario antes de IVA | J369: Valor unitario antes de IVA | K369: PROMEDIO Valor unitario antes de IVA
A370: Plántulas (min 35 cm de altura) corresponde a grupo 2 de los precios establecidos por la corporación | B370: Unidad | C370: 1 | D370: 1550 | E370: 7500 | K370: =AVERAGE(D370:F370) -> 4525
D372: 1 | E372: 2 | F372: 3 | G372: 4 | H372: 5 | I372: 6 | J372: 7
A373: NÚMERO DE RADICADO: | D373: 110-COE2402-6915 | E373: 110-COE2402-6974 | F373: 110-COE2402-6938
A374: PROVEEDOR: | D374: Núcleos S.A. | E374: Madepinos | F374: Expomadera
A375: Ítem | B375: Unidad de medida | C375: Cantidad | D375: Valor unitario antes de IVA | E375: Valor unitario antes de IVA | F375: Valor unitario antes de IVA | G375: Valor unitario antes de IVA | H375: Valor unitario antes de IVA | I375: Valor unitario antes de IVA | J375: Valor unitario antes de IVA | K375: PROMEDIO Valor unitario antes de IVA
A376: Estacon cilíndrico de longitud 2,2 diametro 10 cm | B376: Unidad | C376: 1 | D376: 37126.8 | E376: 33200 | F376: =35040+(35040*0.19) -> 41697.6 | K376: =AVERAGE(D376:F376) -> 37341.467
A377: Media madera | B377: Unidad | C377: 1 | D377: 1000 | E377: 1500 | K377: 33200
D380: 1 | E380: 2 | F380: 3 | G380: 4 | H380: 5 | I380: 6 | J380: 7
A381: NÚMERO DE RADICADO: | D381: https://www.tierragro.com/products/compostcampo?variant=35599482749078 | E381: 110-COE2402-6935 | F381: 110-COE2402-6981
A382: PROVEEDOR: | D382: Tierragro | E382: Abonamos S.A.S. | F382: Agrofácil S.A.S
A383: Ítem | B383: Unidad de medida | C383: Cantidad | D383: Valor unitario antes de IVA | E383: Valor unitario antes de IVA | F383: Valor unitario antes de IVA | G383: Valor unitario antes de IVA | H383: Valor unitario antes de IVA | I383: Valor unitario antes de IVA | J383: Valor unitario antes de IVA | K383: PROMEDIO Valor unitario antes de IVA
A384: Abono organico (200 gr/arbol) (Establecimiento) Bulto de 50 Kg | B384: kg 50 | C384: 1 | D384: 39900 | E384: 28309 | F384: 52500 | K384: =AVERAGE(D384:F384) -> 40236.333
D386: 1 | E386: 2 | F386: 3 | G386: 4 | H386: 5 | I386: 6 | J386: 7
A387: NÚMERO DE RADICADO: | D387: https://www.tierragro.com/products/enmienda-triple-30-rio-claro-x-50-kgs-rio-claro-fertilizantes-jardineria?_pos=1&_sid=41a348a5e&_ss=r | E387: 110-COE2402-6981 | F387: 110-COE2402-6935
A388: PROVEEDOR: | D388: Tierragro | E388: Agrofácil S.A.S | F388: Abonamos S.A.S.
A389: Ítem | B389: Unidad de medida | C389: Cantidad | D389: Valor unitario antes de IVA | E389: Valor unitario antes de IVA | F389: Valor unitario antes de IVA | G389: Valor unitario antes de IVA | H389: Valor unitario antes de IVA | I389: Valor unitario antes de IVA | J389: Valor unitario antes de IVA | K389: PROMEDIO Valor unitario antes de IVA
A390: Cal Agricola (130 gr/arbol) (Bulto 50 kg) | B390: kl | C390: 1 | D390: 40500 | E390: 30000 | F390: 61583 | K390: =AVERAGE(D390:F390) -> 44027.667
D392: 1 | E392: 2 | F392: 3 | G392: 4 | H392: 5 | I392: 6 | J392: 7
A393: NÚMERO DE RADICADO:
A394: PROVEEDOR:
A395: Ítem | B395: Unidad de medida | C395: Cantidad | D395: Valor unitario antes de IVA | E395: Valor unitario antes de IVA | F395: Valor unitario antes de IVA | G395: Valor unitario antes de IVA | H395: Valor unitario antes de IVA | I395: Valor unitario antes de IVA | J395: Valor unitario antes de IVA | K395: PROMEDIO Valor unitario antes de IVA
A396: Hidroretenedor | B396: kl | C396: 1 | D396: 39500 | E396: 37300 | K396: =+AVERAGE(D396:E396) -> 38400
D398: 1 | E398: 2 | F398: 3 | G398: 4 | H398: 5 | I398: 6 | J398: 7
A399: NÚMERO DE RADICADO: | D399: https://articulo.mercadolibre.com.co/MCO-857864912-fertilizante-elementos-secundarios-menores-1kg-_JM#position=3&search_layout=stack&type=item&tracking_id=790831d7-93e6-40a5-9da7-dbb8d265b813 | E399: https://articulo.mercadolibre.com.co/MCO-1083818790-fertilizante-abono-agrimins-elementos-menores-plantas-x-kg-_JM | F399: https://www.viverotierranegra.com/producto/fertilizante-menores/
A400: PROVEEDOR: | D400: Mercadolibre | E400: Mercadolibre | F400: Tierra Negra S.A.S.
A401: Ítem | B401: Unidad de medida | C401: Cantidad | D401: Valor unitario antes de IVA | E401: Valor unitario antes de IVA | F401: Valor unitario antes de IVA | G401: Valor unitario antes de IVA | H401: Valor unitario antes de IVA | I401: Valor unitario antes de IVA | J401: Valor unitario antes de IVA | K401: PROMEDIO Valor unitario antes de IVA
A402: Elementos menores (Fertilizante, Agrimins o Vigor)(1 KG) | B402: kl | C402: 1 | D402: 27000 | E402: 23500 | F402: 31900 | K402: =AVERAGE(D402:F402) -> 27466.667
D404: 1 | E404: 2 | F404: 3 | G404: 4 | H404: 5 | I404: 6 | J404: 7
A405: NÚMERO DE RADICADO: | D405: https://www.tierragro.com/products/citroemulsion-jardines-sierra-control-de-plagas-y-enfermedades-agro?variant=36465454055574 | E405: https://confiabonos.co/product/insecticida-organico/ | F405: https://articulo.mercadolibre.com.co/MCO-640866184-jabon-potasico-con-aceite-de-neem-organico-1-litro-ecologico-_JM?matt_tool=45862477&matt_word=&matt_source=google&matt_campaign_id=14633851677&matt_ad_group_id=145183662877&matt_match_type=&matt_network=g&matt_device=c&matt_creative=644838201758&matt_keyword=&matt_ad_position=&matt_ad_type=pla&matt_merchant_id=124143146&matt_product_id=MCO640866184&matt_product_partition_id=2164633036551&matt_target_id=pla-2164633036551&cq_src=google_ads&cq_cmp=14633851677&cq_net=g&cq_plt=gp&cq_med=pla&gad_source=1&gclid=EAIaIQobChMIqYG7wcGthAMVpKFaBR0iPQugEAQYAyABEgL1BPD_BwE
A406: PROVEEDOR: | D406: Tierragro | E406: Confiabonos | F406: Mercadolibre
A407: Ítem | B407: Unidad de medida | C407: Cantidad | D407: Valor unitario antes de IVA | E407: Valor unitario antes de IVA | F407: Valor unitario antes de IVA | G407: Valor unitario antes de IVA | H407: Valor unitario antes de IVA | I407: Valor unitario antes de IVA | J407: Valor unitario antes de IVA | K407: PROMEDIO Valor unitario antes de IVA
A408: Insecticida (organico) | B408: litro | C408: 1 | D408: 34700 | E408: 28000 | F408: 27990 | K408: =AVERAGE(D408:F408) -> 30230
D410: 1 | E410: 2 | F410: 3 | G410: 4 | H410: 5 | I410: 6 | J410: 7
A411: NÚMERO DE RADICADO: | D411: https://www.homecenter.com.co/homecenter-co/product/77296/pala-redonda-29-x-22-cm-con-mango-madera-71-cm/77296/ | E411: https://articulo.mercadolibre.com.co/MCO-884252304-pala-redonda-29-x-22-cm-con-mango-madera-71-cm-_JM | F411: 110-COE2402-6981
A412: PROVEEDOR: | D412: Homecenter | E412: Mercadolibre | F412: Agrofácil S.A.S
A413: Ítem | B413: Unidad de medida | C413: Cantidad | D413: Valor unitario antes de IVA | E413: Valor unitario antes de IVA | F413: Valor unitario antes de IVA | G413: Valor unitario antes de IVA | H413: Valor unitario antes de IVA | I413: Valor unitario antes de IVA | J413: Valor unitario antes de IVA | K413: PROMEDIO Valor unitario antes de IVA
A414: Palacuchara (Redonda 29 x 22 cm con Mango Madera 71 cm) | B414: Unidad | C414: 1 | D414: =55900 -> 55900 | E414: =99900 -> 99900 | F414: 113050 | K414: =AVERAGE(D414:F414) -> 89616.667
D416: 1 | E416: 2 | F416: 3 | G416: 4 | H416: 5 | I416: 6 | J416: 7
A417: NÚMERO DE RADICADO: | D417: https://www.tierragro.com/products/machete-barrigon-pulido-20-pulgadas | E417: https://www.homecenter.com.co/homecenter-co/product/136915/machete-3-canales-pulido-18-pulgadas/136915/ | F417: https://articulo.mercadolibre.com.co/MCO-1243899021-machete-mango-plastico-negro-18-pulgadas-ferrawyy-_JM#position=5&search_layout=stack&type=item&tracking_id=7cea0811-9bfd-47de-b3df-092420dd486b
A418: PROVEEDOR: | D418: Tierragro | E418: Homecenter | F418: Mercadolibre
A419: Ítem | B419: Unidad de medida | C419: Cantidad | D419: Valor unitario antes de IVA | E419: Valor unitario antes de IVA | F419: Valor unitario antes de IVA | G419: Valor unitario antes de IVA | H419: Valor unitario antes de IVA | I419: Valor unitario antes de IVA | J419: Valor unitario antes de IVA | K419: PROMEDIO Valor unitario antes de IVA
A420: Machete (18 pulgadas) | B420: Unidad | C420: 1 | D420: =14400 -> 14400 | E420: 23900 | F420: 25300 | K420: =AVERAGE(D420:F420) -> 21200
D422: 1 | E422: 2 | F422: 3 | G422: 4 | H422: 5 | I422: 6 | J422: 7
A423: NÚMERO DE RADICADO: | D423: https://www.tierragro.com/products/lima-triangular-regular-mango-6-x-und-n-nicholson-herramientas-jardineria?_pos=2&_sid=04f558949&_ss=r | E423: https://www.homecenter.com.co/homecenter-co/product/413891/lima-triangular-con-mango-6-pulgadas-truper/413891/ | F423: https://articulo.mercadolibre.com.co/MCO-489298271-lima-triangular-6-pulgadas-nicholson-con-cabo-_JM
A424: PROVEEDOR: | D424: Tierragro | E424: Homecenter | F424: Mercadolibre
A425: Ítem | B425: Unidad de medida | C425: Cantidad | D425: Valor unitario antes de IVA | E425: Valor unitario antes de IVA | F425: Valor unitario antes de IVA | G425: Valor unitario antes de IVA | H425: Valor unitario antes de IVA | I425: Valor unitario antes de IVA | J425: Valor unitario antes de IVA | K425: PROMEDIO Valor unitario antes de IVA
A426: Lima (triangular de 6 pulgadas) | B426: Unidad | C426: 1 | D426: 9000 | E426: 13900 | F426: 20000 | K426: =AVERAGE(D426:F426) -> 14300
D428: 1 | E428: 2 | F428: 3 | G428: 4 | H428: 5 | I428: 6 | J428: 7
A429: NÚMERO DE RADICADO: | D429: https://www.tierragro.com/products/alambre-de-puas-calibre-14-tornado-herramientas-agroindustriales?variant=36888148181142 | E429: https://www.agrofacil.co/producto/alambre-de-puas-marca-tornado-calibre-14/ | F429: https://www.homecenter.com.co/homecenter-co/product/214205/alambre-de-pua-calibre-14-x-500mt-38kg-iowa/214205/
A430: PROVEEDOR: | D430: Tierragro | E430: Agrofácil S.A.S | F430: Homecenter
A431: Ítem | B431: Unidad de medida | C431: Cantidad | D431: Valor unitario antes de IVA | E431: Valor unitario antes de IVA | F431: Valor unitario antes de IVA | G431: Valor unitario antes de IVA | H431: Valor unitario antes de IVA | I431: Valor unitario antes de IVA | J431: Valor unitario antes de IVA | K431: PROMEDIO Valor unitario antes de IVA
A432: Alambre de puas cal 14 rollo por 500 m | B432: Unidad | C432: 1 | D432: =383000 -> 383000 | E432: =317900 -> 317900 | F432: =307900 -> 307900 | K432: =AVERAGE(D432:F432) -> 336266.67
D434: 1 | E434: 2 | F434: 3 | G434: 4 | H434: 5 | I434: 6 | J434: 7
A435: NÚMERO DE RADICADO: | D435: https://articulo.mercadolibre.com.co/MCO-841455936-thinner-extra-fino-750-ml-_JM#position=1&search_layout=stack&type=item&tracking_id=025fcd02-cdfc-4c1b-82b5-9bfc438d85bc | E435: 110-COE2402-6948 | F435: 110-COE2402-6946
A436: PROVEEDOR: | D436: Mercadolibre | E436: Pinturas y Yesos | F436: Tienda Pintuco Guayabal
A437: Ítem | B437: Unidad de medida | C437: Cantidad | D437: Valor unitario antes de IVA | E437: Valor unitario antes de IVA | F437: Valor unitario antes de IVA | G437: Valor unitario antes de IVA | H437: Valor unitario antes de IVA | I437: Valor unitario antes de IVA | J437: Valor unitario antes de IVA | K437: PROMEDIO Valor unitario antes de IVA
A438: Thinner | B438: ml | C438: 750 | D438: 9800 | E438: =10123 -> 10123 | F438: 11500 | K438: =AVERAGE(D438:F438) -> 10474.333
D440: 1 | E440: 2 | F440: 3 | G440: 4 | H440: 5 | I440: 6 | J440: 7
A441: NÚMERO DE RADICADO: | D441: https://www.tierragro.com/products/grapa-corsan-1-1-4-x-9-1000gr?_pos=2&_sid=fc1aeedd9&_ss=r | E441: https://www.agrofacil.co/producto/grapa-galvanizada-plana/ | F441: https://www.homecenter.com.co/homecenter-co/product/514288/grapa-cerca/514288/
A442: PROVEEDOR: | D442: Tierragro | E442: Agrofácil | F442: Homecenter
A443: Ítem | B443: Unidad de medida | C443: Cantidad | D443: Valor unitario antes de IVA | E443: Valor unitario antes de IVA | F443: Valor unitario antes de IVA | G443: Valor unitario antes de IVA | H443: Valor unitario antes de IVA | I443: Valor unitario antes de IVA | J443: Valor unitario antes de IVA | K443: PROMEDIO Valor unitario antes de IVA
A444: Grapas | B444: kg | C444: 1 | D444: 12200 | E444: 11900 | F444: 16900 | K444: =AVERAGE(D444:F444) -> 13666.667
D446: 1 | E446: 2 | F446: 3 | G446: 4 | H446: 5 | I446: 6 | J446: 7
A447: NÚMERO DE RADICADO: | D447: 110-COE2402-6915 | E447: 110-COE2402-6974 | F447: 110-COE2402-6938
A448: PROVEEDOR: | D448: Núcleos S.A. | E448: Madepinos | F448: Expomadera
A449: Ítem | B449: Unidad de medida | C449: Cantidad | D449: Valor unitario antes de IVA | E449: Valor unitario antes de IVA | F449: Valor unitario antes de IVA | G449: Valor unitario antes de IVA | H449: Valor unitario antes de IVA | I449: Valor unitario antes de IVA | J449: Valor unitario antes de IVA | K449: PROMEDIO Valor unitario antes de IVA
A450: Estacon cilíndrico de longitud 2,2 diametro 9 cm | B450: Unidad | C450: 1 | D450: =28094.7 -> 28094.7 | E450: 30500 | F450: =32156+(32156*0.19) -> 38265.64 | K450: =AVERAGE(D450:F450) -> 32286.78
A451: media madera | B451: Unidad | C451: 1 | D451: 1000 | E451: 1500 | K451: =AVERAGE(D451:F451) -> 1250
D453: 1 | E453: 2 | F453: 3 | G453: 4 | H453: 5 | I453: 6 | J453: 7
A454: NÚMERO DE RADICADO: | D454: https://www.homecenter.com.co/homecenter-co/product/01264/pintulux-para-maderas-y-metales-amarillo-1-galon/01264/ | E454: 110-COE2402-6957 | F454: 110-COE2402-6948
...

Sheet Estudio de mercado
B1: SISTEMA DE GESTIÓN INTEGRAL - SGI | L1: Instructivo
B2: ESTUDIO DE MERCADO
B3: CÓDIGO: F-PGC-21 | I3: =Instructivo!G3 -> VERSIÓN: 04
A5: MODALIDAD DE CONTRATACIÓN: | D5: ='Plan Ejecución'!AE5 -> Convenio Interadministrativo
A6: OBJETO A CONTRATAR: | D6: ='Plan Ejecución'!AE6 -> Aunar esfuerzos con el municipio de Heliconia para ejecución de las metas planteadas en el Plan de Acción 2024-2027 "Conectados por la vida"
D8: 1 | E8: 2 | F8: 3 | G8: 4 | H8: 5 | I8: 6 | J8: 7
A9: NÚMERO DE RADICADO:
A10: PROVEEDOR:
A11: Ítem | B11: Unidad de medida | C11: Cantidad | D11: Valor unitario antes de IVA | E11: Valor unitario antes de IVA | F11: Valor unitario antes de IVA | G11: Valor unitario antes de IVA | H11: Valor unitario antes de IVA | I11: Valor unitario antes de IVA | J11: Valor unitario antes de IVA | K11: PROMEDIO Valor unitario antes de IVA | M11: MEDIANA Valor unitario antes de IVA
K12: =IFERROR(AVERAGEIF(D12:J12,">0",D12:J12),"") | M12: =IFERROR(MEDIAN(D12:J12),"")
K13: =IFERROR(AVERAGEIF(D13:J13,">0",D13:J13),"") | M13: =IFERROR(MEDIAN(D13:J13),"")
K14: =IFERROR(AVERAGEIF(D14:J14,">0",D14:J14),"") | M14: =IFERROR(MEDIAN(D14:J14),"")
K15: =IFERROR(AVERAGEIF(D15:J15,">0",D15:J15),"") | M15: =IFERROR(MEDIAN(D15:J15),"")
K16: =IFERROR(AVERAGEIF(D16:J16,">0",D16:J16),"") | M16: =IFERROR(MEDIAN(D16:J16),"")
K17: =IFERROR(AVERAGEIF(D17:J17,">0",D17:J17),"") | M17: =IFERROR(MEDIAN(D17:J17),"")
K18: =IFERROR(AVERAGEIF(D18:J18,">0",D18:J18),"") | M18: =IFERROR(MEDIAN(D18:J18),"")
K19: =IFERROR(AVERAGEIF(D19:J19,">0",D19:J19),"") | M19: =IFERROR(MEDIAN(D19:J19),"")
K20: =IFERROR(AVERAGEIF(D20:J20,">0",D20:J20),"") | M20: =IFERROR(MEDIAN(D20:J20),"")
K21: =IFERROR(AVERAGEIF(D21:J21,">0",D21:J21),"") | M21: =IFERROR(MEDIAN(D21:J21),"")
K22: =IFERROR(AVERAGEIF(D22:J22,">0",D22:J22),"") | M22: =IFERROR(MEDIAN(D22:J22),"")
K23: =IFERROR(AVERAGEIF(D23:J23,">0",D23:J23),"") | M23: =IFERROR(MEDIAN(D23:J23),"")
... K354: =IFERROR(AVERAGEIF(D354:J354,">0",D354:J354),"") | M354: =IFERROR(MEDIAN(D354:J354),"")
A356: NOTA: A la hora de solicitar la cotización se deberá considerar que la misma esté expresada en los términos y unidades del presupuesto, igualmente, que en la medida de lo posible se encuentre en pesos colombianos, en caso de usar otra moneda explicitar la tasa de cambio utilizada, y la fecha y fuente de consulta de la misma.

Sheet Gastos de adm
B1: SISTEMA DE GESTIÓN INTEGRAL - SGI | G1: Instructivo
B2: DETERMINACIÓN DE GASTOS DE ADMINISTRACIÓN | G2: Impuestos y garantías
B3: CÓDIGO: F-PGC-21 | D3: =Instructivo!G3 -> VERSIÓN: 04
A5: MODALIDAD DE CONTRATACIÓN: | B5: ='Plan Ejecución'!AE5 -> Convenio Interadministrativo
A6: OBJETO A CONTRATAR: | B6: ='Plan Ejecución'!AE6 -> Aunar esfuerzos con el municipio de Heliconia para ejecución de las metas planteadas en el Plan de Acción 2024-2027 "Conectados por la vida"
A8: COSTOS DIRECTOS EN DINERO NO EJECUTOR | D8: MESES
A10: GASTOS DE ADMINISTRACIÓN
A11: Ítem | B11: Unidad de medida | C11: Cantidad | D11: Valor unitario | E11: Valor total | F11: (%) PP
E12: =C12*D12 -> 0 | F12: =IFERROR(E12/$B$8,0) -> 0
E13: =C13*D13 -> 0 | F13: =IFERROR(E13/$B$8,0) -> 0
E14: =C14*D14 -> 0 | F14: =IFERROR(E14/$B$8,0) -> 0
E15: =C15*D15 -> 0 | F15: =IFERROR(E15/$B$8,0) -> 0
E16: =C16*D16 -> 0 | F16: =IFERROR(E16/$B$8,0) -> 0
E17: =C17*D17 -> 0 | F17: =IFERROR(E17/$B$8,0) -> 0
E18: =C18*D18 -> 0 | F18: =IFERROR(E18/$B$8,0) -> 0
E19: =C19*D19 -> 0 | F19: =IFERROR(E19/$B$8,0) -> 0
E20: =C20*D20 -> 0 | F20: =IFERROR(E20/$B$8,0) -> 0
E21: =C21*D21 -> 0 | F21: =IFERROR(E21/$B$8,0) -> 0
E22: =C22*D22 -> 0 | F22: =IFERROR(E22/$B$8,0) -> 0
E23: =C23*D23 -> 0 | F23: =IFERROR(E23/$B$8,0) -> 0
... E59: =C59*D59 -> 0 | F59: =IFERROR(E59/$B$8,0) -> 0
A60: TOTAL GASTOS DE ADMINISTRACIÓN | E60: =SUM(E12:E59) -> 0 | F60: =SUM(F12:F59) -> 0
A62: En caso de convenios, si el conveniante ejecutor va a realizar un contrato derivado, considerar para el análisis:
A63: TOTAL APORTES EN DINERO NO EJECUTOR (antes de AU e IVA) | E63: =B8 -> 0
A64: Administración | D64: =F60 -> 0 | E64: =D64*E63 -> 0
A65: Utilidad | D65: 0 | E65: =E63*D65 -> 0
A66: IVA | D66: 0 | E66: =(E63+E64+E65)*D66 -> 0 | F66: Info IVA
A67: TOTAL (incluido AU e IVA) | E67: =SUM(E63:E66) -> 0
A69: TOTAL Porcentaje de gastos de administración a reconocer por análisis de contrato derivado (Sobre los costos directos en dinero del no ejecutor) | E69: =E64+E65+E66 -> 0 | F69: =IFERROR(E69/E63,0) -> 0

Sheet Gtos DyM
B1: SISTEMA DE GESTIÓN INTEGRAL - SGI | E1: Instructivo
B2: VALORES DE GASTOS DE DESPLAZAMIENTO Y MANUTENCIÓN
B3: CÓDIGO: F-PGC-21 | D3: =Instructivo!G3 -> VERSIÓN: 04
A5: AÑO VIGENTE: | B5: =Honorarios!B5 -> 2024
A6: MEMORANDO: | B6: 190-MEM2401-169
A8: Cuatro N.1 Gastos de desplazamiento y manutención por municipio
A9: Municipio | B9: Valor total desplazamiento | C9: Valor total desplazamiento y manutención más de 4 horas sin pernocta | D9: Valor total desplazamiento y manutención con (1) una pernocta*
A10: Amagá | B10: 47200 | C10: 102200 | D10: 157200
A11: Amalfí | B11: 154200 | C11: 209200 | D11: 264200
A12: Andes | B12: 77200 | C12: 132200 | D12: 187200
A13: Angelópolis | B13: 47200 | C13: 102200 | D13: 157200
A14: Angostura | B14: 167200 | C14: 222200 | D14: 277200
A15: Anorí | B15: 118200 | C15: 173200 | D15: 228200
A16: Anzá | B16: 77200 | C16: 132200 | D16: 187200
A17: Armenia mantequilla | B17: 64200 | C17: 119200 | D17: 174200
A18: Barbosa | B18: 69000 | C18: 124000 | D18: NA
A19: Bello | B19: 47000 | C19: 74000 | D19: NA
A20: Belmira | B20: 45200 | C20: 100200 | D20: 155200
A21: Betania | B21: 84200 | C21: 139200 | D21: 194200
A22: Betulia | B22: 82200 | C22: 137200 | D22: 192200
A23: Briceño | B23: 79200 | C23: 134200 | D23: 189200
A24: Buriticá | B24: 77200 | C24: 132200 | D24: 187200
A25: Cáceres | B25: 206200 | C25: 261200 | D25: 316200
A26: Caicedo | B26: 79200 | C26: 134200 | D26: 189200
A27: Caldas | B27: 69000 | C27: 124000 | D27: NA
A28: Campamento | B28: 167200 | C28: 222200 | D28: 277200
A29: Caracolí | B29: 154200 | C29: 209200 | D29: 264200
A30: Caramanta | B30: 125200 | C30: 180200 | D30: 235200
A31: Carolina del Príncipe | B31: 91200 | C31: 146200 | D31: 201200
A32: Caucasia | B32: 223200 | C32: 278200 | D32: 333200
A33: Cisneros | B33: 119200 | C33: 174200 | D33: 229200
A34: Ciudad Bolívar | B34: 84200 | C34: 139200 | D34: 194200
A35: Concordia | B35: 71200 | C35: 126200 | D35: 181200
A36: Copacabana | B36: 48000 | C36: 103000 | D36: NA
A37: Don Matías | B37: 36200 | C37: 91200 | D37: 146200
A38: Ebéjico | B38: 71200 | C38: 126200 | D38: 181200
A39: El Bagre | B39: 276200 | C39: 331200 | D39: 386200
A40: Entrerríos | B40: 45200 | C40: 100200 | D40: 155200
A41: Envigado | B41: 47000 | C41: 74000 | D41: NA
A42: Fredonia | B42: 87200 | C42: 142200 | D42: 197200
A43: Girardota | B43: 71200 | C43: 126200 | D43: NA
A44: Gómez Plata | B44: 84200 | C44: 139200 | D44: 194200
A45: Guadalupe | B45: 98200 | C45: 153200 | D45: 208200
A46: Heliconia | B46: 47200 | C46: 102200 | D46: 157200
A47: Hispania | B47: 71200 | C47: 126200 | D47: 181200
A48: Itagüí | B48: 47000 | C48: 74000 | D48: NA
A49: Ituango | B49: 119200 | C49: 174200 | D49: 229200
A50: Jardín | B50: 89200 | C50: 144200 | D50: 199200
A51: Jericó | B51: 98200 | C51: 153200 | D51: 208200
A52: La Estrella | B52: 69000 | C52: 124000 | D52: NA
A53: La Pintada | B53: 71200 | C53: 126200 | D53: 181200
A54: Liborina | B54: 79200 | C54: 134200 | D54: 189200
A55: Maceo | B55: 137200 | C55: 192200 | D55: 247200
A56: Medellín | B56: 32000 | C56: 87000 | D56: NA
A57: Montebello | B57: 46200 | C57: 101200 | D57: 156200
A58: Nechí | B58: 276200 | C58: 331200 | D58: 386200
A59: Olaya | B59: 62200 | C59: 117200 | D59: 172200
A60: Pueblo Rico | B60: 91200 | C60: 146200 | D60: 201200
A61: Puerto Berrío | B61: 84200 | C61: 139200 | D61: 194200
A62: Puerto Nare | B62: 103200 | C62: 158200 | D62: 213200
A63: Remedios | B63: 125200 | C63: 180200 | D63: 235200
A64: Sabanalarga | B64: 98200 | C64: 153200 | D64: 208200
A65: Sabaneta | B65: 54000 | C65: 81000 | D65: NA
A66: Salgar | B66: 71200 | C66: 126200 | D66: 181200
A67: San Andrés de Cuerquia | B67: 55200 | C67: 110200 | D67: 165200
A68: San Jerónimo | B68: 55200 | C68: 110200 | D68: 165200
A69: San José de la Montaña | B69: 125200 | C69: 180200 | D69: 235200
A70: San Pedro de los Milagros | B70: 42200 | C70: 97200 | D70: 152200
A71: Santa Bárbara | B71: 55200 | C71: 110200 | D71: 165200
A72: Santa Fe de Antioquia | B72: 55200 | C72: 110200 | D72: 165200
A73: Santa Rosa de Osos | B73: 47200 | C73: 102200 | D73: 157200
A74: Segovia | B74: 135200 | C74: 190200 | D74: 245200
A75: Sopetrán | B75: 55200 | C75: 110200 | D75: 165200
A76: Támesis | B76: 84200 | C76: 139200 | D76: 194200
A77: Tarazá | B77: 194200 | C77: 249200 | D77: 304200
... A89: Zaragoza | B89: 276200 | C89: 331200 | D89: 386200
A90: * Por cada día de pernocta adicional se reconocerán $120.000.
A91: ** En caso de reconocer solo gastos de manutención, se contemplará $60.000 por más de 4 horas sin pernocta y $120.000 por cada pernocta. En los casos de los municipios de Medellín, Bello, Itagüí, Sabaneta y Envigado, se reconocerá el 50% del valor de la manutención correspondiente a $30.000.
A92: *** En los municipios que se encuentren ubicados en el Área Metropolitana del Valle de Aburrá, no se autoriza a pernoctar.
A94: Cuatro N.2 Gastos de desplazamiento y manutención por territorial
A95: Territorial | B95: Promedio Valor total desplazamiento | C95: Valor total desplazamiento y manutención más de 4 horas sin pernocta | D95: Valor total desplazamiento y manutención con (1) pernocta*
A96: Aburrá Norte | B96: 77000 | C96: 127000 | D96: NA
A97: Aburrá Sur | B97: 55000 | C97: 101000 | D97: 110000
A98: Cartama | B98: 87000 | C98: 142000 | D98: 197000
A99: Citará | B99: 79000 | C99: 134000 | D99: 189000
A100: Hevéxicos | B100: 71000 | C100: 126000 | D100: 181000
A101: Panzenú | B101: 233000 | C101: 288000 | D101: 343000
A102: Tahamíes | B102: 92000 | C102: 147000 | D102: 202000
A103: Zenufaná | B103: 128000 | C103: 183000 | D103: 238000
A104: * Por cada día de pernocta adicional se reconocerán $120.000.
A105: ** En caso de reconocer solo gastos de manutención, se contemplará $60.000 por más de 4 horas sin pernocta y $120.000 por cada pernocta. En los casos de los municipios de Medellín, Bello, Itagüí, Sabaneta y Envigado, se reconocerá el 50% del valor de la manutención correspondiente a $30.000.
A106: *** En los municipios que se encuentren ubicados en el Área Metropolitana del Valle de Aburrá, no se autoriza a pernoctar.
A108: Cuatro N.3 Gastos de desplazamiento y manutención general
A109: Valor total desplazamiento | B109: Valor total desplazamiento y manutención más de 4 horas sin pernocta | C109: Valor total desplazamiento y manutención con (1) pernocta*
A110: 98000 | B110: 158000 | C110: 21800
A111: * Por cada día de pernocta adicional se reconocerán $120.000.
A112: ** En caso de reconocer solo gastos de manutención, se contemplará $60.000 por más de 4 horas sin pernocta y $120.000 por cada pernocta. En los casos de los municipios de Medellín, Bello, Itagüí, Sabaneta y Envigado, se reconocerá el 50% del valor de la manutención correspondiente a $30.000.
A113: *** En los municipios que se encuentren ubicados en el Área Metropolitana del Valle de Aburrá, no se autoriza a pernoctar.
A114: Se sugiere un valor de $30.000 para el trasporte entre municipios basado en el promedio valor de un solo tramo de Medellín al promedio de los municipios.

Sheet Honorarios
B1: SISTEMA DE GESTIÓN INTEGRAL - SGI | D1: Instructivo
B2: VALORES DE HONORARIOS (PRESTADORES DE SERVICIOS)
B3: CÓDIGO: F-PGC-21 | C3: =Instructivo!G3 -> VERSIÓN: 04
A5: AÑO VIGENTE: | B5: 2024
A6: MEMORANDO: | B6: 180-MEM2401-182
A8: Nivel Académico Requerido | B8: Valor mes Honorarios
A9: Bachiller | B9: 2400000
A10: Técnico | B10: 3989000
A11: Tecnólogo sin experiencia | B11: 4041000
A12: Tecnólogo con experiencia | B12: 4687000
A13: Profesional sin experiencia | B13: 4996000
A14: Profesional con experiencia | B14: 7347000
A15: Coordinador de proyecto | B15: 8814000
A17: Nota. El presente valor de los honorarios es el reconocido por la Corporación para la ejecución de sus contratos o convenios, cualquier cambio por parte del ejecutor en la modalidad de contratación de prestación de servicios a laboral será bajo cuenta y riesgo del este último y no podrá trasladar o solidarizar a la Corporación con la carga o gastos adicionales en los cuales incurra.

Sheet Jornal
C1: SISTEMA DE GESTIÓN INTEGRAL - SGI | K1: Instructivo
C2: VALORES DE JORNALES
C3: CÓDIGO: F-PGC-21 | G3: =Instructivo!G3 -> VERSIÓN: 04
A5: AÑO VIGENTE: | D5: 2024
A6: MEMORANDO: | D6: 190-MEM2401-171
A7: SMMLVC: | D7: 1300000
A8: AUX TRANSPORTE MENSUAL: | D8: 162000
A10: DETERMINACIÓN DEL VALOR DEL JORNAL POR BASE
A11: Salario base en SMMLV | C11: 1 | D11: 1.25 | E11: 1.5 | F11: 1.75 | G11: 2 | H11: 3 | I11: 4 | J11: 5
A12: Salario base expresión monetaria | C12: =$D$7*C11 -> 1300000 | D12: =$D$7*D11 -> 1625000 | E12: =$D$7*E11 -> 1950000 | F12: =$D$7*F11 -> 2275000 | G12: =$D$7*G11 -> 2600000 | H12: =$D$7*H11 -> 3900000 | I12: =$D$7*I11 -> 5200000 | J12: =$D$7*J11 -> 6500000
A13: Total jornal diario a reconocer | C13: =C29/30 -> 74947.778 | D13: =D29/30 -> 92096.222 | E13: =E29/30 -> 109244.67 | F13: =F29/30 -> 126393.11 | G13: =G29/30 -> 143541.56 | H13: =H29/30 -> 205781.33 | I13: =I29/30 -> 274375.11 | J13: =J29/30 -> 342968.89
A14: Ítem | B14: Porcentaje | C14: Valor | D14: Valor | E14: Valor | F14: Valor | G14: Valor | H14: Valor | I14: Valor | J14: Valor
A15: Seguridad Social
A16: Salud (EPS) - Empleador | B16: 0.085 | C16: =$C$12*B16 -> 110500 | D16: =$D$12*B16 -> 138125 | E16: =$E$12*B16 -> 165750 | F16: =$F$12*B16 -> 193375 | G16: =$G$12*B16 -> 221000 | H16: =$H$12*B16 -> 331500 | I16: =$I$12*B16 -> 442000 | J16: =$J$12*B16 -> 552500
A17: Pensión - Empleador | B17: 0.12 | C17: =$C$12*B17 -> 156000 | D17: =$D$12*B17 -> 195000 | E17: =$E$12*B17 -> 234000 | F17: =$F$12*B17 -> 273000 | G17: =$G$12*B17 -> 312000 | H17: =$H$12*B17 -> 468000 | I17: =$I$12*B17 -> 624000 | J17: =$J$12*B17 -> 780000
A18: ARL - Riesgo V | B18: 0.0696 | C18: =$C$12*B18 -> 90480 | D18: =$D$12*B18 -> 113100 | E18: =$E$12*B18 -> 135720 | F18: =$F$12*B18 -> 158340 | G18: =$G$12*B18 -> 180960 | H18: =$H$12*B18 -> 271440 | I18: =$I$12*B18 -> 361920 | J18: =$J$12*B18 -> 452400
A19: Parafiscales
A20: Caja de compensación | B20: 0.04 | C20: =$C$12*B20 -> 52000 | D20: =$D$12*B20 -> 65000 | E20: =$E$12*B20 -> 78000 | F20: =$F$12*B20 -> 91000 | G20: =$G$12*B20 -> 104000 | H20: =$H$12*B20 -> 156000 | I20: =$I$12*B20 -> 208000 | J20: =$J$12*B20 -> 260000
A21: ICBF | B21: 0.03 | C21: =$C$12*B21 -> 39000 | D21: =$D$12*B21 -> 48750 | E21: =$E$12*B21 -> 58500 | F21: =$F$12*B21 -> 68250 | G21: =$G$12*B21 -> 78000 | H21: =$H$12*B21 -> 117000 | I21: =$I$12*B21 -> 156000 | J21: =$J$12*B21 -> 195000
A22: Sena | B22: 0.02 | C22: =$C$12*B22 -> 26000 | D22: =$D$12*B22 -> 32500 | E22: =$E$12*B22 -> 39000 | F22: =$F$12*B22 -> 45500 | G22: =$G$12*B22 -> 52000 | H22: =$H$12*B22 -> 78000 | I22: =$I$12*B22 -> 104000 | J22: =$J$12*B22 -> 130000
A23: Prestaciones sociales
A24: Cesantías | B24: 0.083333333 | C24: =($C$12+$D$8)*B24 -> 121833.33 | D24: =($D$12+$D$8)*B24 -> 148916.67 | E24: =(E12+$D$8)*$B$24 -> 176000 | F24: =(F12+$D$8)*$B$24 -> 203083.33 | G24: =(G12+$D$8)*$B$24 -> 230166.67 | H24: =H12*$B$24 -> 325000 | I24: =I12*$B$24 -> 433333.33 | J24: =J12*$B$24 -> 541666.67
A25: Intereses de cesantías | B25: 0.12 | C25: =C24*$B$25 -> 14620 | D25: =D24*$B$25 -> 17870 | E25: =E24*$B$25 -> 21120 | F25: =F24*$B$25 -> 24370 | G25: =G24*$B$25 -> 27620 | H25: =H24*$B$25 -> 39000 | I25: =I24*$B$25 -> 52000 | J25: =J24*$B$25 -> 65000
A26: Prima de servicios | B26: 0.083333333 | C26: =(C12+$D$8)*$B$26 -> 121833.33 | D26: =(D12+$D$8)*$B$26 -> 148916.67 | E26: =(E12+$D$8)*$B$26 -> 176000 | F26: =(F12+$D$8)*$B$26 -> 203083.33 | G26: =(G12+$D$8)*$B$26 -> 230166.67 | H26: =H12*$B$26 -> 325000 | I26: =I12*$B$26 -> 433333.33 | J26: =J12*$B$26 -> 541666.67
A27: Vacaciones | B27: =B24/2 -> 0.041666667 | C27: =C12*$B$27 -> 54166.667 | D27: =D12*$B$27 -> 67708.333 | E27: =E12*$B$27 -> 81250 | F27: =F12*$B$27 -> 94791.667 | G27: =G12*$B$27 -> 108333.33 | H27: =H12*$B$27 -> 162500 | I27: =I12*$B$27 -> 216666.67 | J27: =J12*$B$27 -> 270833.33
A28: Valor mensual prestaciones | C28: =SUM(C16:C27) -> 786433.33 | D28: =SUM(D16:D27) -> 975886.67 | E28: =SUM(E16:E27) -> 1165340 | F28: =SUM(F16:F27) -> 1354793.3 | G28: =SUM(G16:G27) -> 1544246.7 | H28: =SUM(H16:H27) -> 2273440 | I28: =SUM(I16:I27) -> 3031253.3 | J28: =SUM(J16:J27) -> 3789066.7
A29: Total valor mensual | C29: =C12+$D$8+C28 -> 2248433.3 | D29: =D12+$D$8+D28 -> 2762886.7 | E29: =E12+$D$8+E28 -> 3277340 | F29: =F12+$D$8+F28 -> 3791793.3 | G29: =G12+$D$8+G28 -> 4306246.7 | H29: =H12+H28 -> 6173440 | I29: =I12+I28 -> 8231253.3 | J29: =J12+J28 -> 10289067
A31: CÁLCULO DEL FACTOR PRESTACIONAL (Para efectos de planeación)
A32: % factor prestacional | C32: =(C29-C12)/C12 -> 0.7295641 | D32: =(D29-D12)/D12 -> 0.70023795 | E32: =(E29-E12)/E12 -> 0.68068718 | F32: =(F29-F12)/F12 -> 0.66672234 | G32: =(G29-G12)/G12 -> 0.65624872 | H32: =(H29-H12)/H12 -> 0.58293333 | I32: =(I29-I12)/I12 -> 0.58293333 | J32: =(J29-J12)/J12 -> 0.58293333
A33: Jornal sin FP | C33: =C34/(1+C32) -> 43333.333 | D33: =D34/(1+D32) -> 54166.667 | E33: =E34/(1+E32) -> 65000 | F33: =F34/(1+F32) -> 75833.333 | G33: =G34/(1+G32) -> 86666.667 | H33: =H34/(1+H32) -> 130000 | I33: =I34/(1+I32) -> 173333.33 | J33: =J34/(1+J32) -> 216666.67
A34: Jornal con FP | C34: =C13 -> 74947.778 | D34: =D13 -> 92096.222 | E34: =E13 -> 109244.67 | F34: =F13 -> 126393.11 | G34: =G13 -> 143541.56 | H34: =H13 -> 205781.33 | I34: =I13 -> 274375.11 | J34: =J13 -> 342968.89
A36: Notas:
A37: Código Sustantivo del Trabajo Artículo 133. Jornal y sueldo: “Se denomina jornal el salario estipulado por días, y sueldo el estipulado por períodos mayores.”
A38: Independientemente la forma de pago pactada con el trabajador, en ningún caso el trabajador puede devengar un salario inferior al salario mínimo legal establecido, teniendo en cuenta también que los aportes a seguridad social y las acreencias laborales se siguen causando ya que las formas de pago no infieren en el desconocimiento de los derechos ciertos e indiscutibles de los trabajadores.
A40: Pago SS por cada jornal a cargo del trabajador
A41: Salud | B41: 0.125 | C41: =C33*$B$41 -> 5416.6667 | D41: =D33*$B$41 -> 6770.8333 | E41: =E33*$B$41 -> 8125 | F41: =F33*$B$41 -> 9479.1667 | G41: =G33*$B$41 -> 10833.333 | H41: =H33*$B$41 -> 16250 | I41: =I33*$B$41 -> 21666.667 | J41: =J33*$B$41 -> 27083.333
A42: Pensión | B42: 0.16 | C42: =C33*$B$42 -> 6933.3333 | D42: =D33*$B$42 -> 8666.6667 | E42: =E33*$B$42 -> 10400 | F42: =F33*$B$42 -> 12133.333 | G42: =G33*$B$42 -> 13866.667 | H42: =H33*$B$42 -> 20800 | I42: =I33*$B$42 -> 27733.333 | J42: =J33*$B$42 -> 34666.667
A43: ARL | B43: =B18 -> 0.0696 | C43: =C33*$B$43 -> 3016 | D43: =D33*$B$43 -> 3770 | E43: =E33*$B$43 -> 4524 | F43: =F33*$B$43 -> 5278 | G43: =G33*$B$43 -> 6032 | H43: =H33*$B$43 -> 9048 | I43: =I33*$B$43 -> 12064 | J43: =J33*$B$43 -> 15080
A44: Pago a entidades SS | C44: =SUM(C41:C43) -> 15366 | D44: =SUM(D41:D43) -> 19207.5 | E44: =SUM(E41:E43) -> 23049 | F44: =SUM(F41:F43) -> 26890.5 | G44: =SUM(G41:G43) -> 30732 | H44: =SUM(H41:H43) -> 46098 | I44: =SUM(I41:I43) -> 61464 | J44: =SUM(J41:J43) -> 76830

Sheet Salarios
C1: SISTEMA DE GESTIÓN INTEGRAL - SGI | G1: Instructivo
C2: VALORES DE SALARIOS
C3: CÓDIGO: F-PGC-21 | E3: =Instructivo!G3 -> VERSIÓN: 04
A5: AÑO VIGENTE: | B5: 2022
A6: DECRETO NACIONAL: | B6: 961 del 22/08/2021.
A8: Salarios percibidos por el personal con vinculación laboral en la corporación, estos valores se utilizan únicamente para cuantificar el aporte en especie corporativo de su personal, en los casos que aplique.
A10: SALARIOS PERSONAL VINCULADO LABORALMENTE A LA CORPORACIÓN
A11: Cargo | B11: Salario mensual 2021 | C11: Proyección Salario mensual 2022 | D11: Salario mensual con factor prestacional | E11: Salario diario con factor prestacional | F11: Salario por hora con factor prestacional
A12: Asistencial 5 | B12: 908526 | C12: =B12*1.0726 -> 974484.99 | D12: =C12*1.67 -> 1627389.9 | E12: =D12/21 -> 77494.759 | F12: =E12/8.8 -> 8806.2226
A13: Asistencial 6 | B13: 956878 | C13: =B13*1.0726 -> 1026347.3 | D13: =C13*1.67 -> 1714000.1 | E13: =D13/21 -> 81619.051 | F13: =E13/8.8 -> 9274.8921
A14: Asistencial 7 | B14: 1047282 | C14: =B14*1.0726 -> 1123314.7 | D14: =C14*1.67 -> 1875935.5 | E14: =D14/21 -> 89330.262 | F14: =E14/8.8 -> 10151.166
A15: Asistencial 8 | B15: 1109674 | C15: =B15*1.0726 -> 1190236.3 | D15: =C15*1.67 -> 1987694.7 | E15: =D15/21 -> 94652.127 | F15: =E15/8.8 -> 10755.924
A16: Asistencial 9 | B16: 1180463 | C16: =B16*1.0726 -> 1266164.6 | D16: =C16*1.67 -> 2114494.9 | E16: =D16/21 -> 100690.23 | F16: =E16/8.8 -> 11442.072
A17: Asistencial 10 | B17: 1297465 | C17: =B17*1.0726 -> 1391661 | D17: =C17*1.67 -> 2324073.8 | E17: =D17/21 -> 110670.18 | F17: =E17/8.8 -> 12576.157
A18: Asistencial 11 | B18: 1400462 | C18: =B18*1.0726 -> 1502135.5 | D18: =C18*1.67 -> 2508566.4 | E18: =D18/21 -> 119455.54 | F18: =E18/8.8 -> 13574.493
A19: Asistencial 12 | B19: 1503729 | C19: =B19*1.0726 -> 1612899.7 | D19: =C19*1.67 -> 2693542.5 | E19: =D19/21 -> 128263.93 | F19: =E19/8.8 -> 14575.447
A20: Asistencial 13 | B20: 1552338 | C20: =B20*1.0726 -> 1665037.7 | D20: =C20*1.67 -> 2780613 | E20: =D20/21 -> 132410.14 | F20: =E20/8.8 -> 15046.607
A21: Asistencial 14 | B21: 1586345 | C21: =B21*1.0726 -> 1701513.6 | D21: =C21*1.67 -> 2841527.8 | E21: =D21/21 -> 135310.85 | F21: =E21/8.8 -> 15376.233
A22: Asistencial 15 | B22: 1635651 | C22: =B22*1.0726 -> 1754399.3 | D22: =C22*1.67 -> 2929846.8 | E22: =D22/21 -> 139516.51 | F22: =E22/8.8 -> 15854.149
A23: Asistencial 16 | B23: 1708377 | C23: =B23*1.0726 -> 1832405.2 | D23: =C23*1.67 -> 3060116.6 | E23: =D23/21 -> 145719.84 | F23: =E23/8.8 -> 16559.073
... A121: Directivo 28 | B121: 14825106 | C121: =B121*1.0726 -> 15901409 | D121: =C121*1.67 -> 26555353 | E121: =D121/21 -> 1264540.6 | F121: =E121/8.8 -> 143697.8

Sheet Alimentación
B1: SISTEMA DE GESTIÓN INTEGRAL - SGI | F1: Instructivo
B2: VALORES DE ALIMENTACIÓN
B3: CÓDIGO: F-PGC-21 | D3: =Instructivo!G3 -> VERSIÓN: 04
A5: AÑO VIGENTE: | B5: 2020
A6: MEMORANDO: | B6: 140-MEM2010-6732
A8: Relación de costos a considerar en actividades comunitarias de convenios, contratos o actividades propias y acogernos al: GU-FAF-03-Lineamientos Suministro Alimentacion Logistica Eventos
A10: DESAYUNO SERVIDO EN VAJILLA CUANDO SON EVENTOS QUE LA LAS PERSONAS LLEGAN DESDE TEMPRANO A UN EVENTO DE MAS DE SEIS HORAS | C10: COSTO | D10: OBSERVACIONES
A11: Arroz | C11: $ 10.000 a $12.000 | D11: El valor depende de la zona, el Bajo Cauca, Magadalena Medio y Nordeste minero son mas costosos que otras zonas
A12: Huevo revuelto o Chorizo o Salchichas
A13: Queso en bajo Cauca y Magdalena Medio o quesito en otras zonas
A14: Platano o Yuca en Bajo Cauca, Nordeste minero y Magdalena Medios o Tajadas en otras zonas
A15: Arepa
A16: Mantequilla o Suero en Bajo Cauca
A17: ALMUERZO O COMIDA SERVIDO EN VAJILLA RETORNABLE | C17: COSTO | D17: OBSERVACIONES
A18: Sopa o crema: Un plato sopero | C18: $ 15.000 a $18.000 | D18: El valor depende de la zona, el Bajo Cauca, Magadalena Medio y Nordeste minero son mas costosos que otras zonas
A19: Arroz: 150 gramos
A20: Acompañante: 80 gramos
A21: Proteico o carne en cocido: 100 gramos, en el caso de atender comunidades indigenas o afrocolombianas si se ofrece pescado debe ser entero frito o sudado nunca filete y si es pollo o gallina una presa nunca filete de pechuga.
A22: Verdura o ensalada: 80 gramos
A23: Arepa: 30 gramos
A24: Jugo de Fruta Natural: un Vaso de 12 onzas
A25: Postre: 30 gramos
A26: ALMUERZO TIPO FIAMBRE ENVUELTO EN HOJA Y AMARRADO CON CABUYA NATURAL cuando hay recorridos | C26: COSTO | D26: OBSERVACIONES
A27: Cereal: Arroz Blanco | C27: $ 15.000 a $18.000 | D27: El valor depende de la zona, el Bajo Cauca, Magadalena Medio y Nordeste minero son mas costosos que otras zonas
A28: Acompañante: Maduro, yuca y papa cocido o frito
A29: Proteico: Carne sofrita y Huevo cocido ó Chorizo, huevo y Chicharron
A30: Jugo de Fruta Natural: Jugo de mango, mora o tomate de árbol o guayaba o guandolo.
A31: Fruta de Mano: Banano criollo, Banano Bocadillo o Murrapo, Mandarina, Pera o Manzana
A32: Postre: Pastel de guayaba o arequipe
A33: REFRIGERIO CUANDO LA ACTIVIDAD DURA HASTA CUATRO HORAS Y NO SE DA ALMUERZO | C33: COSTO | D33: OBSERVACIONES
A34: Bebida: Jugo de fruta natural (mango, guayaba, mora o tomate de árbol) | C34: $ 8.000 | D34: El valor depende de la zona, el Bajo Cauca, Magadalena Medio y Nordeste minero son mas costosos que otras zonas
A35: Acompañante: Emparedado de Pan, Jamón, carnes frias, queso , lechuga y tomate
A36: Fruta Manzana o Pera
A37: Postre o chocolatina mediana
A38: REFRIGERIO EN LA MAÑANA CUANDO HAY DESAYUNO se recomienda fruta | C38: COSTO
A39: Fruta: mango, piña, papaya o melón en porción | C39: 2500
A40: REFRIGERIO EN LA TARDE | C40: COSTO
A41: Torta con Helado, Salpicón sin sandia y con helado, Yogur con cereal, Porción de Helado | C41: 4500
A42: REFRIGERIO DE LA MAÑANA O CUANDO LA ACTIVIDAD ES DE TODO EL DIA Y SE INCLUYEN DOS REFRIGERIOS | C42: COSTO
A43: Bebida: café con leche o chocolate UNA PORCION GRANDE = Taza | C43: $5.000 a $8.000
A44: Acompañanate: en la mañana o en la tarde segun los climas: Arepa GRANDE con quesito de 60 gramos, Empanadas grandes, Pastel de Pollo grande, Arepa de Huevo, Buñuelo dos unidades, Pandequeso dos unidades, en la tarde se puede ofrecer arroz con leche y quesito o mazamorra con bocadillo en taza grande, PORCIONES GRANDES
A45: Para el caso de atencion de eventos con Niñas y Niños se puede ofrecer
A46: PREPARACIONES PROPUESTAS | C46: COSTO | D46: OBSERVACIONES
A47: • Bebida: jugo de fruta natural, bebida con leche o bebida achocolatada. • Acompañante: Emparedado de jamón y queso. • Arroz con leche, quesito • Colada de avena y galletas con Mantequilla. • Ensalada de frutas con leche condensada • Salpicón con helado • Yogurt, banano y cereal • Chocolate con leche y pandequeso, buñuelos o empanadas • Malteada con torta • Pastel de Guayaba o arequipe con un vaso con leche. • Jugo de fruta natural con un perro pequeño o un pan salchicha • Palito de queso con bebida achocolatada. • Natilla con buñuelos. | C47: 40000 | D47: con este dinero alcanza para preparar refrigerios para 15 niños, tal como se describe en el listado
A49: ACTUALIZACIÓN DE VALORES
A50: Inflación | C50: NA | D50: 0.0161 | E50: 0.0562 | F50: 0.1312
A51: Año | C51: 2020 | D51: 2021 | E51: 2022 | F51: 2023
A52: Ítem | C52: Valor | D52: Valor | E52: Valor | F52: Valor
A53: DESAYUNO SERVIDO EN VAJILLA - Límite inferior | C53: 10000 | D53: =ROUND((C53*$D$50)+C53,-2) -> 10200 | E53: =ROUND((D53*$E$50)+D53,-2) -> 10800 | F53: =E53*$F$50+E53 -> 12216.96
A54: DESAYUNO SERVIDO EN VAJILLA - Límite superior | C54: 12000 | D54: =ROUND((C54*$D$50)+C54,-2) -> 12200 | E54: =ROUND((D54*$E$50)+D54,-2) -> 12900 | F54: =E54*$F$50+E54 -> 14592.48
A55: ALMUERZO O COMIDA SERVIDO EN VAJILLA RETORNABLE - Límite inferior | C55: 15000 | D55: =ROUND((C55*$D$50)+C55,-2) -> 15200 | E55: =ROUND((D55*$E$50)+D55,-2) -> 16100 | F55: =E55*$F$50+E55 -> 18212.32
A56: ALMUERZO O COMIDA SERVIDO EN VAJILLA RETORNABLE - Límite superior | C56: 18000 | D56: =ROUND((C56*$D$50)+C56,-2) -> 18300 | E56: =ROUND((D56*$E$50)+D56,-2) -> 19300 | F56: =E56*$F$50+E56 -> 21832.16
A57: ALMUERZO TIPO FIAMBRE - Límite inferior | C57: 15000 | D57: =ROUND((C57*$D$50)+C57,-2) -> 15200 | E57: =ROUND((D57*$E$50)+D57,-2) -> 16100 | F57: =E57*$F$50+E57 -> 18212.32
A58: ALMUERZO TIPO FIAMBRE - Límite superior | C58: 18000 | D58: =ROUND((C58*$D$50)+C58,-2) -> 18300 | E58: =ROUND((D58*$E$50)+D58,-2) -> 19300 | F58: =E58*$F$50+E58 -> 21832.16
A59: REFRIGERIO CUANDO LA ACTIVIDAD DURA HASTA CUATRO HORAS Y NO SE DA ALMUERZO | C59: 8000 | D59: =ROUND((C59*$D$50)+C59,-2) -> 8100 | E59: =ROUND((D59*$E$50)+D59,-2) -> 8600 | F59: =E59*$F$50+E59 -> 9728.32
A60: REFRIGERIO EN LA MAÑANA CUANDO HAY DESAYUNO se recomienda fruta | C60: 2500 | D60: =ROUND((C60*$D$50)+C60,-2) -> 2500 | E60: =ROUND((D60*$E$50)+D60,-2) -> 2600 | F60: =E60*$F$50+E60 -> 2941.12
A61: REFRIGERIO EN LA TARDE | C61: 4500 | D61: =ROUND((C61*$D$50)+C61,-2) -> 4600 | E61: =ROUND((D61*$E$50)+D61,-2) -> 4900 | F61: =E61*$F$50+E61 -> 5542.88
A62: REFRIGERIO DE LA MAÑANA O CUANDO LA ACTIVIDAD ES DE TODO EL DIA Y SE INCLUYEN DOS REFRIGERIOS - Límite inferior | C62: 5000 | D62: =ROUND((C62*$D$50)+C62,-2) -> 5100 | E62: =ROUND((D62*$E$50)+D62,-2) -> 5400 | F62: =E62*$F$50+E62 -> 6108.48
A63: REFRIGERIO DE LA MAÑANA O CUANDO LA ACTIVIDAD ES DE TODO EL DIA Y SE INCLUYEN DOS REFRIGERIOS - Límite superior | C63: 8000 | D63: =ROUND((C63*$D$50)+C63,-2) -> 8100 | E63: =ROUND((D63*$E$50)+D63,-2) -> 8600 | F63: =E63*$F$50+E63 -> 9728.32
A64: PREPARACIONES PROPUESTAS (15 niños) | C64: 40000 | D64: =ROUND((C64*$D$50)+C64,-2) -> 40600 | E64: =ROUND((D64*$E$50)+D64,-2) -> 42900 | F64: =E64*$F$50+E64 -> 48528.48
A66: Nota: En caso de las variables que se actualicen por parte de otras dependencias, la Subdirección Administrativa y Financiera actualizará la variable posterior a que la subdirección encargada emita el memorando, para estos casos, si hay cambio de vigencia (de un año a otro), se utilizará el valor que actualmente este establecido por memorando, actualizado con la inflación anual de la vigencia pasada, y redondeado a la centena más cercana.

Sheet Distintivos
B1: SISTEMA DE GESTIÓN INTEGRAL - SGI | D1: Instructivo
B2: VALORES DE DISTINTIVOS CORPORATIVOS
B3: CÓDIGO: F-PGC-21 | C3: =Instructivo!G3 -> VERSIÓN: 04
A5: AÑO VIGENTE: | B5: 2022
A6: MEMORANDO SUBDIRECCIÓN DE COMUNICACIONES: | B6: 040OC-MEM2204-3298
A8: ÍTEM | C8: VALOR (IVA incluido)
A9: Camisa tipo polo, color agua marina, con dos logos | C9: 61880
A10: Gorra color beige con dos logos | C10: 36780
A11: Pava con protector de cuello y ojales plásticos color beige, con dos logos | C11: 55880
A12: Camibuso color gris o azul oscuro en tela fresca liviana con dos logos | C12: 49600
A13: Camisa blanca manga larga con dos logos | C13: 89880
A14: Chaleco color beige con 4 bolsillos y cinta reflectiva | C14: 87880
A16: Nota: Es importante tener en cuenta que estos valores pueden variar por diferentes razones: número de logos, si éstos son estampados o impresos, tipos de tela, cantidad de prendas, por lo anterior se debe tomar el precio antes mencionado, como una referencia de valores aproximados.

Sheet Cuantías
B1: SISTEMA DE GESTIÓN INTEGRAL - SGI | D1: Instructivo
B2: CUANTÍAS PARA CONTRATAR
B3: CÓDIGO: F-PGC-21 | C3: =Instructivo!G3 -> VERSIÓN: 04
A5: AÑO VIGENTE: | B5: =Honorarios!B5 -> 2024
A6: CIRCULAR: | B6: 040-RES2301-12
A8: SMMLVC | B8: =Jornal!D7 -> 1300000
A9: Presupuesto corporativo | B9: 164026683397
A11: De conformidad con el literal b, artículo 2 de la Ley 1150 de 2007 adicionado por el artículo 274 de la Ley 1450 de 2011, en consonancia con lo dispuesto en el artículo 2.2.1.2.1.5.2 del Decreto 1082 de 2015; las cuantías para los diferentes procesos de selección que debe adelantar la Corporación quedarán de la siguiente manera:
A13: CUANTÍAS PARA CONTRATAR
A14: Modalidad | B14: Límite inferior | C14: Límite inferior
A15: Mínima cuantía | B15: 1 | C15: 45000000
A16: Menor cuantía | B16: 45000001 | C16: 450000000
A17: Licitación pública | B17: 450000001 | C17: En adelante

Sheet Apoyo
B1: SISTEMA DE GESTIÓN INTEGRAL - SGI | D1: Instructivo
B2: DOCUMENTOS DE APOYO
B3: CÓDIGO: F-PGC-21 | C3: =Instructivo!G3 -> VERSIÓN: 04
A5: NORMATIVIDAD
A6: Norma | B6: Fecha | C6: Título
A7: Ley 80 de 1993 | B7: 34270 | C7: Por la cual se expide el Estatuto General de Contratación de la Administración Pública
A8: Ley 816 de 2003 | B8: 37809 | C8: Por medio de la cual se apoya a la industria nacional a través de la contratación pública
A9: Ley 905 de 2004 | B9: 38201 | C9: Por medio de la cual se modifica la Ley 590 de 2000 sobre promoción del desarrollo de la micro, pequeña y mediana empresa colombiana y se dictan otras disposiciones
A10: Ley 1106 de 2006 | B10: 39053 | C10: Por medio de la cual se prorroga la vigencia de la Ley 418 de 1997 prorrogada y modificada por las Leyes 548 de 1999 y 782 de 2002 y se modifican algunas de sus disposiciones.
A11: Ley 1150 de 2007 | B11: 39279 | C11: Por medio de la cual se introducen medidas para la eficiencia y la transparencia en la Ley 80 de 1993 y se dictan otras disposiciones generales sobre la contratación con Recursos Públicos
A12: Ley 1697 de 2013 | B12: 41628 | C12: Por la cual se crea la estampilla Pro Universidad Nacional de Colombia y demás universidades estatales de Colombia.
A13: Ley 2022 de 2020 | B13: 44034 | C13: Por la cual modifica el artículo 4 de la ley 1882 de 2018 y se dictan otras disposiciones
A14: Decreto 4170 de 2011 | B14: 40850 | C14: Por el cual se crea la Agencia Nacional de Contratación Pública –Colombia Compra Eficiente–, se determinan sus objetivos y estructura.
A15: Decreto 1510 de 2013 | B15: 41472 | C15: Por el cual se reglamenta el sistema de compras y contratación pública.
A16: Decreto1082 de 2015 | B16: 42181 | C16: Por medio del cual se expide el decreto único reglamentario del sector administrativo de planeación nacional
A17: Decreto 310 de 2021 | B17: 44280 | C17: Por el cual se reglamenta el artículo 41 de la Ley 1955 de 2019, sobre las condiciones para implementar la obligatoriedad y aplicación de los Acuerdos Marco de Precios y se modifican los artículos 2.2.1.2.1.2.7. Y 2.2.1.2.1.2.12. del Decreto 1082 de 2015, Único Reglamentario del Sector Administrativo de Planeación Nacional
A18: Decreto 399 de 2021 | B18: 44299 | C18: Por el cual se modifican los artículos 2.2.1.1.2.1.1., 2.2.1.2.1.3.2. Y 2.2.1.2.3.1.14., Y se adicionan unos parágrafos transitorios a los artículos 2.2.1.1.1.5.2., 2.2.1.1.1.5.6. Y 2.2.1.1.1.6.2. del Decreto 1082 de 2015, Único Reglamentario del Sector Administrativo de Planeación Nacional
... A23: Decreto 442 de 2022 | B23: 44648 | C23: Por el cual se modifica el Decreto 1082 de 2015, Único Reglamentario del Sector Administrativo de Planeación Nacional, con el fin de reglamentar el artículo 36 de la Ley 2069 de 2020 en lo relativo a la promoción de las compras públicas de tecnología e innovación
A25: GUÍAS Y MANUALES (Colombia Compra Eficiente)
A26: Título | C26: Ruta
A27: Guía para Determinar y Verificar la Capacidad Residual del Proponente en los Procesos de Contratación de Obra Pública | C27: https://colombiacompra.gov.co/manuales-guias-y-pliegos-tipo/manuales-y-guias/guia-para-determinar-y-verificar-la-capacidad
A28: Guía para el manejo de ofertas artificialmente bajas en Procesos de Contratación | C28: https://colombiacompra.gov.co/manuales-guias-y-pliegos-tipo/manuales-y-guias/guia-para-el-manejo-de-ofertas-artificialmente-bajas
A29: Guía para la contratación con entidades privadas sin ánimo de lucro y de reconocida idoneidad | C29: https://colombiacompra.gov.co/sites/cce_public/files/cce_documents/cce_guia_esal.pdf
A30: Guía para la Elaboración de Estudios de Sector | C30: https://www.colombiacompra.gov.co/manuales-guias-y-pliegos-tipo/manuales-y-guias/guia-para-la-elaboracion-de-estudios-de-sector
A31: Manual para determinar y verificar los requisitos habilitantes en los Procesos de Contratación | C31: https://colombiacompra.gov.co/manuales-guias-y-pliegos-tipo/manuales-y-guias/manual-para-determinar-y-verificar-los-requisitos
A32: Para acceder a todos los manuales, guías y documentos tipo de Colombia Compra Eficiente, acceder a la ruta: https://colombiacompra.gov.co/manuales-guias-y-pliegos-tipo/manuales-y-guias
A34: CONCEPTOS
A35: Entidad | B35: Fecha | C35: Tema
A36: Colombia Compra Eficiente | B36: 43935 | C36: Trabajos materiales sobre bienes inmuebles (inmuebles por adhesión) como obra pública
A37: Consejo de Estado | B37: 43348 | C37: Los contratos de prestación de servicios de mantenimiento por arreglos locativos sobre bienes inmuebles son contratos de obra
A38: Contraloría general de Medellín | B38: 43634 | C38: Posición respecto el reconocimiento y pago de los recursos establecidos como imprevistos (I) y Administración (A)
A39: DIAN | B39: 44237 | C39: Obligación de expedir factura de venta en convenios
A41: DIRECTRICES INTERNAS
A42: Radicado | B42: Fecha | C42: Tema
A43: Resolución 1202 - 16601 | B43: 40940 | C43: Procedimiento interno para la conformación de los comités asesores y evaluadores
A44: MN-FAF-01 | B44: V 17 - 09/2018 | C44: Manual de contratación
A45: 180-MEM1902-1392 | B45: 43514 | C45: Lineamientos en materia de supervisión e interventoría de contratos tipo bolsa
A46: 180-MEM1905-4400 | B46: 43613 | C46: Obligaciones a tener en cuenta en los convenios suscritos por la corporación (apertura de cuenta de ahorros y reintegro de rendimientos financieros)
A47: 180-MEM2102-888 | B47: 44237 | C47: Conocimiento y aplicación de normas que modifican actuaciones en materia de contratación estatal
A48: 180-MEM2104-2897 | B48: 44312 | C48: Socialización concepto C-150 de 2021 - Contratación directa
A49: 180-MEM2110-7038 | B49: 44483 | C49: Reconocimiento de viáticos en los contratos de prestación de servicios con personas naturales

Sheet Obra&K
B1: SISTEMA DE GESTIÓN INTEGRAL - SGI | D1: Instructivo
B2: INFORMACIÓN PROCESOS DE OBRA PÚBLICA Y CAPACIDAD RESIDUAL (K)
B3: CÓDIGO: F-PGC-21 | C3: =Instructivo!G3 -> VERSIÓN: 04
A5: ¿Qué son los contratos de obra?
A6: El artículo 32 de la Ley 80 de 1993, establece, "Son contratos estatales todos los actos jurídicos generadores de obligaciones que celebren las entidades a que se refiere el presente estatuto, previstos en el derecho privado o en disposiciones especiales, o derivados del ejercicio de la autonomía de la voluntad, así como los que, a título enunciativo, se definen a continuación: 1°. Contrato de Obra. Son contratos de obra los que celebren las entidades estatales para la construcción, mantenimiento, instalación y, en general, para la realización de cualquier otro trabajo material sobre bienes inmuebles, cualquiera que sea la modalidad de ejecución y apoyo. En los contratos de obra que hayan sido celebrados como resultado de un proceso de licitación o públicos, la interventoría deberá ser contratada con una persona independiente de la entidad contratante y del contratista, quien responderá por los hechos y omisiones que le fueren imputables en los términos previstos en el artículo 53 del presente estatuto".
A7: Fuente: Ley 80 de 1993
A9: ¿Sobre qué tipos de bienes inmuebles aplican los contratos de obra pública?
A10: Los contratos de obra pública aplican sobre los siguientes tipos de bienes inmuebles,
A11: Inmuebles por naturaleza. Inmuebles o fincas o bienes raíces son las cosas que no pueden transportarse de un lugar a otro; como las tierras y minas, y las que adhieren permanentemente a ellas, como los edificios, los árboles, las casas y veredas se llaman predios o fundos.(Art. 656 Código civil)
A12: Inmuebles por adhesión. Las plantas son inmuebles, mientras adhieren al suelo por sus raíces, a menos que estén en macetas o cajones que puedan transportarse de un lugar a otro. (Art. 657 Código civil)
A13: Inmuebles por destinación. Se reputan inmuebles, aunque por su naturaleza no lo sean, las cosas que están permanentemente destinadas al uso, cultivo y beneficio de un inmueble, sin embargo, de que puedan separarse sin detrimento. Tales son, por ejemplo: Las losas de un pavimento, Los tubos de las cañerías, Los utensilios de labranza o minería, y los animales actualmente destinados al cultivo o beneficio de una finca, con tal que hayan sido puestos en ella por el dueño de la finca, Los abonos existentes en ella y destinados por el dueño de la finca a mejorarla, Las prensas, calderas, cubas, alambiques, toneles y máquinas que forman parte de un establecimiento industrial adherente al suelo y pertenecen al dueño de éste, Los animales que se guardan en conejeras, pajareras, estanques, colmenas y cualesquiera otros vivares, con tal que estos adhieran al suelo, o sean parte del suelo mismo o de un edificio. (Art. 658 Código civil)
A15: ¿La reforestación y el mantenimiento de plantaciones se consideran obra pública?
A16: El concepto de Colombia Compra Eficiente C-225 de 2020 con Radicado No: 2202013000002653, aclara en su parte motiva que la reforestación y el mantenimiento de plantaciones se consideran de obra pública por lo que una vez se siembran plantaciones, esto constituye un trabajo material sobre bien inmueble y una vez se tenga la siembra, adquiere la categoria de inmuebles por adhesion, esto según el artículo 656 y 657 del código civil.
A17: Fuente: 180-MEM2106-3887
A19: ¿Qué contribuciones especiales se dan en los contratos de obra pública?
... A37: Para determinar la capacidad residual (K) de contratación, para un proceso en especifíco, se recomienda: 1. Estudiar la guía de Colombia Compra Eficiente, dispuesta para ello, por medio de la ruta: https://colombiacompra.gov.co/manuales-guias-y-pliegos-tipo/manuales-y-guias/guia-para-determinar-y-verificar-la-capacidad 2. Utilizar el aplicativo para cálcular la capacidad residual (K) de contratación de Colombia Compra Eficiente, dispuesto para ello, el cual, se obtiene en la ruta: https://colombiacompra.gov.co/manuales-guias-y-pliegos-tipo/manuales-y-guias/aplicacion-para-establecer-la-capacidad-residual

Sheet Imp & garantías
B1: SISTEMA DE GESTIÓN INTEGRAL - SGI | F1: Instructivo
B2: IMPUESTOS Y GARANTÍAS
B3: CÓDIGO: F-PGC-21 | D3: =Instructivo!G3 -> VERSIÓN: 04
A5: IMPUESTOS
A6: A continuación, se encontrará una lista enunciativa de los impuestos en los que puede incurrir el ejecutor, los cuales dependen de la especificidad del proceso. Lista de carácter informativa en caso que se emitan consultas al respecto.
A7: Base para la aplicación de los impuestos | E7: 0
A8: Ítem | B8: Descripción | C8: Porcentaje | D8: Aplica (Si/No) | E8: Valor
A9: IMPUESTOS EN CONTRATOS
A10: Impuesto sobre la Renta | B10: Aplica para contratos celebrados con contribuyentes del impuesto sobre la renta | C10: 0.032 | E10: =IF(D10="SI",C10*$E$7,0) -> 0
A11: Impuesto de ICA y complementarios | B11: Aplica para contratos celebrados donde se materialice la realización de actividades industriales, de comercio y de servicio sometidos del impuesto de industria y comercio | C11: 0.0115 | E11: =IF(D11="SI",C11*$E$7,0) -> 0
A12: GMF 4x1000 | B12: Aplica para contratos donde el GMF no se asuma con cargos a rendimientos financieros generados que pertenezcan a la entidad | C12: 0.004 | E12: =IF(D12="SI",C12*$E$7,0) -> 0
A13: Contribución Especial de obra pública | B13: Aplica para contratos de obra pública celebrados directamente por la corporación y convenios con entidades públicas que deriven en un contrato de obra pública | C13: 0.05 | E13: =IF(D13="SI",C13*$E$7,0) -> 0
A14: Estampilla Pro UNAL | B14: Aplica para contratos de obra pública y conexos celebrados directamente por la corporación y convenios con entidades públicas de orden nacional que deriven en un contrato de obra pública | C14: 0 | E14: =IF(D14="SI",C14*$E$7,0) -> 0
A15: IMPUESTOS EN CONTRATOS | E15: =SUM(E10:E14) -> 0
A16: IMPUESTOS EN CONVENIOS CON ENTIDADES DE ORDEN NACIONAL
A17: Impuesto sobre la Renta | B17: Aplica para contratos celebrados con contribuyentes del impuesto sobre la renta | C17: 0.016 | E17: =IF(D17="SI",C17*$E$7,0) -> 0
A18: Impuesto de ICA y complementarios | B18: Aplica para contratos celebrados donde se materialice la realización de actividades industriales, de comercio y de servicio sometidos del impuesto de industria y comercio | C18: 0.0115 | E18: =IF(D18="SI",C18*$E$7,0) -> 0
A19: GMF 4x1000 (contratista) | B19: Aplica para convenios con entidades de orden departamental cuya ejecución requiera la contratación de operador externo adelantada directamente por el conveniante | C19: 0.004 | E19: =IF(D19="SI",C19*$E$7,0) -> 0
A20: Contribución Especial de obra pública | B20: Aplica para contratos de obra pública celebrados directamente por la corporación y convenios con entidades públicas que deriven en un contrato de obra pública | C20: 0.05 | E20: =IF(D20="SI",C20*$E$7,0) -> 0
A21: Estampilla Pro UNAL | B21: Aplica para contratos de obra pública y conexos celebrados directamente por la corporación y convenios con entidades públicas de orden nacional que deriven en un contrato de obra pública | C21: 0 | E21: =IF(D21="SI",C21*$E$7,0) -> 0
A22: Estampilla Politécnico JIC | B22: Aplica para contratos celebrados por la corporación con personas diferentes a las entidades oficiales, Juntas de Acción Comunal, etc | C22: 0.004 | E22: =IF(D22="SI",C22*$E$7,0) -> 0
A23: IMPUESTOS EN CONVENIOS CON ENTIDADES DE ORDEN NACIONAL | E23: =SUM(E17:E22) -> 0
A24: IMPUESTOS EN CONVENIOS CON ENTIDADES DE ORDEN DEPARTAMENTAL
A25: Impuesto sobre la Renta | B25: Aplica para contratos celebrados con contribuyentes del impuesto sobre la renta | C25: 0.016 | E25: =IF(D25="SI",C25*$E$7,0) -> 0
A26: Impuesto de ICA y complementarios | B26: Aplica para contratos celebrados donde se materialice la realización de actividades industriales, de comercio y de servicio sometidos del impuesto de industria y comercio | C26: 0.0115 | E26: =IF(D26="SI",C26*$E$7,0) -> 0
A27: GMF 4x1000 (contratista) | B27: Aplica para convenios con entidades de orden departamental cuya ejecución requiera la contratación de operador externo adelantada directamente por el conveniante | C27: 0.004 | E27: =IF(D27="SI",C27*$E$7,0) -> 0
A28: Contribución Especial de obra pública | B28: Aplica para contratos de obra pública celebrados directamente por la corporación y convenios con entidades públicas que deriven en un contrato de obra pública | C28: 0.05 | E28: =IF(D28="SI",C28*$E$7,0) -> 0
A29: Estampilla Bienestar del Adulto Mayor | B29: Aplica para convenios con entidades de orden departamental cuya ejecución requiera la contratación de operador externo adelantada directamente por la entidad territorial respectiva | C29: 0.02 | E29: =IF(D29="SI",C29*$E$7,0) -> 0
A30: Estampilla Politécnico JIC | B30: Aplica para contratos celebrados por la corporación con personas diferentes a las entidades oficiales, Juntas de Acción Comunal, etc | C30: 0.004 | E30: =IF(D30="SI",C30*$E$7,0) -> 0
A31: Estampilla Pro-Desarrollo | B31: Aplica para convenios con entidades de orden departamental cuya ejecución requiera la contratación de operador externo adelantada directamente por la entidad territorial respectiva | C31: 0.006 | E31: =IF(D31="SI",C31*$E$7,0) -> 0
A32: Estampilla Pro-Hospitales Públicos | B32: Aplica para convenios con entidades de orden departamental cuya ejecución requiera la contratación de operador externo adelantada directamente por la entidad territorial respectiva | C32: 0.01 | E32: =IF(D32="SI",C32*$E$7,0) -> 0
A33: Estampilla Pro-Institución UE | B33: Aplica para convenios con entidades de orden departamental cuya ejecución requiera la contratación de operador externo adelantada directamente por la entidad territorial respectiva | C33: 0.004 | E33: =IF(D33="SI",C33*$E$7,0) -> 0
A34: Estampilla Pro-Deporte y Recreación | B34: Aplica para convenios con entidades de orden departamental cuya ejecución requiera la contratación de operador externo adelantada directamente por la entidad territorial respectiva | C34: 0 | E34: =IF(D34="SI",C34*$E$7,0) -> 0
A35: IMPUESTOS EN CONVENIOS CON ENTIDADES DE ORDEN DEPARTAMENTAL | E35: =SUM(E25:E34) -> 0
A36: IMPUESTOS EN CONVENIOS CON ENTIDADES DE ORDEN MUNICIPAL
A37: Impuesto sobre la Renta | B37: Aplica para contratos celebrados con contribuyentes del impuesto sobre la renta | C37: 0.016 | E37: =IF(D37="SI",C37*$E$7,0) -> 0
A38: Impuesto de ICA y complementarios | B38: Aplica para contratos celebrados donde se materialice la realización de actividades industriales, de comercio y de servicio sometidos del impuesto de industria y comercio | C38: 0.0115 | E38: =IF(D38="SI",C38*$E$7,0) -> 0
A39: GMF 4x1000 (contratista) | B39: Aplica para convenios con entidades de orden departamental cuya ejecución requiera la contratación de operador externo adelantada directamente por el conveniante | C39: 0.004 | E39: =IF(D39="SI",C39*$E$7,0) -> 0
A40: Contribución Especial de obra pública | B40: Aplica para contratos de obra pública celebrados directamente por la corporación y convenios con entidades públicas que deriven en un contrato de obra pública | C40: 0.05 | E40: =IF(D40="SI",C40*$E$7,0) -> 0
A41: Estampilla Procultura | B41: Aplica para convenios con entidades de orden departamental cuya ejecución requiera la contratación de operador externo adelantada directamente por la entidad territorial respectiva | C41: 0 | E41: =IF(D41="SI",C41*$E$7,0) -> 0
A42: Estampilla Bienestar del Adulto Mayor | B42: Aplica para convenios con entidades de orden departamental cuya ejecución requiera la contratación de operador externo adelantada directamente por la entidad territorial respectiva | C42: 0 | E42: =IF(D42="SI",C42*$E$7,0) -> 0
A43: Estampilla Pro-Universidad de Antioquia | B43: Aplica para convenios con entidades de orden departamental cuya ejecución requiera la contratación de operador externo adelantada directamente por la entidad territorial respectiva | C43: 0 | E43: =IF(D43="SI",C43*$E$7,0) -> 0
A44: Estampilla Pro-hospital | B44: Aplica para convenios con entidades de orden departamental cuya ejecución requiera la contratación de operador externo adelantada directamente por la entidad territorial respectiva | C44: 0 | E44: =IF(D44="SI",C44*$E$7,0) -> 0
A45: Estampilla Pro-Deporte y Recreación | B45: Aplica para convenios con entidades de orden departamental cuya ejecución requiera la contratación de operador externo adelantada directamente por la entidad territorial respectiva | C45: 0 | E45: =IF(D45="SI",C45*$E$7,0) -> 0
A46: IMPUESTOS EN CONVENIOS CON ENTIDADES DE ORDEN MUNICIPAL | E46: =SUM(E37:E45) -> 0
A49: PÓLIZAS DE GARANTÍAS
A50: A continuación, se encontrará una lista enunciativa de las pólizas de garantías en las que puede incurrir el ejecutor, las cuales dependen de la especificidad del proceso. Lista de carácter informativa en caso que se emitan consultas al respecto.
A51: Ítem | C51: Descripción
A52: Seriedad de la oferta | C52: Desde la presentación de la oferta y hasta la aprobación de la garantía de cumplimiento.
A53: Cumplimiento | C53: Debe estar vigente como mínimo hasta la liquidación del contrato.
A54: Buen manejo y correcta inversión del anticipo | C54: Hasta la liquidación del contrato o hasta la amortización del anticipo, de acuerdo con lo que determine la Entidad Estatal.
A55: Pago anticipado | C55: Hasta la liquidación del contrato o hasta que la Entidad Estatal verifique el cumplimiento de todas las actividades o la entrega de todos los bienes o servicios asociados al pago anticipado.
A56: Pagos de salarios, prestaciones sociales legales e indemnizaciones laborales | C56: Debe estar vigente por el plazo del contrato y tres años más.
A57: Estabilidad y calidad de la obra | C57: Debe estar vigente por un término no inferior a cinco años contados a partir de la fecha en la cual la Entidad Estatal recibe a satisfacción la obra.
A58: Calidad del servicio | C58: La vigencia del amparo debe ser determinada por la Entidad Estatal de acuerdo con el objeto, el valor, la naturaleza y las obligaciones contenidas en el contrato.
A59: Calidad del servicio en contratos de interventoría | C59: La vigencia debe ser igual al plazo de la garantía de estabilidad y calidad de la obra del contrato principal.
A60: Calidad de bienes | C60: La vigencia del amparo debe ser determinada por la Entidad Estatal de acuerdo con el objeto, el valor, la naturaleza y las obligaciones contenidas en el contrato, la garantía mínima y los vicios ocultos.
A61: Responsabilidad civil extracontractual | C61: La vigencia de esta garantía deberá ser igual al período de ejecución del contrato.

Sheet A&PA
B1: SISTEMA DE GESTIÓN INTEGRAL - SGI | F1: Instructivo
B2: INFORMACIÓN ANTICIPOS Y PAGOS ANTICIPADOS | F2: Plan de ejecución física y de inversiones
B3: CÓDIGO: F-PGC-21 | D3: =Instructivo!G3 -> VERSIÓN: 04
A5: Consideración incial: La programación financiera debe ser coherente con la programación física, todo pago que no sea soportado en la ejecución física efectiva y certificada es un anticipo o pago anticipado.
A7: ¿Cuál es la diferencia entre el anticipo y el pago anticipado?
A8: El anticipo es un adelanto o avance del precio del contrato destinado a apalancar el cumplimiento de su objeto, de modo que los recursos girados por dicho concepto solo se integran al patrimonio del contratista en la medida que se cause su amortización mediante la ejecución de actividades programadas del contrato. El pago anticipado es un pago efectivo del precio de forma que los recursos se integran al patrimonio del contratista desde su desembolso.
A9: Fuente: https://colombiacompra.gov.co/ciudadanos/preguntas-frecuentes/ejecucion
A11: ¿Cuál es el manejo que se deben dar a los pagos anticipados y anticipos en la contratación estatal?
A12: Salvo casos excepcionales plenamente justificados y motivados, las entidades no pactarán pagos anticipados. Esta restricción no se aplicará al Sector de la Defensa Nacional. Para el caso de los anticipos se establece como criterio que la entrega de recursos se realice utilizando instrumentos financieros que aseguren el manejo transparente de los recursos y su destinación exclusiva al contrato. Deberá estipularse en los contratos estatales que la entidad pública contratante es la propietaria de los recursos entregados en calidad de anticipo y en consecuencia los rendimientos financieros que los mismos generen pertenecen al Tesoro.
A13: Fuente: Directiva presidencial 04 de 2003.
A15: ¿Cuál es el monto máximo en que se puede pactar el pago anticipado y la entrega del anticipo?
A16: En los contratos que celebren las entidades estatales se podrá pactar el pago anticipado y la entrega de anticipos, pero su monto no podrá exceder del cincuenta por ciento (50%) del valor del respectivo contrato. Los contratos no podrán adicionarse en más del cincuenta por ciento (50%) de su valor inicial, expresado este en salarios mínimos legales mensuales.
A17: Fuente: Parágrafo. Artículo 40°, Ley 80 de 1993.
A19: ¿Hay estipulaciones especiales para la entrega de anticipos?
A20: En los contratos de obra, concesión, salud, o los que se realicen por licitación pública, el contratista deberá constituir una fiducia o un patrimonio autónomo irrevocable para el manejo de los recursos que reciba a título de anticipo, con el fin de garantizar que dichos recursos se apliquen exclusivamente a la ejecución del contrato correspondiente, salvo que el contrato sea de menor o mínima cuantía. El costo de la comisión fiduciaria será cubierto directamente por el contratista. PARÁGRAFO . La información financiera y contable de la fiducia podrá ser consultada por los Organismos de Vigilancia y Control Fiscal.
... A25: Fuente: https://colombiacompra.gov.co/ciudadanos/preguntas-frecuentes/ejecucion

Sheet IVA
B1: SISTEMA DE GESTIÓN INTEGRAL - SGI | F1: Instructivo | G1: Memoria de cálculo opc 1 | H1: Gastos de adm
B2: INFORMACIÓN IVA | F2: Presupuesto contrato | G2: Memoria de cálculo opc 2
B3: CÓDIGO: F-PGC-21 | D3: =Instructivo!G3 -> VERSIÓN: 04 | F3: Presupuesto convenio | G3: Memoria de cálculo opc 3
A5: ¿Qué es el IVA?
A6: El impuesto sobre las ventas o Impuesto al Valor Agregado (IVA), es un impuesto de orden nacional, indirecto, de causación instantánea y de régimen general. Es un impuesto de orden nacional bajo el entendido que las reglas aplicables al impuesto se dan de forma similar en todo el territorio nacional. Es un impuesto indirecto, ya que no tiene en cuenta la capacidad económica de las personas, es decir, que no está relacionado con el poder adquisitivo de estas. El impuesto sobre las ventas es un impuesto de causación instantánea toda vez que este se genera en el momento en el que se cumple con el hecho generador; es decir, que la causación se da en el momento en que el que se realiza la operación. De manera general, grava la venta de bienes y la prestación de servicios.
A7: Fuente: Curso Fiscalización tributaria, aduanera, cambiaria e internacional - TACI, Universidad Sergio Arboleda - DIAN, 2021
A9: ¿Quiénes son responsables del IVA?
A10: Por regla general toda persona natural o jurídica que venda productos gravados con el Iva o preste servicios gravados con el Iva, es responsable del impuesto a las ventas. Si el contribuyente, persona natural o jurídica, vende productos o presta servicios que no están gravados con Iva, no son responsables del Iva. No obstante, hay excepciones estipuladas en el Art. 437 del Estatuto Tributario, el cual se cita en extenso,
A11: Art. 437. Los comerciantes y quienes realicen actos similares a los de ellos y los importadores son sujetos pasivos. Son responsables del impuesto: a. En las ventas, los comerciantes, cualquiera que sea la fase de los ciclos de producción y distribución en la que actúen y quienes sin poseer tal carácter, ejecuten habitualmente actos similares a los de aquellos. b. En las ventas de aerodinos, tanto los comerciantes como los vendedores ocasionales de éstos. c. Quienes presten servicios. d. Los importadores. e. Los contribuyentes pertenecientes al régimen común del impuesto sobre las ventas, cuando realicen compras o adquieran servicios gravados con personas pertenecientes al régimen simplificado, por el valor del impuesto retenido, sobre dichas transacciones.
A12: f. ** -Adicionado- Los contribuyentes pertenecientes al régimen común del Impuesto sobre las Ventas, por el impuesto causado en la compra o adquisición de los bienes y servicios gravados relacionados en el artículo 468-1, cuando estos sean enajenados o prestados por personas naturales no comerciantes que no se hayan inscrito en el régimen común del impuesto sobre las ventas. El impuesto causado en estas operaciones será asumido por el comprador o adquirente del régimen común, y deberá ser declarado y consignado en el mes correspondiente a la fecha del pago o abono en cuenta. El impuesto retenido podrá ser tratado como descontable en la forma prevista por los artículos 485, 485-1, 488 y 490 de este Estatuto. Sobre las operaciones previstas en este literal, cualquiera sea su cuantía, el adquirente emitirá al vendedor el documento equivalente a la factura, en los términos que señale el reglamento. Los consorcios y uniones temporales cuando en forma directa sean ellos quienes realicen actividades gravadas. La responsabilidad se extiende también a la venta de bienes corporales muebles aunque no se enajenen dentro del giro ordinario del negocio, pero respecto de cuya adquisición o importación se hubiere generado derecho al descuento.
A13: PAR. A las personas que pertenezcan al régimen simplificado, que vendan bienes o presten servicios, les esta prohibido adicionar al precio suma alguna por concepto del impuesto sobre las ventas. Si lo hicieren, deberán cumplir íntegramente con las obligaciones predicables de quienes pertenecen al régimen común.
A14: -Adionado- PARÁGRAFO 2. La Dirección de Impuestos y Aduanas Nacionales establecerá mediante resolución el procedimiento mediante el cual los prestadores de servicios desde el exterior cumplirán con sus obligaciones, entre ellas la de declarar y pagar, en su calidad de responsables cuando los servicios prestados se encuentren gravados. La Obligación aqui prevista solamente se hará exigible a partir del 1 de julio de 2018, salvo en aquellos casos previstos en el numeral 3 del artículo 437-2 de este Estatuto. Nota 1. Estas declaraciones podrán presentarse mediante un formulario, que permitirá liquidar la obligación tributaria en dólares convertida a pesos colombianos a latasa de cambio representativa de mercado –TRM del día de la declaración y pago. Las declaraciones presentadas sin pago total no producirán efecto, sin necesidad de acto administrativo que así lo declare. Los prestadores de servicios desde el exterior, sin residencia fiscal en Colombia, no estarán obligados a expedir factura o documento equivalente por laprestación de los servicios electrónicos o digitales. Lo anterior sin perjuicio de las facultades de la Dirección de Impuestos y Aduanas Nacionales -DIAN para establecer la obligación de facturar electrónicamente o de soportar las operaciones en un documento electrónico.
A15: Nota 1. PARÁGRAFO 3. Deberán registrarse como responsables del IVA quienes realicen actividades gravadas con el impuesto, con excepción de las personas naturales comerciantes y los artesanos, que sean minoristas o detallistas, los pequeños agricultores y los ganaderos, así como quienes presten servicios, siempre y cuando cumplan la totalidad de las siguientes condiciones: 1. Que en el año anterior o en el año en curso hubieren obtenido ingresos brutostotales provenientes de la actividad, inferiores a 3.500 UVT. 2. Que no tengan más de un establecimiento de comercio, oficina, sede, local onegocio donde ejerzan su actividad. 3. Que en el establecimiento de comercio, oficina, sede, local o negocio no sedesarrollen actividades bajo franquicia, concesión, regalía, autorización ocualquier otro sistema que implique la explotación de intangibles. 4. Que no sean usuarios aduaneros. 5. Que no hayan celebrado en el año inmediatamente anterior ni en el año encurso contratos de venta de bienes y/o prestación de servicios gravados porvalor individual, igual o superior a 3.500 UVT. 6. Que el monto de sus consignaciones bancarias, depósitos o inversionesfinancieras durante el año anterior o durante el respectivo año, provenientes deactividades gravadas con el impuesto sobre las ventas – IVA, no supere la sumade 3.500 UVT.
A16: Para la celebración de contratos de venta de bienes y/o de prestación deservicios gravados por cuantía individual y superior a 3.500 UVT, estas personas deberán inscribirse previamente como responsables del impuesto sobre lasventas –IVA, formalidad que deberá exigirse por el contratista para la procedencia de costos y deducciones. Lo anterior también será aplicable cuando un mismo contratista celebre varios contratos que superen la suma de 3.500 UVT. Los responsables del impuesto sólo podrán solicitar su retiro del régimen cuando demuestren que en el año fiscal anterior se cumplieron, las condiciones establecidas en la presente disposición. Cuando los no responsables realicen operaciones con los responsables del impuesto deberán registrar en el Registro Único Tributario -RUT su condición detales y entregar copia del mismo al adquirente de los bienes o servicios, en lostérminos señalados en el reglamento. Autorícese a la Dirección de Impuestos y Aduanas Nacionales –DIAN para adoptar medidas tendientes al control de la evasión, para lo cual podrá imponer obligaciones formales a los sujetos no responsables a que alude la presente disposición. De conformidad con el artículo 869 y siguientes de este Estatuto, la Dirección de Impuestos y Aduanas Nacionales –DIAN tiene la facultad de desconocer toda operación o serie de operaciones cuyo propósito sea inaplicar la presente disposición, como: (i) la cancelación injustificada de establecimientos de comercio para abrir uno nuevo con el mismo objeto o actividad y (ii) el fraccionamiento de la actividad empresarial en varios miembros de una familia para evitar la inscripción del prestador de los bienes y servicios gravados en elrégimen de responsabilidad del impuesto sobre las ventas -IVA. Para efectos de la inclusión de oficio como responsable del impuesto sobre las ventas -IVA, la Administración Tributaria también tendrá en cuenta los costos y gastos atribuibles a los bienes y servicios gravados, como arrendamientos, pagos por seguridad social y servicios públicos, y otra información que estádisponible en su sistema de información masiva y análisis de riesgo.
A17: Nota 1. Parágrafo 4. No serán responsables del impuesto sobre las ventas – IVA los contribuyentes del impuesto unificado bajo el Régimen Simple de Tributación -SIMPLE cuando únicamente desarrollen una o más actividades establecidas enel numeral 1 del artículo 908 del Estatuto Tributario. ***- Por el año 2022, tampoco serán responsables del impuesto sobre las ventas - IVA, los contribuyentes del impuesto unificado bajo el Régimen Simple de Tributación -SIMPLE cuando únicamente desarrollen actividades de expendio de comidas y bebidas de las que trata el numeral 4 del artículo 908 del Estatuto Tributario. Nota 1. Parágrafo 5. Los límites de que trata el parágrafo 3 de este artículo serán 4.000 UVT para aquellos prestadores de servicios personas naturales que derivan susingresos de contratos con el Estado.
... A100: Lo dispuesto en el presente parágrafo no aplica para las industrias de minería e hidrocarburos.

Sheet Notas PE
B1: SISTEMA DE GESTIÓN INTEGRAL - SGI | F1: Instructivo | G1: Propuesta económica Opc 1
B2: NOTAS PROPUESTA ECONÓMICA | G2: Propuesta económica Opc 2
B3: CÓDIGO: F-PGC-21 | D3: =Instructivo!G3 -> VERSIÓN: 04 | G3: Propuesta económica Opc 3
A5: A continuación, se encontrará una lista enunciativa de notas que pueden ser incluidas en el formato de propuesta económica, de acuerdo, a la especificidad del proceso. La elección de las notas es de responsabilidad del asesor(a) financiero(a), quien podrá contar con apoyo del asesor(a) técnico(a) y asesor(a) jurídico(a) del proceso, para llevar a cabo dicho cometido. En concordancia con las características del proceso, se podrán utilizar notas que no estén relacionadas en la siguiente lista enunciativa.
A7: Notas sobre diligenciamiento
A8: Nota: Este formato es inmodificable en cuanto a los ítems y las cantidades solicitadas.
A9: Nota: El proponente deberá establecer los valores unitarios de cada uno de los ítems y el valor total de conformidad con las cantidades solicitadas (espacios subrayados en gris). Será causal de rechazo no diligenciar o modificar, uno o varios de los ítems solicitados. Los valores deben estar acorde a las especificaciones técnicas de acuerdo a los Estudios previos del proceso.
A10: Nota: El proponente deberá establecer los valores unitarios, los valores totales (de conformidad con las cantidades solicitadas) y los subtotales para cada vigencia, al igual, que los valores que totalizan las vigencias (espacios subrayados en gris claro). Será causal de rechazo no diligenciar o modificar, uno o varios de los ítems solicitados. Los valores deben estar acorde a las especificaciones técnicas de acuerdo a los Estudios previos del proceso, y se deben expresar en números enteros o sin decimales.
A11: Nota: El presente formato también podrá ser diligenciado en formato Excel, en caso de presentarse la propuesta económica en ambos formatos sus cifras deberán ser coincidentes, so pena de rechazo.
A12: Nota: El formato 6 - PROPUESTA ECONÓMICA se debe presentar en archivo tipo Excel y pdf, si entre ellos existe alguna diferencia, primará el documento presentado en archivo pdf.
A13: Nota: El oferente deberá diligenciar los Valores unitarios del oferente antes de AU e IVA, para cada uno de los ítems ajustados al peso (redondear), bien sea por exceso o por defecto. Propuesta que en su formato no relacione el precio de los Valores unitarios del oferente antes de AU e IVA, será rechazada.
A14: Nota: En caso de modificaciones u omisiones por parte de los proponentes al presente formato, prevalecerá y sólo será válida la descripción y unidad que se detalla en el formato (incluidas las variaciones en atención a las modificaciones o adendas a las condiciones de contratación). En este sentido, cualquier variación en la descripción y unidad del Formato No. 6 presentado por el proponente, se entenderá como no escrita, prevaleciendo la descripción y unidad descritas en el dicho formato.
A15: Nota: El formato denominado Anexo 6 - Documento Estandarizado Propuesta Económica, es la tabla conformada por la oferta económica del proponente para xxxxxx y sus diferentes ítems, contemplados en el presupuesto oficial o Memoria de Cálculo del Formato FT-FAF-175, de la entidad para el presente proceso de contratación. Dichas actividades o ítems son las que han sido requeridas en el histórico de la entidad o en actividades previstas para la presente vigencia. La tabla esta compuesta por los siguientes capítulos, Subcapítulos y actividades: Capítulo 1. XXXXXXX (SUMA Subcapítulos A+B). Capítulo 2. - XXXXXXXX - A DEMANDA (precio no modificable por el oferente). En el caso del Capítulo 2, las actividades hacen parte de la bolsa de recursos descrita en la nota X, la cual se ejecutará A DEMANDA y cuyo valor no puede ser modificado por el oferente. Sin embargo, el oferente deberá ofertar los precios unitarios de las actividades incluidas en el formato, es decir, los ítems XX a XX del Subcapítulo X. VARIOS; y XX a XX del subcapitulo D. XXXXXXXXXXXXXXX La no presentación del valor unitario de una o varias de las actividades y costos consignados en este documento será causal de rechazo de la oferta. Igualmente cuando en la presentación de valores que, en caso de error del oferente, no se les pueda realizar una corrección aritmética sin afectar el valor de la oferta en contra de los demás oferentes. Asi mismo, será causal de rechazo cuando uno o varios de los valores unitarios ofertados de las tabla superen el X% de acuerdo con el precio establecido en el Formato FT-FAF-175, Presupuesto oficial o Memoria de Cálculo.
A17: Notas sobre estipulación de valores y porcentajes
A18: Nota: Los valores que se asignen en valores unitarios deberán sostenerse y demostrar su cumplimiento durante la ejecución del contrato.
... A40: Nota: Se habla de “AU” porque la Corporación no paga Imprevistos

Sheet CF&O
B1: SISTEMA DE GESTIÓN INTEGRAL - SGI | F1: Instructivo
B2: REQUISITOS HABILITANTES CAPACIDAD FINANCIERA Y ORGANIZACIONAL | F2: Verificación de requisitos habilitantes de los proponentes sobre capacidad financiera y organizacional
B3: CÓDIGO: F-PGC-21 | D3: =Instructivo!G3 -> VERSIÓN: 04
A5: REQUISITOS GENERALES
A7: REQUISITOS DE CAPACIDAD FINANCIERA GENERALES
A8: NOMBRE DEL INDICADOR | B8: VALORES MÍNIMOS EXIGIDOS
A9: Liquidez | B9: Debe demostrarse una liquidez MAYOR A UNO (1), expresado máximo con dos decimales, o el equivalente expresado en otra unidad.
A10: Nivel de Endeudamiento | B10: Debe demostrarse un endeudamiento MENOR O IGUAL AL SETENTA POR CIENTO (70%) expresado con dos decimales, o el equivalente expresado en otra unidad.
A11: Razón de Cobertura de Intereses | B11: Se deberá acreditar una razón de cobertura de intereses POSITIVA MAYOR O IGUAL a DOS (2), expresado con dos decimales, o el equivalente expresado en otra unidad. Nota: cuando el resultado en el RUP de indeterminado, el proponente cumple con el indicador.
A13: REQUISITOS DE CAPACIDAD ORGANIZACIONAL GENERALES
A14: NOMBRE DEL INDICADOR | B14: VALORES MÍNIMOS EXIGIDOS
A15: Rentabilidad del Patrimonio | B15: Los proponentes deberán presentar una Rentabilidad del Patrimonio MAYOR AL UNO PORCIENTO (1%), expresado con dos decimales, o el equivalente expresado en otra unidad.
A16: Rentabilidad del Activo | B16: Los proponentes deberán presentar una Rentabilidad del Activo MAYOR AL UNO PORCIENTO (1%), expresado con dos decimales, o el equivalente expresado en otra unidad.
A18: REQUISITOS DIFERENCIALES
A19: En virtud del Decreto 1082 de 2015, artículos 2.2.1.2.4.2.15. y 2.2.1.2.4.2.18, donde se estipula,
A20: ARTÍCULO 2.2.1.2.4.2.15. Criterios diferenciales para emprendimientos y empresas de mujeres en el sistema de compras públicas. En los procesos de licitación pública, selección abreviada de menor cuantía y concurso de méritos, así como en los procesos competitivos que adelanten las Entidades Estatales no sometidas al Estatuto General de Contratación de la Administración Pública, las Entidades incluirán condiciones habilitantes para incentivar los emprendimientos y empresas de mujeres con domicilio en el territorio nacional. Para el efecto, los Documentos del Proceso deberán incorporar requisitos habilitantes diferenciales relacionados con alguno o algunos de los siguientes aspectos: 1. Tiempo de experiencia. 2. Número de contratos para la acreditación de la experiencia. 3. Índices de capacidad financiera. 4. Índices de capacidad organizacional. 5. Valor de la garantía de seriedad de la oferta.
A21: Los requisitos mencionados deberán fijarse respetando las condiciones habilitantes requeridas para el cumplimiento adecuado del contrato, teniendo en cuenta el alcance de las obligaciones. En desarrollo de lo anterior, con la finalidad de beneficiar a las empresas y emprendimientos de mujeres, se establecerán condiciones más exigentes respecto a alguno o algunos de los criterios de participación antes enunciados frente a los demás proponentes que concurran al procedimiento de selección que no sean empresas o emprendimientos de mujeres. De manera que no se ponga en riesgo el cumplimiento adecuado del objeto contractual, con excepción de los procedimientos donde el menor precio ofrecido sea el único factor de evaluación, las Entidades también otorgarán un puntaje adicional de hasta el cero punto veinticinco por ciento (0.25%) del valor total de los puntos establecidos en los pliegos de condiciones o documentos equivalentes, a los proponentes que acrediten alguno de los supuestos del artículo 2.2.1.2.4.2.14 del presente Decreto. Las Entidades incluirán estos requisitos diferenciales y puntajes adicionales de acuerdo con los resultados del análisis del sector, desde la perspectiva del estudio de la oferta de las obras, bienes o servicios que requiere, sin perjuicio de los compromisos adquiridos por Colombia en los Acuerdos Comerciales vigentes.
A22: PARÁGRAFO 1. Tratándose de proponentes plurales, los criterios diferenciales y los puntajes adicionales solo se aplicarán si por lo menos uno de los integrantes acredita que es emprendimiento y empresa de mujeres bajo los criterios dispuestos en el artículo precedente y que tiene una participación igual o superior al diez por ciento (10%) en el consorcio o la unión temporal. PARÁGRAFO 2. Los incentivos contractuales para las empresas y emprendimientos de mujeres no excluyen la aplicación de los criterios diferenciales para Mipyme en el sistema de compras públicas. (Adicionado por el Art. 3 del Decreto 1860 de 2021)
A23: ARTÍCULO 2.2.1.2.4.2.18. Criterios diferenciales para Mipyme en el sistema de compras públicas. De acuerdo con el numeral 1 del artículo 12 de la Ley 590 de 2000, según los resultados del análisis del sector, las Entidades Estatales indistintamente de su régimen de contratación, los patrimonios autónomos constituidos por Entidades Estatales y los particulares que ejecuten recursos públicos establecerán condiciones habilitantes diferenciales que promuevan y faciliten la participación en los procedimientos de selección competitivos de las Mipyme domiciliadas en Colombia. Para el efecto, en función de los criterios de clasificación empresarial, los Documentos del Proceso deberán incorporar requisitos habilitantes diferenciales relacionados con alguno o algunos de los siguientes aspectos: 1. Tiempo de experiencia. 2. Número de contratos para la acreditación de la experiencia. 3. Índices de capacidad financiera. 4. Índices de capacidad organizacional. 5. Valor de la garantía de seriedad de la oferta.
A24: Los requisitos mencionados deberán fijarse respetando las condiciones habilitantes requeridas para el cumplimiento adecuado del contrato, teniendo en cuenta el alcance de las obligaciones. En desarrollo de lo anterior, con la finalidad de beneficiar a las Mipyme, se establecerán condiciones más exigentes respecto a alguno o algunos de los criterios de participación antes enunciados frente a los demás proponentes que concurran al procedimiento de selección que no sean Mipyme. Con excepción de los procedimientos de selección abreviada por subasta inversa y de mínima cuantía, las entidades sometidas al Estatuto General de Contratación de la Administración Pública, teniendo en cuenta los criterios de clasificación empresarial, podrán establecer puntajes adicionales para Mipyme. En ningún caso, estos podrán superar el cero punto veinticinco por ciento (0.25%) del total de los puntos establecidos en el pliego de condiciones.
A25: PARÁGRAFO 1. Para los efectos de este artículo, los criterios de clasificación empresarial son los definidos en el artículo 2.2.1.13.2.2 del Decreto 1074 de 2015, Único Reglamentario del Sector Comercio, Industria y Turismo, o la norma que lo modifique, derogue o sustituya. PARÁGRAFO 2. Tratándose de proponentes plurales, los criterios diferenciales y los puntajes adicionales solo se aplicarán si por lo menos uno de los integrantes acredita la calidad de Mipyme y tiene una participación igual o superior al diez por ciento (10%) en el consorcio o la unión temporal. PARÁGRAFO 3. Lo previsto en esta norma aplica sin perjuicio de lo dispuesto en los Acuerdos Comerciales suscritos por el Estado colombiano, pero no rige en las convocatorias limitadas que se realicen conforme a los artículos 2.2.1.2.4.2.2 y 2.2.1.2.4.2.3 de este Decreto." (Adicionado por el Art. 3 del Decreto 1860 de 2021)
A26: Se determinan los siguientes requisitos diferenciales, exclusivamente para las unidades económicas que cumplan con lo estipulado en los artículos 2.2.1.2.4.2.14 (Definición de emprendimientos y empresas de mujeres), 2.2.1.2.4.2.15 (Criterios diferenciales para emprendimientos y empresas de mujeres en el sistema de compras públicas) y 2.2.1.2.4.2.18 (Criterios diferenciales para Mipyme en el sistema de compras públicas) del Decreto 1082 de 2015, los demás proponentes deberán sujetarse a los requisitos generales de capacidad financiera y organizacional determinados para el proceso contractual.
A28: REQUISITOS DE CAPACIDAD FINANCIERA DIFERENCIALES
A29: NOMBRE DEL INDICADOR | B29: VALORES MÍNIMOS EXIGIDOS
A30: Liquidez | B30: Debe demostrarse una liquidez MAYOR A UNO (1), expresado máximo con dos decimales, o el equivalente expresado en otra unidad.
A31: Nivel de Endeudamiento | B31: Debe demostrarse un endeudamiento MENOR O IGUAL AL OCHENTA POR CIENTO (80%) expresado con dos decimales, o el equivalente expresado en otra unidad.
A32: Razón de Cobertura de Intereses | B32: Se deberá acreditar una razón de cobertura de intereses POSITIVA MAYOR O IGUAL a UNO PUNTO CINCO (1,50), expresado con dos decimales, o el equivalente expresado en otra unidad. Nota: cuando el resultado en el RUP de indeterminado, el proponente cumple con el indicador.
A34: REQUISITOS DE CAPACIDAD ORGANIZACIONAL DIFERENCIALES
A35: NOMBRE DEL INDICADOR | B35: VALORES MÍNIMOS EXIGIDOS
A36: Rentabilidad del Patrimonio | B36: Los proponentes deberán presentar una Rentabilidad del Patrimonio MAYOR O IGUAL AL CERO PUNTO CINCO PORCIENTO (0,50%), expresado con dos decimales, o el equivalente expresado en otra unidad.
A37: Rentabilidad del Activo | B37: Los proponentes deberán presentar una Rentabilidad del Activo MAYOR O IGUAL AL CERO PUNTO CINCO PORCIENTO (0,50%), expresado con dos decimales, o el equivalente expresado en otra unidad.
A39: VERIFICACIÓN DE REQUISITOS HABILITANTES DE CAPACIDAD FINANCIERA Y ORGANIZACIONAL CONTENIDA EN EL RUP EN FIRME
A41: Para el presente proceso de contratación los indicadores financieros y organizacionales de los PROPONENTES PLURALES se calcularán de acuerdo a lo establecido en la Opción 2, Capítulo VII del manual Colombia Compra Eficiente. La capacidad financiera y organizacional se tomará directamente del Registro Único de Proponentes – RUP. A partir del 1 de junio de 2021, para efectos de la inscripción en el Registro Único de Proponentes, el interesado reportará la información contable de que tratan los numerales 1.3 y 2.3 del artículo 1° del Decreto 579 de 2021, correspondiente a los últimos tres (3) años fiscales anteriores al respectivo acto. En aquellos eventos en que el proponente no tenga la antigüedad suficiente para aportar la información financiera correspondiente a los tres (3) años descritos en el inciso anterior, podrá acreditar dicha información desde su primer cierre fiscal. De conformidad con los parágrafos transitorios de los artículos 2.2.1.1.1.5.2. y 2.2.1.1.1.5.6., y en desarrollo del deber de análisis de las Entidades Estatales, de que trata el artículo 2.2.1.1.1.6.1. del Decreto 579 de 2021, a partir del 1 de julio de 2021 las Entidades Estatales establecerán y evaluarán los requisitos habilitantes de capacidad financiera y organizacional teniendo en cuenta la información que conste en el Registro Único de Proponentes. En todo caso, se establecerán indicadores proporcionales al procedimiento de contratación. Para ello, atendiendo a las condiciones aludidas, en relación con los indicadores de la capacidad financiera y organizacional, de los procesos de selección cuyo acto administrativo de apertura o invitación se publique a partir del 1 de julio de 2021, se tendrá en cuenta la información vigente y en firme en el RUP, por lo que las Entidades Estatales evaluarán estos indicadores, teniendo en cuenta el mejor año fiscal que se refleje en el registro de cada proponente.
A42: El resultado de la verificación de los Indicadores de capacidad financiera y organizacional de los proponentes se expresará de acuerdo a lo siguiente: CUMPLE: Si la totalidad de los indicadores presentados por el proponente en el RUP guardan correspondencia con los mínimos exigidos por la CORPORACIÓN. NO CUMPLE: Cuando al menos uno de los indicadores presentados por el proponente en el RUP no guardan correspondencia con los mínimos exigidos por la CORPORACIÓN.

Sheet Ayuda honorarios
B1: SISTEMA DE GESTIÓN INTEGRAL - SGI
B2: VALORES DE HONORARIOS (PRESTADORES DE SERVICIOS)
B3: =Instructivo!C3 -> CÓDIGO: F-PGC-21 | D3: =Instructivo!G3 -> VERSIÓN: 04
A5: Esta hoja es informativo para que el Técnico y Supervisor conozca cual sería el valor base en caso que bajo cuenta y riesgo del contratista o conveniante decida cambiar la modalidad de contratación de prestación de servicios a laboral. Que para efectos metodologicos se calcula un factor prestacional que garantice que los recursos asignados contenga las prestaciones mínimas establecidas en el regímen salarial Colombiano y por tanto se genera una base sobre la cual sería el contrato laboral que haría el ejecutor del contrato. Sin que esto solidarice a la Corporación con el vinculo que se genera entre el Contratista que suscribe el contrato con Corantioquia y el contratista del contrato derivado.
A8: AÑO VIGENTE: | B8: 2023
A9: MEMORANDO: | B9: 190-MEM2212-9506
A11: Nivel Académico Requerido | B11: Valor unitario base | C11: Factor prestacional | D11: Valor mes Honorarios
A12: Bachiller | B12: 1242243.9 | C12: 1.71 | D12: =ROUND('Ayuda honorarios'!B12*C12,-3) -> 2124000
A13: Técnico (*) | B13: 2126506 | C13: 1.66 | D13: =ROUND('Ayuda honorarios'!B13*C13,-3) -> 3530000
A14: Tecnólogo sin experiencia | B14: 2263291.1 | C14: 1.58 | D14: =ROUND('Ayuda honorarios'!B14*C14,-3) -> 3576000
A15: Tecnólogo con experiencia | B15: 2625316.5 | C15: 1.58 | D15: =ROUND('Ayuda honorarios'!B15*C15,-3) -> 4148000
A16: Profesional sin experiencia | B16: 2798101.3 | C16: 1.58 | D16: =ROUND('Ayuda honorarios'!B16*C16,-3) -> 4421000
A17: Profesional con experiencia | B17: 4115189.9 | C17: 1.58 | D17: =ROUND('Ayuda honorarios'!B17*C17,-3) -> 6502000
A18: Coordinador de proyecto | B18: 4936708.9 | C18: 1.58 | D18: =ROUND('Ayuda honorarios'!B18*C18,-3) -> 7800000
A20: Nota: El factor prestacional solo se establece con fines metodológicos para establecer un valor comparativo en caso que el ejecutor del proceso contractual no realice una contratación civil, sino una contratación laboral.
A22: DISCRIMINACIÓN DEL FACTOR PRESTACIONAL
A24: AÑO VIGENTE | B24: 2023
A25: SMMLVC | B25: 1160000
A26: AUX TRANSPORTE MENSUAL | B26: 140606
A28: ÍTEM | B28: ANÁLISIS MÁS DE 2 SMMLV (%) | C28: FUNDAMENTOS LEGALES
A29: Seguridad Social
A30: Salud (EPS) - Empleador | B30: 0.085
A31: Pensión - Empleador | B31: 0.12
A32: ARL - Riesgo V | B32: 0.0696
A33: Parafiscales
A34: Caja de compensación | B34: 0.04 | C34: Ley 21 de 1982
A35: ICBF | B35: 0.03 | C35: Ley 89 de 1988
A36: Sena | B36: 0.02 | C36: Ley 119 de 1994
A37: Prestaciones sociales
A38: Cesantías | B38: 0.083333333 | C38: Artículo 249 y ss del CST
A39: Intereses de cesantías | B39: =12%*B38 -> 0.01 | C39: Artículo 249 y ss del CST
A40: Prima de servicios | B40: 0.083333333 | C40: Artículo 307 del CST
A41: Vacaciones | B41: =B38/2 -> 0.041666667 | C41: Artículo 86 del CST
A42: Total Factor Prestacional | B42: =ROUND(SUM(B30:B41),2) -> 0.58
A44: Nivel Académico Requerido | B44: Bachiller | C44: Técnico
A45: Base SMMMLV | B45: =B12/B25 -> 1.0708999 | C45: =B13/B25 -> 1.8331948
A46: Auxilio de transporte % Valor | B46: ='Ayuda honorarios'!$B$26/'Ayuda honorarios'!B12 -> 0.11318711 | C46: =B26/B13 -> 0.066120669
A47: Cesantías | B47: =B46*B38 -> 0.0094322592 | C47: =C46*B38 -> 0.0055100557
A48: Intereses de cesantías | B48: =B47*12% -> 0.0011318711 | C48: =C47*12% -> 0.00066120669
A49: Prima de servicios | B49: =B47 -> 0.0094322592 | C49: =C47 -> 0.0055100557
A50: Total | B50: =ROUND(SUM(B46:B49)+B42,2) -> 0.71 | C50: =ROUND(SUM(C46:C49)+B42,2) -> 0.66
A51: El auxilio de transporte y sus debidas prestaciones solo se reconocen a los trabajadores que devenguen hasta 2 SMMLVC
